Workbook

Sheet Forside
B1: Budsjetteringsmaler Universitetet i Oslo
B2: Velg type mal i nedtrekksmenyene under og faner vises automatisk
B3: Kategorisering
B4: Oppdrag
B6: Søknadstype - oppdrag
B7: Konferansebudsjett
B9: Søknadstype - bidrag
B10: Ordinære NFR prosjekter
A40: 45314

Sheet Registrering
A2: Prosjektinformasjon
A3: Prosjekttittel*
A4: Prosjektleder*
A5: Prosjekteier *
A6: Navn på enhet*
A7: Etterutdanning eller videreutdanning? | B7: Videreutdanning
A8: Prosjektnummer (om opprettet)
A9: Saksnummer i ephorte (om opprettet)
A10: Hvis videreutdanning: | B10: Deltakerbetaling (100%)
A11: Prosjektperiode
A12: Prosjektstart (dd.mm.år)*
A13: Prosjektets (avtaleperioden) start*
A14: Prosjektets (avtaleperioden) slutt*
A15: Prosjektslutt (dd.mm.år)
A16: Informasjon om finansiering
A17: Antall studenter | J17: Totalt antall studiepoeng | K17: Overhead per studiepoeng | L17: Overhead totale studiepoeng | M17: Antall helårsekvivalenter
A18: Studiepoeng | J18: =B17*B18 -> 0 | K18: 804 | L18: =K18*J18 -> 0 | M18: =J18/60 -> 0
A19: Finansieringskategori
A21: Prosjekttype (overheadkostnader)* | B21: Prosjekter som foregår i UiOs lokaler
A22: Rebudsjettering
A23: Beskrivelse av endringer
A28: Fra når gjelder rebudsjetteringene
A29: Ny sluttdato
A30: Oppdrag
A31: Påslag uforutsette hendelser (%)
A32: Påslag fortjeneste (%)
A33: Merverdiavgift
A34: Hvis ikke merverdiavgift, angi årsak
A36: Konferanser
A37: Antall betalende deltakere
A38: Antall deltakere hvor UiO har utlegg (forutsetter like utlegg)
... A40: Subsidiering (NB: husk å trekke ut mva- grunnlaget)
A41: Påslag for indirekte kostnader | B41: 0.4
A42: Satser for indirekte kostnader på undervisning | B42: Vitenskapelig | E42: Teknisk/administrativ
B43: 501000 | E43: 173000
A44: Pris- lønnsjustering
A45: Årlig lønnsjustering i hele prosjektperioden | B45: Ja
B46: 2026 | E46: 2027 | J46: 2028 og fremover
A47: Årlig lønnsjustering i hele prosjektperioden | B47: 0.035 | E47: =Tabeller!L32 -> 0.035 | J47: 0.035

Sheet Budsjett
A1: Alle beløp er angitt i hele kroner | C1: Prosjekttittel: | D1: =Registrering!B3 -> 0 | BC1: LØNNS- OG DRIFTSKOSTNADER | BI1: =#REF!*J64 -> #REF! | BQ1: OVERHEADKOSTNADER | CE1: Omregnet timer til årsverk | CS1: Eksternt finansiert overhead | DH1: Internt finansiert overhead | DW1: Ekstern finansiering | EM1: NFR | FC1: Private | FS1: Internasjonale | GI1: Offentlige | GZ1: Egenandel | HQ1: Overhead i henhold til TDI
J3: TIMER (Ett årsverk utgjør 1628 timer) | FC3: =EM3 -> 0 | FS3: =FC3 -> 0 | GI3: =FS3 -> 0 | GZ3: =GI3 -> 0
B4: Frikjøp av eksisterende ansatte | C4: Lønn og sos. kostn. | D4: Indirekte kostnader | E4: Totalt | F4: Årsv | G4: Finansiør | H4: Årslønn | I4: Navn | J4: =Tabeller!D1 -> 2025 | K4: =J4+1 -> 2026 | L4: =K4+1 -> 2027 | M4: =L4+1 -> 2028 | N4: =M4+1 -> 2029 | O4: =N4+1 -> 2030 | P4: =O4+1 -> 2031 | Q4: =P4+1 -> 2032 | R4: =Q4+1 -> 2033 | ... V4: =U4+1 -> 2037 | AR4: Bruttolønn | AS4: inkl lønnsv. | AT4: Lønn | AU4: Feriep | AV4: AGA | AW4: Pensjon | AX4: inkl sos.avg. | AY4: inkl. ind.kost. | AZ4: Timesats | BC4: =J4 -> 2025 | BD4: =K4 -> 2026 | BE4: =L4 -> 2027 | BF4: =M4 -> 2028 | BG4: =N4 -> 2029 | BH4: =O4 -> 2030 | BI4: =P4 -> 2031 | BJ4: =Q4 -> 2032 | ... BO4: =V4 -> 2037 | BQ4: =BC4 -> 2025 | BR4: =BD4 -> 2026 | BS4: =BE4 -> 2027 | BT4: =BF4 -> 2028 | BU4: =BG4 -> 2029 | BV4: =BH4 -> 2030 | BW4: =BI4 -> 2031 | BX4: =BJ4 -> 2032 | ... CC4: =BO4 -> 2037 | CE4: =BC4 -> 2025 | CF4: =BD4 -> 2026 | CG4: =BE4 -> 2027 | CH4: =BF4 -> 2028 | CI4: =BG4 -> 2029 | CJ4: =BH4 -> 2030 | CK4: =BI4 -> 2031 | CL4: =BJ4 -> 2032 | ... CQ4: =BO4 -> 2037 | CS4: =BQ4 -> 2025 | CT4: =BR4 -> 2026 | CU4: =BS4 -> 2027 | CV4: =BT4 -> 2028 | CW4: =BU4 -> 2029 | CX4: =BV4 -> 2030 | CY4: =BW4 -> 2031 | CZ4: =BX4 -> 2032 | ... DE4: =CC4 -> 2037 | DH4: =DW4 -> 2025 | DI4: =DX4 -> 2026 | DJ4: =DY4 -> 2027 | DK4: =DZ4 -> 2028 | DL4: =EA4 -> 2029 | DM4: =EB4 -> 2030 | DN4: =EC4 -> 2031 | DO4: =ED4 -> 2032 | ... DT4: =EI4 -> 2037 | DW4: =CS4 -> 2025 | DX4: =CT4 -> 2026 | DY4: =CU4 -> 2027 | DZ4: =CV4 -> 2028 | EA4: =CW4 -> 2029 | EB4: =CX4 -> 2030 | EC4: =CY4 -> 2031 | ED4: =CZ4 -> 2032 | ... EI4: =DE4 -> 2037 | EJ4: Totalt | EN4: =CS4 -> 2025 | EO4: =CT4 -> 2026 | EP4: =CU4 -> 2027 | EQ4: =CV4 -> 2028 | ER4: =CW4 -> 2029 | ES4: =CX4 -> 2030 | ET4: =CY4 -> 2031 | EU4: =CZ4 -> 2032 | ... EZ4: =DE4 -> 2037 | FA4: = | FC4: =EM4 -> 0 | FD4: = | FE4: = | FF4: = | FG4: = | FH4: = | FI4: = | FJ4: = | FK4: = | FL4: = | FM4: = | FN4: = | FO4: = | FP4: = | FQ4: = | FS4: =FC4 -> 0 | FT4: = | FU4: = | FV4: = | FW4: = | FX4: = | FY4: = | FZ4: = | GA4: = | GB4: = | GC4: = | GD4: = | GE4: = | GF4: = | GG4: = | GI4: =FS4 -> 0 | GJ4: = | GK4: = | GL4: = | GM4: = | GN4: = | GO4: = | GP4: = | GQ4: = | GR4: = | GS4: = | GT4: = | GU4: = | GV4: = | GW4: = | GZ4: =GI4 -> 0 | HA4: = | HB4: = | HC4: = | HD4: = | HE4: = | HF4: = | HG4: = | HH4: = | HI4: = | HJ4: = | HK4: = | HL4: = | HM4: = | HN4: = | HQ4: =BC4 -> 2025 | HR4: =BD4 -> 2026 | HS4: =BE4 -> 2027 | HT4: =BF4 -> 2028 | HU4: =BG4 -> 2029 | HV4: =BH4 -> 2030 | HW4: =BI4 -> 2031 | HX4: =BJ4 -> 2032 | ... IC4: =BO4 -> 2037
C5: =SUM(BC5:BO5) -> 0 | D5: =SUM(BQ5:CC5) -> 0 | E5: =SUM(C5:D5) -> 0 | F5: =SUM(J5:V5)/Tabeller!H$5 -> 0 | AR5: =H5 -> 0 | AS5: =AR5*Tabeller!$I$35 -> 0 | AT5: =IF(AR5>0,(AS5-400)/52*47,0) -> 0 | AU5: =AT5*Tabeller!$H$26 -> 0 | AV5: =SUM(AT5:AU5,AW5)*Tabeller!$H$28 -> 0 | AW5: =AS5*Tabeller!$H$27 -> 0 | AX5: =SUM(AT5:AW5) -> 0 | AY5: =AX5+(IF(B5="Teknisk adm bistand",Registrering!$E$43,Registrering!$B$43)) -> 501000 | AZ5: =AY5/Tabeller!$H$5 -> 307.73956 | BC5: =((J5*Budsjett!$AZ5)*(Tabeller!I$35)) -> 0 | BD5: =((K5*Budsjett!$AZ5)*(Tabeller!J$35)) -> 0 | BE5: =((L5*Budsjett!$AZ5)*(Tabeller!K$35)) -> 0 | BF5: =((M5*Budsjett!$AZ5)*(Tabeller!L$35)) -> 0 | BG5: =((N5*Budsjett!$AZ5)*(Tabeller!M$35)) -> 0 | BH5: =((O5*Budsjett!$AZ5)*(Tabeller!N$35)) -> 0 | BI5: =((P5*Budsjett!$AZ5)*(Tabeller!O$35)) -> 0 | BJ5: =((Q5*Budsjett!$AZ5)*(Tabeller!P$35)) -> 0 | ... BO5: =((V5*Budsjett!$AZ5)*(Tabeller!U$35)) -> 0 | BQ5: =IFERROR(IF($B5="Teknisk/adm. bistand/Feltassistent",CE5*Tabeller!J$11,Budsjett!CE5*Tabeller!J$10),0) -> 0 | BR5: =IFERROR(IF($B5="Teknisk/adm. bistand/Feltassistent",CF5*Tabeller!K$11,Budsjett!CF5*Tabeller!K$10),0) -> 0 | BS5: =IFERROR(IF($B5="Teknisk/adm. bistand/Feltassistent",CG5*Tabeller!L$11,Budsjett!CG5*Tabeller!L$10),0) -> 0 | BT5: =IFERROR(IF($B5="Teknisk/adm. bistand/Feltassistent",CH5*Tabeller!M$11,Budsjett!CH5*Tabeller!M$10),0) -> 0 | BU5: =IFERROR(IF($B5="Teknisk/adm. bistand/Feltassistent",CI5*Tabeller!N$11,Budsjett!CI5*Tabeller!N$10),0) -> 0 | BV5: =IFERROR(IF($B5="Teknisk/adm. bistand/Feltassistent",CJ5*Tabeller!O$11,Budsjett!CJ5*Tabeller!O$10),0) -> 0 | BW5: =IFERROR(IF($B5="Teknisk/adm. bistand/Feltassistent",CK5*Tabeller!P$11,Budsjett!CK5*Tabeller!P$10),0) -> 0 | BX5: =IFERROR(IF($B5="Teknisk/adm. bistand/Feltassistent",CL5*Tabeller!Q$11,Budsjett!CL5*Tabeller!Q$10),0) -> 0 | ... CC5: =IFERROR(IF($B5="Teknisk/adm. bistand/Feltassistent",CQ5*Tabeller!V$11,Budsjett!CQ5*Tabeller!V$10),0) -> 0 | CE5: =J5/Tabeller!$H$5 -> 0 | CF5: =K5/Tabeller!$H$5 -> 0 | CG5: =L5/Tabeller!$H$5 -> 0 | CH5: =M5/Tabeller!$H$5 -> 0 | CI5: =N5/Tabeller!$H$5 -> 0 | CJ5: =O5/Tabeller!$H$5 -> 0 | CK5: =P5/Tabeller!$H$5 -> 0 | CL5: =Q5/Tabeller!$H$5 -> 0 | ... CQ5: =V5/Tabeller!$H$5 -> 0 | CS5: =IFERROR(IF($E$61=$L$61,BC5*#REF!,BC5*Budsjett!#REF!),0) -> 0 | CT5: =IFERROR(IF($E$61=$L$61,BD5*#REF!,BD5*Budsjett!#REF!),0) -> 0 | CU5: =IFERROR(IF($E$61=$L$61,BE5*#REF!,BE5*Budsjett!#REF!),0) -> 0 | CV5: =IFERROR(IF($E$61=$L$61,BF5*#REF!,BF5*Budsjett!#REF!),0) -> 0 | CW5: =IFERROR(IF($E$61=$L$61,BG5*#REF!,BG5*Budsjett!#REF!),0) -> 0 | CX5: =IFERROR(IF($E$61=$L$61,BH5*#REF!,BH5*Budsjett!#REF!),0) -> 0 | CY5: =IFERROR(IF($E$61=$L$61,BI5*#REF!,BI5*Budsjett!#REF!),0) -> 0 | CZ5: =IFERROR(IF($E$61=$L$61,BJ5*#REF!,BJ5*Budsjett!#REF!),0) -> 0 | ... DE5: =IFERROR(IF($E$61=$L$61,BO5*#REF!,BO5*Budsjett!#REF!),0) -> 0 | DH5: =BQ5-CS5 -> 0 | DI5: =BR5-CT5 -> 0 | DJ5: =BS5-CU5 -> 0 | DK5: =BT5-CV5 -> 0 | DL5: =BU5-CW5 -> 0 | DM5: =BV5-CX5 -> 0 | DN5: =BW5-CY5 -> 0 | DO5: =BX5-CZ5 -> 0 | ... DT5: =CC5-DE5 -> 0 | DV5: =B5 -> 0 | DW5: =-((IF($DV5="Teknisk/adm. bistand/Feltassistent",IF(Budsjett!BC5*(1+Tabeller!$I$61)>Tabeller!I$55,Tabeller!I$55,Budsjett!BC5*(1+Tabeller!$I$61)),0)+(IF($DV5="Forsker - professor",Tabeller!I$55*J5,0)+IF($DV5="Prosjektleder/adm.leder",Tabeller!I$54*J5,0)+IF($DV5="Forsker - 1.aman.",Tabeller!I$56*J5,0)+IF($DV5="Gjesteforsker",Tabeller!I$57*J5,0)+IF($DV5="Postdoktor / forsker",Tabeller!I$58*J5,0)+IF($DV5="Stipendiat",Tabeller!I$59*J5,0)+IF($DV5="Forsker (rundsum)",Tabeller!#REF!*J5,0)+IF($DV5="Vit.ass",Tabeller!I$60*J5,0))/1)) -> 0 | DX5: =-((IF($DV5="Teknisk/adm. bistand/Feltassistent",IF(Budsjett!BD5*(1+Tabeller!$I$61)>Tabeller!J$55,Tabeller!J$55,Budsjett!BD5*(1+Tabeller!$I$61)),0)+(IF($DV5="Forsker - professor",Tabeller!J$55*K5,0)+IF($DV5="Prosjektleder/adm.leder",Tabeller!J$54*K5,0)+IF($DV5="Forsker - 1.aman.",Tabeller!J$56*K5,0)+IF($DV5="Gjesteforsker",Tabeller!J$57*K5,0)+IF($DV5="Postdoktor / forsker",Tabeller!J$58*K5,0)+IF($DV5="Stipendiat",Tabeller!J$59*K5,0)+IF($DV5="Forsker (rundsum)",Tabeller!#REF!*K5,0)+IF($DV5="Vit.ass",Tabeller!J$60*K5,0))/1)) -> 0 | DY5: =-((IF($DV5="Teknisk/adm. bistand/Feltassistent",IF(Budsjett!BE5*(1+Tabeller!$I$61)>Tabeller!K$55,Tabeller!K$55,Budsjett!BE5*(1+Tabeller!$I$61)),0)+(IF($DV5="Forsker - professor",Tabeller!K$55*L5,0)+IF($DV5="Prosjektleder/adm.leder",Tabeller!K$54*L5,0)+IF($DV5="Forsker - 1.aman.",Tabeller!K$56*L5,0)+IF($DV5="Gjesteforsker",Tabeller!K$57*L5,0)+IF($DV5="Postdoktor / forsker",Tabeller!K$58*L5,0)+IF($DV5="Stipendiat",Tabeller!K$59*L5,0)+IF($DV5="Forsker (rundsum)",Tabeller!#REF!*L5,0)+IF($DV5="Vit.ass",Tabeller!K$60*L5,0))/1)) -> 0 | DZ5: =-((IF($DV5="Teknisk/adm. bistand/Feltassistent",IF(Budsjett!BF5*(1+Tabeller!$I$61)>Tabeller!L$55,Tabeller!L$55,Budsjett!BF5*(1+Tabeller!$I$61)),0)+(IF($DV5="Forsker - professor",Tabeller!L$55*M5,0)+IF($DV5="Prosjektleder/adm.leder",Tabeller!L$54*M5,0)+IF($DV5="Forsker - 1.aman.",Tabeller!L$56*M5,0)+IF($DV5="Gjesteforsker",Tabeller!L$57*M5,0)+IF($DV5="Postdoktor / forsker",Tabeller!L$58*M5,0)+IF($DV5="Stipendiat",Tabeller!L$59*M5,0)+IF($DV5="Forsker (rundsum)",Tabeller!#REF!*M5,0)+IF($DV5="Vit.ass",Tabeller!L$60*M5,0))/1)) -> 0 | EA5: =-((IF($DV5="Teknisk/adm. bistand/Feltassistent",IF(Budsjett!BG5*(1+Tabeller!$I$61)>Tabeller!M$55,Tabeller!M$55,Budsjett!BG5*(1+Tabeller!$I$61)),0)+(IF($DV5="Forsker - professor",Tabeller!M$55*N5,0)+IF($DV5="Prosjektleder/adm.leder",Tabeller!M$54*N5,0)+IF($DV5="Forsker - 1.aman.",Tabeller!M$56*N5,0)+IF($DV5="Gjesteforsker",Tabeller!M$57*N5,0)+IF($DV5="Postdoktor / forsker",Tabeller!M$58*N5,0)+IF($DV5="Stipendiat",Tabeller!M$59*N5,0)+IF($DV5="Forsker (rundsum)",Tabeller!#REF!*N5,0)+IF($DV5="Vit.ass",Tabeller!M$60*N5,0))/1)) -> 0 | EB5: =-((IF($DV5="Teknisk/adm. bistand/Feltassistent",IF(Budsjett!BH5*(1+Tabeller!$I$61)>Tabeller!N$55,Tabeller!N$55,Budsjett!BH5*(1+Tabeller!$I$61)),0)+(IF($DV5="Forsker - professor",Tabeller!N$55*O5,0)+IF($DV5="Prosjektleder/adm.leder",Tabeller!N$54*O5,0)+IF($DV5="Forsker - 1.aman.",Tabeller!N$56*O5,0)+IF($DV5="Gjesteforsker",Tabeller!N$57*O5,0)+IF($DV5="Postdoktor / forsker",Tabeller!N$58*O5,0)+IF($DV5="Stipendiat",Tabeller!N$59*O5,0)+IF($DV5="Forsker (rundsum)",Tabeller!#REF!*O5,0)+IF($DV5="Vit.ass",Tabeller!N$60*O5,0))/1)) -> 0 | EC5: =-((IF($DV5="Teknisk/adm. bistand/Feltassistent",IF(Budsjett!BI5*(1+Tabeller!$I$61)>Tabeller!O$55,Tabeller!O$55,Budsjett!BI5*(1+Tabeller!$I$61)),0)+(IF($DV5="Forsker - professor",Tabeller!O$55*P5,0)+IF($DV5="Prosjektleder/adm.leder",Tabeller!O$54*P5,0)+IF($DV5="Forsker - 1.aman.",Tabeller!O$56*P5,0)+IF($DV5="Gjesteforsker",Tabeller!O$57*P5,0)+IF($DV5="Postdoktor / forsker",Tabeller!O$58*P5,0)+IF($DV5="Stipendiat",Tabeller!O$59*P5,0)+IF($DV5="Forsker (rundsum)",Tabeller!#REF!*P5,0)+IF($DV5="Vit.ass",Tabeller!O$60*P5,0))/1)) -> 0 | ED5: =-((IF($DV5="Teknisk/adm. bistand/Feltassistent",IF(Budsjett!BJ5*(1+Tabeller!$I$61)>Tabeller!P$55,Tabeller!P$55,Budsjett!BJ5*(1+Tabeller!$I$61)),0)+(IF($DV5="Forsker - professor",Tabeller!P$55*Q5,0)+IF($DV5="Prosjektleder/adm.leder",Tabeller!P$54*Q5,0)+IF($DV5="Forsker - 1.aman.",Tabeller!P$56*Q5,0)+IF($DV5="Gjesteforsker",Tabeller!P$57*Q5,0)+IF($DV5="Postdoktor / forsker",Tabeller!P$58*Q5,0)+IF($DV5="Stipendiat",Tabeller!P$59*Q5,0)+IF($DV5="Forsker (rundsum)",Tabeller!#REF!*Q5,0)+IF($DV5="Vit.ass",Tabeller!P$60*Q5,0))/1)) -> 0 | ... EI5: =-((IF($DV5="Teknisk/adm. bistand/Feltassistent",IF(Budsjett!BO5*(1+Tabeller!$I$61)>Tabeller!U$55,Tabeller!U$55,Budsjett!BO5*(1+Tabeller!$I$61)),0)+(IF($DV5="Forsker - professor",Tabeller!U$55*V5,0)+IF($DV5="Prosjektleder/adm.leder",Tabeller!U$54*V5,0)+IF($DV5="Forsker - 1.aman.",Tabeller!U$56*V5,0)+IF($DV5="Gjesteforsker",Tabeller!U$57*V5,0)+IF($DV5="Postdoktor / forsker",Tabeller!U$58*V5,0)+IF($DV5="Stipendiat",Tabeller!U$59*V5,0)+IF($DV5="Forsker (rundsum)",Tabeller!#REF!*V5,0)+IF($DV5="Vit.ass",Tabeller!U$60*V5,0))/1)) -> 0 | EJ5: =SUM(DW5:EI5) -> 0 | EM5: =DV5 -> 0 | EN5: =IF($G5="NFR",DW5,0) -> 0 | EO5: =IF($G5="NFR",DX5,0) -> 0 | EP5: =IF($G5="NFR",DY5,0) -> 0 | EQ5: =IF($G5="NFR",DZ5,0) -> 0 | ER5: =IF($G5="NFR",EA5,0) -> 0 | ES5: =IF($G5="NFR",EB5,0) -> 0 | ET5: =IF($G5="NFR",EC5,0) -> 0 | EU5: =IF($G5="NFR",ED5,0) -> 0 | ... EZ5: =IF($G5="NFR",EI5,0) -> 0 | FA5: =SUM(EN5:EZ5) -> 0 | FC5: =EM5 -> 0 | FD5: =IF($G5=$FC$1,DW5,0) -> 0 | FE5: =IF($G5=$FC$1,DX5,0) -> 0 | FF5: =IF($G5=$FC$1,DY5,0) -> 0 | FG5: =IF($G5=$FC$1,DZ5,0) -> 0 | FH5: =IF($G5=$FC$1,EA5,0) -> 0 | FI5: =IF($G5=$FC$1,EB5,0) -> 0 | FJ5: =IF($G5=$FC$1,EC5,0) -> 0 | FK5: =IF($G5=$FC$1,ED5,0) -> 0 | ... FP5: =IF($G5=$FC$1,EI5,0) -> 0 | FQ5: =SUM(FD5:FP5) -> 0 | FS5: =FC5 -> 0 | FT5: =IF($G5=$FS$1,DW5,0) -> 0 | FU5: =IF($G5=$FS$1,DX5,0) -> 0 | FV5: =IF($G5=$FS$1,DY5,0) -> 0 | FW5: =IF($G5=$FS$1,DZ5,0) -> 0 | FX5: =IF($G5=$FS$1,EA5,0) -> 0 | FY5: =IF($G5=$FS$1,EB5,0) -> 0 | FZ5: =IF($G5=$FS$1,EC5,0) -> 0 | GA5: =IF($G5=$FS$1,ED5,0) -> 0 | ... GF5: =IF($G5=$FS$1,EI5,0) -> 0 | GG5: =SUM(FT5:GF5) -> 0 | GI5: =FS5 -> 0 | GJ5: =IF($G5=$GI$1,DW5,0) -> 0 | GK5: =IF($G5=$GI$1,DX5,0) -> 0 | GL5: =IF($G5=$GI$1,DY5,0) -> 0 | GM5: =IF($G5=$GI$1,DZ5,0) -> 0 | GN5: =IF($G5=$GI$1,EA5,0) -> 0 | GO5: =IF($G5=$GI$1,EB5,0) -> 0 | GP5: =IF($G5=$GI$1,EC5,0) -> 0 | GQ5: =IF($G5=$GI$1,ED5,0) -> 0 | ... GV5: =IF($G5=$GI$1,EI5,0) -> 0 | GW5: =SUM(GJ5:GV5) -> 0 | GZ5: =GI5 -> 0 | HN5: =SUM(HA5:HM5) -> 0 | HQ5: =IF(Registrering!$B$21="Prosjekter som foregår i UiOs lokaler",IF($B5="Teknisk/adm. bistand/Feltassistent",J5*Tabeller!J$11,J5*Tabeller!J$10)/Tabeller!$H$5,IF($B5="Teknisk/adm. bistand/Feltassistent",J5*Tabeller!J$13,J5*Tabeller!J$12)/Tabeller!$H$5) -> 0 | HR5: =IF(Registrering!$B$21="Prosjekter som foregår i UiOs lokaler",IF($B5="Teknisk/adm. bistand/Feltassistent",K5*Tabeller!K$11,K5*Tabeller!K$10)/Tabeller!$H$5,IF($B5="Teknisk/adm. bistand/Feltassistent",K5*Tabeller!K$13,K5*Tabeller!K$12)/Tabeller!$H$5) -> 0 | HS5: =IF(Registrering!$B$21="Prosjekter som foregår i UiOs lokaler",IF($B5="Teknisk/adm. bistand/Feltassistent",L5*Tabeller!L$11,L5*Tabeller!L$10)/Tabeller!$H$5,IF($B5="Teknisk/adm. bistand/Feltassistent",L5*Tabeller!L$13,L5*Tabeller!L$12)/Tabeller!$H$5) -> 0 | HT5: =IF(Registrering!$B$21="Prosjekter som foregår i UiOs lokaler",IF($B5="Teknisk/adm. bistand/Feltassistent",M5*Tabeller!M$11,M5*Tabeller!M$10)/Tabeller!$H$5,IF($B5="Teknisk/adm. bistand/Feltassistent",M5*Tabeller!M$13,M5*Tabeller!M$12)/Tabeller!$H$5) -> 0 | HU5: =IF(Registrering!$B$21="Prosjekter som foregår i UiOs lokaler",IF($B5="Teknisk/adm. bistand/Feltassistent",N5*Tabeller!N$11,N5*Tabeller!N$10)/Tabeller!$H$5,IF($B5="Teknisk/adm. bistand/Feltassistent",N5*Tabeller!N$13,N5*Tabeller!N$12)/Tabeller!$H$5) -> 0 | HV5: =IF(Registrering!$B$21="Prosjekter som foregår i UiOs lokaler",IF($B5="Teknisk/adm. bistand/Feltassistent",O5*Tabeller!O$11,O5*Tabeller!O$10)/Tabeller!$H$5,IF($B5="Teknisk/adm. bistand/Feltassistent",O5*Tabeller!O$13,O5*Tabeller!O$12)/Tabeller!$H$5) -> 0 | HW5: =IF(Registrering!$B$21="Prosjekter som foregår i UiOs lokaler",IF($B5="Teknisk/adm. bistand/Feltassistent",P5*Tabeller!P$11,P5*Tabeller!P$10)/Tabeller!$H$5,IF($B5="Teknisk/adm. bistand/Feltassistent",P5*Tabeller!P$13,P5*Tabeller!P$12)/Tabeller!$H$5) -> 0 | HX5: =IF(Registrering!$B$21="Prosjekter som foregår i UiOs lokaler",IF($B5="Teknisk/adm. bistand/Feltassistent",Q5*Tabeller!Q$11,Q5*Tabeller!Q$10)/Tabeller!$H$5,IF($B5="Teknisk/adm. bistand/Feltassistent",Q5*Tabeller!Q$13,Q5*Tabeller!Q$12)/Tabeller!$H$5) -> 0 | ... IC5: =IF(Registrering!$B$21="Prosjekter som foregår i UiOs lokaler",IF($B5="Teknisk/adm. bistand/Feltassistent",V5*Tabeller!V$11,V5*Tabeller!V$10)/Tabeller!$H$5,IF($B5="Teknisk/adm. bistand/Feltassistent",V5*Tabeller!V$13,V5*Tabeller!V$12)/Tabeller!$H$5) -> 0
C6: =SUM(BC6:BO6) -> 0 | D6: =IFERROR(IF(B6="Teknisk/adm. bistand/Feltassistent",F6*Tabeller!I$8,Budsjett!F6*Tabeller!H$8),0) -> 0 | E6: =SUM(C6:D6) -> 0 | F6: =SUM(J6:V6)/Tabeller!H$5 -> 0 | AR6: =H6 -> 0 | AS6: =AR6*Tabeller!$I$35 -> 0 | AT6: =IF(AR6>0,(AS6-400)/52*47,0) -> 0 | AU6: =AT6*Tabeller!$H$26 -> 0 | AV6: =SUM(AT6:AU6,AW6)*Tabeller!$H$28 -> 0 | AW6: =AS6*Tabeller!$H$27 -> 0 | AX6: =SUM(AT6:AW6) -> 0 | AY6: =AX6+(IF(B6="Teknisk adm bistand",Registrering!$E$43,Registrering!$B$43)) -> 501000 | AZ6: =AY6/Tabeller!$H$5 -> 307.73956 | BC6: =((J6*Budsjett!$AZ6)*(Tabeller!I$35)) -> 0 | BD6: =((K6*Budsjett!$AZ6)*(Tabeller!J$35)) -> 0 | BE6: =((L6*Budsjett!$AZ6)*(Tabeller!K$35)) -> 0 | BF6: =((M6*Budsjett!$AZ6)*(Tabeller!L$35)) -> 0 | BG6: =((N6*Budsjett!$AZ6)*(Tabeller!M$35)) -> 0 | BH6: =((O6*Budsjett!$AZ6)*(Tabeller!N$35)) -> 0 | BI6: =((P6*Budsjett!$AZ6)*(Tabeller!O$35)) -> 0 | BJ6: =((Q6*Budsjett!$AZ6)*(Tabeller!P$35)) -> 0 | ... BO6: =((V6*Budsjett!$AZ6)*(Tabeller!U$35)) -> 0 | BQ6: =IFERROR(IF($B6="Teknisk/adm. bistand/Feltassistent",CE6*Tabeller!J$11,Budsjett!CE6*Tabeller!J$10),0) -> 0 | BR6: =IFERROR(IF($B6="Teknisk/adm. bistand/Feltassistent",CF6*Tabeller!K$11,Budsjett!CF6*Tabeller!K$10),0) -> 0 | BS6: =IFERROR(IF($B6="Teknisk/adm. bistand/Feltassistent",CG6*Tabeller!L$11,Budsjett!CG6*Tabeller!L$10),0) -> 0 | BT6: =IFERROR(IF($B6="Teknisk/adm. bistand/Feltassistent",CH6*Tabeller!M$11,Budsjett!CH6*Tabeller!M$10),0) -> 0 | BU6: =IFERROR(IF($B6="Teknisk/adm. bistand/Feltassistent",CI6*Tabeller!N$11,Budsjett!CI6*Tabeller!N$10),0) -> 0 | BV6: =IFERROR(IF($B6="Teknisk/adm. bistand/Feltassistent",CJ6*Tabeller!O$11,Budsjett!CJ6*Tabeller!O$10),0) -> 0 | BW6: =IFERROR(IF($B6="Teknisk/adm. bistand/Feltassistent",CK6*Tabeller!P$11,Budsjett!CK6*Tabeller!P$10),0) -> 0 | BX6: =IFERROR(IF($B6="Teknisk/adm. bistand/Feltassistent",CL6*Tabeller!Q$11,Budsjett!CL6*Tabeller!Q$10),0) -> 0 | ... CC6: =IFERROR(IF($B6="Teknisk/adm. bistand/Feltassistent",CQ6*Tabeller!V$11,Budsjett!CQ6*Tabeller!V$10),0) -> 0 | CE6: =J6/Tabeller!$H$5 -> 0 | CF6: =K6/Tabeller!$H$5 -> 0 | CG6: =L6/Tabeller!$H$5 -> 0 | CH6: =M6/Tabeller!$H$5 -> 0 | CI6: =N6/Tabeller!$H$5 -> 0 | CJ6: =O6/Tabeller!$H$5 -> 0 | CK6: =P6/Tabeller!$H$5 -> 0 | CL6: =Q6/Tabeller!$H$5 -> 0 | ... CQ6: =V6/Tabeller!$H$5 -> 0 | CS6: =IFERROR(IF($E$61=$L$61,BC6*#REF!,BC6*Budsjett!#REF!),0) -> 0 | CT6: =IFERROR(IF($E$61=$L$61,BD6*#REF!,BD6*Budsjett!#REF!),0) -> 0 | CU6: =IFERROR(IF($E$61=$L$61,BE6*#REF!,BE6*Budsjett!#REF!),0) -> 0 | CV6: =IFERROR(IF($E$61=$L$61,BF6*#REF!,BF6*Budsjett!#REF!),0) -> 0 | CW6: =IFERROR(IF($E$61=$L$61,BG6*#REF!,BG6*Budsjett!#REF!),0) -> 0 | CX6: =IFERROR(IF($E$61=$L$61,BH6*#REF!,BH6*Budsjett!#REF!),0) -> 0 | CY6: =IFERROR(IF($E$61=$L$61,BI6*#REF!,BI6*Budsjett!#REF!),0) -> 0 | CZ6: =IFERROR(IF($E$61=$L$61,BJ6*#REF!,BJ6*Budsjett!#REF!),0) -> 0 | ... DE6: =IFERROR(IF($E$61=$L$61,BO6*#REF!,BO6*Budsjett!#REF!),0) -> 0 | DH6: =BQ6-CS6 -> 0 | DI6: =BR6-CT6 -> 0 | DJ6: =BS6-CU6 -> 0 | DK6: =BT6-CV6 -> 0 | DL6: =BU6-CW6 -> 0 | DM6: =BV6-CX6 -> 0 | DN6: =BW6-CY6 -> 0 | DO6: =BX6-CZ6 -> 0 | ... DT6: =CC6-DE6 -> 0 | DV6: =B6 -> 0 | DW6: =-((IF($DV6="Teknisk/adm. bistand/Feltassistent",IF(Budsjett!BC6*(1+Tabeller!$I$61)>Tabeller!I$55,Tabeller!I$55,Budsjett!BC6*(1+Tabeller!$I$61)),0)+(IF($DV6="Forsker - professor",Tabeller!I$55*J6,0)+IF($DV6="Prosjektleder/adm.leder",Tabeller!I$54*J6,0)+IF($DV6="Forsker - 1.aman.",Tabeller!I$56*J6,0)+IF($DV6="Gjesteforsker",Tabeller!I$57*J6,0)+IF($DV6="Postdoktor / forsker",Tabeller!I$58*J6,0)+IF($DV6="Stipendiat",Tabeller!I$59*J6,0)+IF($DV6="Forsker (rundsum)",Tabeller!#REF!*J6,0)+IF($DV6="Vit.ass",Tabeller!I$60*J6,0))/1)) -> 0 | DX6: =-((IF($DV6="Teknisk/adm. bistand/Feltassistent",IF(Budsjett!BD6*(1+Tabeller!$I$61)>Tabeller!J$55,Tabeller!J$55,Budsjett!BD6*(1+Tabeller!$I$61)),0)+(IF($DV6="Forsker - professor",Tabeller!J$55*K6,0)+IF($DV6="Prosjektleder/adm.leder",Tabeller!J$54*K6,0)+IF($DV6="Forsker - 1.aman.",Tabeller!J$56*K6,0)+IF($DV6="Gjesteforsker",Tabeller!J$57*K6,0)+IF($DV6="Postdoktor / forsker",Tabeller!J$58*K6,0)+IF($DV6="Stipendiat",Tabeller!J$59*K6,0)+IF($DV6="Forsker (rundsum)",Tabeller!#REF!*K6,0)+IF($DV6="Vit.ass",Tabeller!J$60*K6,0))/1)) -> 0 | DY6: =-((IF($DV6="Teknisk/adm. bistand/Feltassistent",IF(Budsjett!BE6*(1+Tabeller!$I$61)>Tabeller!K$55,Tabeller!K$55,Budsjett!BE6*(1+Tabeller!$I$61)),0)+(IF($DV6="Forsker - professor",Tabeller!K$55*L6,0)+IF($DV6="Prosjektleder/adm.leder",Tabeller!K$54*L6,0)+IF($DV6="Forsker - 1.aman.",Tabeller!K$56*L6,0)+IF($DV6="Gjesteforsker",Tabeller!K$57*L6,0)+IF($DV6="Postdoktor / forsker",Tabeller!K$58*L6,0)+IF($DV6="Stipendiat",Tabeller!K$59*L6,0)+IF($DV6="Forsker (rundsum)",Tabeller!#REF!*L6,0)+IF($DV6="Vit.ass",Tabeller!K$60*L6,0))/1)) -> 0 | DZ6: =-((IF($DV6="Teknisk/adm. bistand/Feltassistent",IF(Budsjett!BF6*(1+Tabeller!$I$61)>Tabeller!L$55,Tabeller!L$55,Budsjett!BF6*(1+Tabeller!$I$61)),0)+(IF($DV6="Forsker - professor",Tabeller!L$55*M6,0)+IF($DV6="Prosjektleder/adm.leder",Tabeller!L$54*M6,0)+IF($DV6="Forsker - 1.aman.",Tabeller!L$56*M6,0)+IF($DV6="Gjesteforsker",Tabeller!L$57*M6,0)+IF($DV6="Postdoktor / forsker",Tabeller!L$58*M6,0)+IF($DV6="Stipendiat",Tabeller!L$59*M6,0)+IF($DV6="Forsker (rundsum)",Tabeller!#REF!*M6,0)+IF($DV6="Vit.ass",Tabeller!L$60*M6,0))/1)) -> 0 | EA6: =-((IF($DV6="Teknisk/adm. bistand/Feltassistent",IF(Budsjett!BG6*(1+Tabeller!$I$61)>Tabeller!M$55,Tabeller!M$55,Budsjett!BG6*(1+Tabeller!$I$61)),0)+(IF($DV6="Forsker - professor",Tabeller!M$55*N6,0)+IF($DV6="Prosjektleder/adm.leder",Tabeller!M$54*N6,0)+IF($DV6="Forsker - 1.aman.",Tabeller!M$56*N6,0)+IF($DV6="Gjesteforsker",Tabeller!M$57*N6,0)+IF($DV6="Postdoktor / forsker",Tabeller!M$58*N6,0)+IF($DV6="Stipendiat",Tabeller!M$59*N6,0)+IF($DV6="Forsker (rundsum)",Tabeller!#REF!*N6,0)+IF($DV6="Vit.ass",Tabeller!M$60*N6,0))/1)) -> 0 | EB6: =-((IF($DV6="Teknisk/adm. bistand/Feltassistent",IF(Budsjett!BH6*(1+Tabeller!$I$61)>Tabeller!N$55,Tabeller!N$55,Budsjett!BH6*(1+Tabeller!$I$61)),0)+(IF($DV6="Forsker - professor",Tabeller!N$55*O6,0)+IF($DV6="Prosjektleder/adm.leder",Tabeller!N$54*O6,0)+IF($DV6="Forsker - 1.aman.",Tabeller!N$56*O6,0)+IF($DV6="Gjesteforsker",Tabeller!N$57*O6,0)+IF($DV6="Postdoktor / forsker",Tabeller!N$58*O6,0)+IF($DV6="Stipendiat",Tabeller!N$59*O6,0)+IF($DV6="Forsker (rundsum)",Tabeller!#REF!*O6,0)+IF($DV6="Vit.ass",Tabeller!N$60*O6,0))/1)) -> 0 | EC6: =-((IF($DV6="Teknisk/adm. bistand/Feltassistent",IF(Budsjett!BI6*(1+Tabeller!$I$61)>Tabeller!O$55,Tabeller!O$55,Budsjett!BI6*(1+Tabeller!$I$61)),0)+(IF($DV6="Forsker - professor",Tabeller!O$55*P6,0)+IF($DV6="Prosjektleder/adm.leder",Tabeller!O$54*P6,0)+IF($DV6="Forsker - 1.aman.",Tabeller!O$56*P6,0)+IF($DV6="Gjesteforsker",Tabeller!O$57*P6,0)+IF($DV6="Postdoktor / forsker",Tabeller!O$58*P6,0)+IF($DV6="Stipendiat",Tabeller!O$59*P6,0)+IF($DV6="Forsker (rundsum)",Tabeller!#REF!*P6,0)+IF($DV6="Vit.ass",Tabeller!O$60*P6,0))/1)) -> 0 | ED6: =-((IF($DV6="Teknisk/adm. bistand/Feltassistent",IF(Budsjett!BJ6*(1+Tabeller!$I$61)>Tabeller!P$55,Tabeller!P$55,Budsjett!BJ6*(1+Tabeller!$I$61)),0)+(IF($DV6="Forsker - professor",Tabeller!P$55*Q6,0)+IF($DV6="Prosjektleder/adm.leder",Tabeller!P$54*Q6,0)+IF($DV6="Forsker - 1.aman.",Tabeller!P$56*Q6,0)+IF($DV6="Gjesteforsker",Tabeller!P$57*Q6,0)+IF($DV6="Postdoktor / forsker",Tabeller!P$58*Q6,0)+IF($DV6="Stipendiat",Tabeller!P$59*Q6,0)+IF($DV6="Forsker (rundsum)",Tabeller!#REF!*Q6,0)+IF($DV6="Vit.ass",Tabeller!P$60*Q6,0))/1)) -> 0 | ... EI6: =-((IF($DV6="Teknisk/adm. bistand/Feltassistent",IF(Budsjett!BO6*(1+Tabeller!$I$61)>Tabeller!U$55,Tabeller!U$55,Budsjett!BO6*(1+Tabeller!$I$61)),0)+(IF($DV6="Forsker - professor",Tabeller!U$55*V6,0)+IF($DV6="Prosjektleder/adm.leder",Tabeller!U$54*V6,0)+IF($DV6="Forsker - 1.aman.",Tabeller!U$56*V6,0)+IF($DV6="Gjesteforsker",Tabeller!U$57*V6,0)+IF($DV6="Postdoktor / forsker",Tabeller!U$58*V6,0)+IF($DV6="Stipendiat",Tabeller!U$59*V6,0)+IF($DV6="Forsker (rundsum)",Tabeller!#REF!*V6,0)+IF($DV6="Vit.ass",Tabeller!U$60*V6,0))/1)) -> 0 | EJ6: =SUM(DW6:EI6) -> 0 | EM6: =DV6 -> 0 | EN6: =IF($G6="NFR",DW6,0) -> 0 | EO6: =IF($G6="NFR",DX6,0) -> 0 | EP6: =IF($G6="NFR",DY6,0) -> 0 | EQ6: =IF($G6="NFR",DZ6,0) -> 0 | ER6: =IF($G6="NFR",EA6,0) -> 0 | ES6: =IF($G6="NFR",EB6,0) -> 0 | ET6: =IF($G6="NFR",EC6,0) -> 0 | EU6: =IF($G6="NFR",ED6,0) -> 0 | ... EZ6: =IF($G6="NFR",EI6,0) -> 0 | FA6: =SUM(EN6:EZ6) -> 0 | FC6: =EM6 -> 0 | FD6: =IF($G6=$FC$1,DW6,0) -> 0 | FE6: =IF($G6=$FC$1,DX6,0) -> 0 | FF6: =IF($G6=$FC$1,DY6,0) -> 0 | FG6: =IF($G6=$FC$1,DZ6,0) -> 0 | FH6: =IF($G6=$FC$1,EA6,0) -> 0 | FI6: =IF($G6=$FC$1,EB6,0) -> 0 | FJ6: =IF($G6=$FC$1,EC6,0) -> 0 | FK6: =IF($G6=$FC$1,ED6,0) -> 0 | ... FP6: =IF($G6=$FC$1,EI6,0) -> 0 | FQ6: =SUM(FD6:FP6) -> 0 | FS6: =FC6 -> 0 | FT6: =IF($G6=$FS$1,DW6,0) -> 0 | FU6: =IF($G6=$FS$1,DX6,0) -> 0 | FV6: =IF($G6=$FS$1,DY6,0) -> 0 | FW6: =IF($G6=$FS$1,DZ6,0) -> 0 | FX6: =IF($G6=$FS$1,EA6,0) -> 0 | FY6: =IF($G6=$FS$1,EB6,0) -> 0 | FZ6: =IF($G6=$FS$1,EC6,0) -> 0 | GA6: =IF($G6=$FS$1,ED6,0) -> 0 | ... GF6: =IF($G6=$FS$1,EI6,0) -> 0 | GG6: =SUM(FT6:GF6) -> 0 | GI6: =FS6 -> 0 | GJ6: =IF($G6=$GI$1,DW6,0) -> 0 | GK6: =IF($G6=$GI$1,DX6,0) -> 0 | GL6: =IF($G6=$GI$1,DY6,0) -> 0 | GM6: =IF($G6=$GI$1,DZ6,0) -> 0 | GN6: =IF($G6=$GI$1,EA6,0) -> 0 | GO6: =IF($G6=$GI$1,EB6,0) -> 0 | GP6: =IF($G6=$GI$1,EC6,0) -> 0 | GQ6: =IF($G6=$GI$1,ED6,0) -> 0 | ... GV6: =IF($G6=$GI$1,EI6,0) -> 0 | GW6: =SUM(GJ6:GV6) -> 0 | GZ6: =GI6 -> 0 | HN6: =SUM(HA6:HM6) -> 0 | HQ6: =IF(Registrering!$B$21="Prosjekter som foregår i UiOs lokaler",IF($B6="Teknisk/adm. bistand/Feltassistent",J6*Tabeller!J$11,J6*Tabeller!J$10)/Tabeller!$H$5,IF($B6="Teknisk/adm. bistand/Feltassistent",J6*Tabeller!J$13,J6*Tabeller!J$12)/Tabeller!$H$5) -> 0 | HR6: =IF(Registrering!$B$21="Prosjekter som foregår i UiOs lokaler",IF($B6="Teknisk/adm. bistand/Feltassistent",K6*Tabeller!K$11,K6*Tabeller!K$10)/Tabeller!$H$5,IF($B6="Teknisk/adm. bistand/Feltassistent",K6*Tabeller!K$13,K6*Tabeller!K$12)/Tabeller!$H$5) -> 0 | HS6: =IF(Registrering!$B$21="Prosjekter som foregår i UiOs lokaler",IF($B6="Teknisk/adm. bistand/Feltassistent",L6*Tabeller!L$11,L6*Tabeller!L$10)/Tabeller!$H$5,IF($B6="Teknisk/adm. bistand/Feltassistent",L6*Tabeller!L$13,L6*Tabeller!L$12)/Tabeller!$H$5) -> 0 | HT6: =IF(Registrering!$B$21="Prosjekter som foregår i UiOs lokaler",IF($B6="Teknisk/adm. bistand/Feltassistent",M6*Tabeller!M$11,M6*Tabeller!M$10)/Tabeller!$H$5,IF($B6="Teknisk/adm. bistand/Feltassistent",M6*Tabeller!M$13,M6*Tabeller!M$12)/Tabeller!$H$5) -> 0 | HU6: =IF(Registrering!$B$21="Prosjekter som foregår i UiOs lokaler",IF($B6="Teknisk/adm. bistand/Feltassistent",N6*Tabeller!N$11,N6*Tabeller!N$10)/Tabeller!$H$5,IF($B6="Teknisk/adm. bistand/Feltassistent",N6*Tabeller!N$13,N6*Tabeller!N$12)/Tabeller!$H$5) -> 0 | HV6: =IF(Registrering!$B$21="Prosjekter som foregår i UiOs lokaler",IF($B6="Teknisk/adm. bistand/Feltassistent",O6*Tabeller!O$11,O6*Tabeller!O$10)/Tabeller!$H$5,IF($B6="Teknisk/adm. bistand/Feltassistent",O6*Tabeller!O$13,O6*Tabeller!O$12)/Tabeller!$H$5) -> 0 | HW6: =IF(Registrering!$B$21="Prosjekter som foregår i UiOs lokaler",IF($B6="Teknisk/adm. bistand/Feltassistent",P6*Tabeller!P$11,P6*Tabeller!P$10)/Tabeller!$H$5,IF($B6="Teknisk/adm. bistand/Feltassistent",P6*Tabeller!P$13,P6*Tabeller!P$12)/Tabeller!$H$5) -> 0 | HX6: =IF(Registrering!$B$21="Prosjekter som foregår i UiOs lokaler",IF($B6="Teknisk/adm. bistand/Feltassistent",Q6*Tabeller!Q$11,Q6*Tabeller!Q$10)/Tabeller!$H$5,IF($B6="Teknisk/adm. bistand/Feltassistent",Q6*Tabeller!Q$13,Q6*Tabeller!Q$12)/Tabeller!$H$5) -> 0 | ... IC6: =IF(Registrering!$B$21="Prosjekter som foregår i UiOs lokaler",IF($B6="Teknisk/adm. bistand/Feltassistent",V6*Tabeller!V$11,V6*Tabeller!V$10)/Tabeller!$H$5,IF($B6="Teknisk/adm. bistand/Feltassistent",V6*Tabeller!V$13,V6*Tabeller!V$12)/Tabeller!$H$5) -> 0
C7: =SUM(BC7:BO7) -> 0 | D7: =IFERROR(IF(B7="Teknisk/adm. bistand/Feltassistent",F7*Tabeller!I$8,Budsjett!F7*Tabeller!H$8),0) -> 0 | E7: =SUM(C7:D7) -> 0 | F7: =SUM(J7:V7)/Tabeller!H$5 -> 0 | AR7: =H7 -> 0 | AS7: =AR7*Tabeller!$I$35 -> 0 | AT7: =IF(AR7>0,(AS7-400)/52*47,0) -> 0 | AU7: =AT7*Tabeller!$H$26 -> 0 | AV7: =SUM(AT7:AU7,AW7)*Tabeller!$H$28 -> 0 | AW7: =AS7*Tabeller!$H$27 -> 0 | AX7: =SUM(AT7:AW7) -> 0 | AY7: =AX7+(IF(B7="Teknisk adm bistand",Registrering!$E$43,Registrering!$B$43)) -> 501000 | AZ7: =AY7/Tabeller!$H$5 -> 307.73956 | BC7: =((J7*Budsjett!$AZ7)*(Tabeller!I$35)) -> 0 | BD7: =((K7*Budsjett!$AZ7)*(Tabeller!J$35)) -> 0 | BE7: =((L7*Budsjett!$AZ7)*(Tabeller!K$35)) -> 0 | BF7: =((M7*Budsjett!$AZ7)*(Tabeller!L$35)) -> 0 | BG7: =((N7*Budsjett!$AZ7)*(Tabeller!M$35)) -> 0 | BH7: =((O7*Budsjett!$AZ7)*(Tabeller!N$35)) -> 0 | BI7: =((P7*Budsjett!$AZ7)*(Tabeller!O$35)) -> 0 | BJ7: =((Q7*Budsjett!$AZ7)*(Tabeller!P$35)) -> 0 | ... BO7: =((V7*Budsjett!$AZ7)*(Tabeller!U$35)) -> 0 | BQ7: =IFERROR(IF($B7="Teknisk/adm. bistand/Feltassistent",CE7*Tabeller!J$11,Budsjett!CE7*Tabeller!J$10),0) -> 0 | BR7: =IFERROR(IF($B7="Teknisk/adm. bistand/Feltassistent",CF7*Tabeller!K$11,Budsjett!CF7*Tabeller!K$10),0) -> 0 | BS7: =IFERROR(IF($B7="Teknisk/adm. bistand/Feltassistent",CG7*Tabeller!L$11,Budsjett!CG7*Tabeller!L$10),0) -> 0 | BT7: =IFERROR(IF($B7="Teknisk/adm. bistand/Feltassistent",CH7*Tabeller!M$11,Budsjett!CH7*Tabeller!M$10),0) -> 0 | BU7: =IFERROR(IF($B7="Teknisk/adm. bistand/Feltassistent",CI7*Tabeller!N$11,Budsjett!CI7*Tabeller!N$10),0) -> 0 | BV7: =IFERROR(IF($B7="Teknisk/adm. bistand/Feltassistent",CJ7*Tabeller!O$11,Budsjett!CJ7*Tabeller!O$10),0) -> 0 | BW7: =IFERROR(IF($B7="Teknisk/adm. bistand/Feltassistent",CK7*Tabeller!P$11,Budsjett!CK7*Tabeller!P$10),0) -> 0 | BX7: =IFERROR(IF($B7="Teknisk/adm. bistand/Feltassistent",CL7*Tabeller!Q$11,Budsjett!CL7*Tabeller!Q$10),0) -> 0 | ... CC7: =IFERROR(IF($B7="Teknisk/adm. bistand/Feltassistent",CQ7*Tabeller!V$11,Budsjett!CQ7*Tabeller!V$10),0) -> 0 | CE7: =J7/Tabeller!$H$5 -> 0 | CF7: =K7/Tabeller!$H$5 -> 0 | CG7: =L7/Tabeller!$H$5 -> 0 | CH7: =M7/Tabeller!$H$5 -> 0 | CI7: =N7/Tabeller!$H$5 -> 0 | CJ7: =O7/Tabeller!$H$5 -> 0 | CK7: =P7/Tabeller!$H$5 -> 0 | CL7: =Q7/Tabeller!$H$5 -> 0 | ... CQ7: =V7/Tabeller!$H$5 -> 0 | CS7: =IFERROR(IF($E$61=$L$61,BC7*#REF!,BC7*Budsjett!#REF!),0) -> 0 | CT7: =IFERROR(IF($E$61=$L$61,BD7*#REF!,BD7*Budsjett!#REF!),0) -> 0 | CU7: =IFERROR(IF($E$61=$L$61,BE7*#REF!,BE7*Budsjett!#REF!),0) -> 0 | CV7: =IFERROR(IF($E$61=$L$61,BF7*#REF!,BF7*Budsjett!#REF!),0) -> 0 | CW7: =IFERROR(IF($E$61=$L$61,BG7*#REF!,BG7*Budsjett!#REF!),0) -> 0 | CX7: =IFERROR(IF($E$61=$L$61,BH7*#REF!,BH7*Budsjett!#REF!),0) -> 0 | CY7: =IFERROR(IF($E$61=$L$61,BI7*#REF!,BI7*Budsjett!#REF!),0) -> 0 | CZ7: =IFERROR(IF($E$61=$L$61,BJ7*#REF!,BJ7*Budsjett!#REF!),0) -> 0 | ... DE7: =IFERROR(IF($E$61=$L$61,BO7*#REF!,BO7*Budsjett!#REF!),0) -> 0 | DH7: =BQ7-CS7 -> 0 | DI7: =BR7-CT7 -> 0 | DJ7: =BS7-CU7 -> 0 | DK7: =BT7-CV7 -> 0 | DL7: =BU7-CW7 -> 0 | DM7: =BV7-CX7 -> 0 | DN7: =BW7-CY7 -> 0 | DO7: =BX7-CZ7 -> 0 | ... DT7: =CC7-DE7 -> 0 | DV7: =B7 -> 0 | DW7: =-((IF($DV7="Teknisk/adm. bistand/Feltassistent",IF(Budsjett!BC7*(1+Tabeller!$I$61)>Tabeller!I$55,Tabeller!I$55,Budsjett!BC7*(1+Tabeller!$I$61)),0)+(IF($DV7="Forsker - professor",Tabeller!I$55*J7,0)+IF($DV7="Prosjektleder/adm.leder",Tabeller!I$54*J7,0)+IF($DV7="Forsker - 1.aman.",Tabeller!I$56*J7,0)+IF($DV7="Gjesteforsker",Tabeller!I$57*J7,0)+IF($DV7="Postdoktor / forsker",Tabeller!I$58*J7,0)+IF($DV7="Stipendiat",Tabeller!I$59*J7,0)+IF($DV7="Forsker (rundsum)",Tabeller!#REF!*J7,0)+IF($DV7="Vit.ass",Tabeller!I$60*J7,0))/1)) -> 0 | DX7: =-((IF($DV7="Teknisk/adm. bistand/Feltassistent",IF(Budsjett!BD7*(1+Tabeller!$I$61)>Tabeller!J$55,Tabeller!J$55,Budsjett!BD7*(1+Tabeller!$I$61)),0)+(IF($DV7="Forsker - professor",Tabeller!J$55*K7,0)+IF($DV7="Prosjektleder/adm.leder",Tabeller!J$54*K7,0)+IF($DV7="Forsker - 1.aman.",Tabeller!J$56*K7,0)+IF($DV7="Gjesteforsker",Tabeller!J$57*K7,0)+IF($DV7="Postdoktor / forsker",Tabeller!J$58*K7,0)+IF($DV7="Stipendiat",Tabeller!J$59*K7,0)+IF($DV7="Forsker (rundsum)",Tabeller!#REF!*K7,0)+IF($DV7="Vit.ass",Tabeller!J$60*K7,0))/1)) -> 0 | DY7: =-((IF($DV7="Teknisk/adm. bistand/Feltassistent",IF(Budsjett!BE7*(1+Tabeller!$I$61)>Tabeller!K$55,Tabeller!K$55,Budsjett!BE7*(1+Tabeller!$I$61)),0)+(IF($DV7="Forsker - professor",Tabeller!K$55*L7,0)+IF($DV7="Prosjektleder/adm.leder",Tabeller!K$54*L7,0)+IF($DV7="Forsker - 1.aman.",Tabeller!K$56*L7,0)+IF($DV7="Gjesteforsker",Tabeller!K$57*L7,0)+IF($DV7="Postdoktor / forsker",Tabeller!K$58*L7,0)+IF($DV7="Stipendiat",Tabeller!K$59*L7,0)+IF($DV7="Forsker (rundsum)",Tabeller!#REF!*L7,0)+IF($DV7="Vit.ass",Tabeller!K$60*L7,0))/1)) -> 0 | DZ7: =-((IF($DV7="Teknisk/adm. bistand/Feltassistent",IF(Budsjett!BF7*(1+Tabeller!$I$61)>Tabeller!L$55,Tabeller!L$55,Budsjett!BF7*(1+Tabeller!$I$61)),0)+(IF($DV7="Forsker - professor",Tabeller!L$55*M7,0)+IF($DV7="Prosjektleder/adm.leder",Tabeller!L$54*M7,0)+IF($DV7="Forsker - 1.aman.",Tabeller!L$56*M7,0)+IF($DV7="Gjesteforsker",Tabeller!L$57*M7,0)+IF($DV7="Postdoktor / forsker",Tabeller!L$58*M7,0)+IF($DV7="Stipendiat",Tabeller!L$59*M7,0)+IF($DV7="Forsker (rundsum)",Tabeller!#REF!*M7,0)+IF($DV7="Vit.ass",Tabeller!L$60*M7,0))/1)) -> 0 | EA7: =-((IF($DV7="Teknisk/adm. bistand/Feltassistent",IF(Budsjett!BG7*(1+Tabeller!$I$61)>Tabeller!M$55,Tabeller!M$55,Budsjett!BG7*(1+Tabeller!$I$61)),0)+(IF($DV7="Forsker - professor",Tabeller!M$55*N7,0)+IF($DV7="Prosjektleder/adm.leder",Tabeller!M$54*N7,0)+IF($DV7="Forsker - 1.aman.",Tabeller!M$56*N7,0)+IF($DV7="Gjesteforsker",Tabeller!M$57*N7,0)+IF($DV7="Postdoktor / forsker",Tabeller!M$58*N7,0)+IF($DV7="Stipendiat",Tabeller!M$59*N7,0)+IF($DV7="Forsker (rundsum)",Tabeller!#REF!*N7,0)+IF($DV7="Vit.ass",Tabeller!M$60*N7,0))/1)) -> 0 | EB7: =-((IF($DV7="Teknisk/adm. bistand/Feltassistent",IF(Budsjett!BH7*(1+Tabeller!$I$61)>Tabeller!N$55,Tabeller!N$55,Budsjett!BH7*(1+Tabeller!$I$61)),0)+(IF($DV7="Forsker - professor",Tabeller!N$55*O7,0)+IF($DV7="Prosjektleder/adm.leder",Tabeller!N$54*O7,0)+IF($DV7="Forsker - 1.aman.",Tabeller!N$56*O7,0)+IF($DV7="Gjesteforsker",Tabeller!N$57*O7,0)+IF($DV7="Postdoktor / forsker",Tabeller!N$58*O7,0)+IF($DV7="Stipendiat",Tabeller!N$59*O7,0)+IF($DV7="Forsker (rundsum)",Tabeller!#REF!*O7,0)+IF($DV7="Vit.ass",Tabeller!N$60*O7,0))/1)) -> 0 | EC7: =-((IF($DV7="Teknisk/adm. bistand/Feltassistent",IF(Budsjett!BI7*(1+Tabeller!$I$61)>Tabeller!O$55,Tabeller!O$55,Budsjett!BI7*(1+Tabeller!$I$61)),0)+(IF($DV7="Forsker - professor",Tabeller!O$55*P7,0)+IF($DV7="Prosjektleder/adm.leder",Tabeller!O$54*P7,0)+IF($DV7="Forsker - 1.aman.",Tabeller!O$56*P7,0)+IF($DV7="Gjesteforsker",Tabeller!O$57*P7,0)+IF($DV7="Postdoktor / forsker",Tabeller!O$58*P7,0)+IF($DV7="Stipendiat",Tabeller!O$59*P7,0)+IF($DV7="Forsker (rundsum)",Tabeller!#REF!*P7,0)+IF($DV7="Vit.ass",Tabeller!O$60*P7,0))/1)) -> 0 | ED7: =-((IF($DV7="Teknisk/adm. bistand/Feltassistent",IF(Budsjett!BJ7*(1+Tabeller!$I$61)>Tabeller!P$55,Tabeller!P$55,Budsjett!BJ7*(1+Tabeller!$I$61)),0)+(IF($DV7="Forsker - professor",Tabeller!P$55*Q7,0)+IF($DV7="Prosjektleder/adm.leder",Tabeller!P$54*Q7,0)+IF($DV7="Forsker - 1.aman.",Tabeller!P$56*Q7,0)+IF($DV7="Gjesteforsker",Tabeller!P$57*Q7,0)+IF($DV7="Postdoktor / forsker",Tabeller!P$58*Q7,0)+IF($DV7="Stipendiat",Tabeller!P$59*Q7,0)+IF($DV7="Forsker (rundsum)",Tabeller!#REF!*Q7,0)+IF($DV7="Vit.ass",Tabeller!P$60*Q7,0))/1)) -> 0 | ... EI7: =-((IF($DV7="Teknisk/adm. bistand/Feltassistent",IF(Budsjett!BO7*(1+Tabeller!$I$61)>Tabeller!U$55,Tabeller!U$55,Budsjett!BO7*(1+Tabeller!$I$61)),0)+(IF($DV7="Forsker - professor",Tabeller!U$55*V7,0)+IF($DV7="Prosjektleder/adm.leder",Tabeller!U$54*V7,0)+IF($DV7="Forsker - 1.aman.",Tabeller!U$56*V7,0)+IF($DV7="Gjesteforsker",Tabeller!U$57*V7,0)+IF($DV7="Postdoktor / forsker",Tabeller!U$58*V7,0)+IF($DV7="Stipendiat",Tabeller!U$59*V7,0)+IF($DV7="Forsker (rundsum)",Tabeller!#REF!*V7,0)+IF($DV7="Vit.ass",Tabeller!U$60*V7,0))/1)) -> 0 | EJ7: =SUM(DW7:EI7) -> 0 | EM7: =DV7 -> 0 | EN7: =IF($G7="NFR",DW7,0) -> 0 | EO7: =IF($G7="NFR",DX7,0) -> 0 | EP7: =IF($G7="NFR",DY7,0) -> 0 | EQ7: =IF($G7="NFR",DZ7,0) -> 0 | ER7: =IF($G7="NFR",EA7,0) -> 0 | ES7: =IF($G7="NFR",EB7,0) -> 0 | ET7: =IF($G7="NFR",EC7,0) -> 0 | EU7: =IF($G7="NFR",ED7,0) -> 0 | ... EZ7: =IF($G7="NFR",EI7,0) -> 0 | FA7: =SUM(EN7:EZ7) -> 0 | FC7: =EM7 -> 0 | FD7: =IF($G7=$FC$1,DW7,0) -> 0 | FE7: =IF($G7=$FC$1,DX7,0) -> 0 | FF7: =IF($G7=$FC$1,DY7,0) -> 0 | FG7: =IF($G7=$FC$1,DZ7,0) -> 0 | FH7: =IF($G7=$FC$1,EA7,0) -> 0 | FI7: =IF($G7=$FC$1,EB7,0) -> 0 | FJ7: =IF($G7=$FC$1,EC7,0) -> 0 | FK7: =IF($G7=$FC$1,ED7,0) -> 0 | ... FP7: =IF($G7=$FC$1,EI7,0) -> 0 | FQ7: =SUM(FD7:FP7) -> 0 | FS7: =FC7 -> 0 | FT7: =IF($G7=$FS$1,DW7,0) -> 0 | FU7: =IF($G7=$FS$1,DX7,0) -> 0 | FV7: =IF($G7=$FS$1,DY7,0) -> 0 | FW7: =IF($G7=$FS$1,DZ7,0) -> 0 | FX7: =IF($G7=$FS$1,EA7,0) -> 0 | FY7: =IF($G7=$FS$1,EB7,0) -> 0 | FZ7: =IF($G7=$FS$1,EC7,0) -> 0 | GA7: =IF($G7=$FS$1,ED7,0) -> 0 | ... GF7: =IF($G7=$FS$1,EI7,0) -> 0 | GG7: =SUM(FT7:GF7) -> 0 | GI7: =FS7 -> 0 | GJ7: =IF($G7=$GI$1,DW7,0) -> 0 | GK7: =IF($G7=$GI$1,DX7,0) -> 0 | GL7: =IF($G7=$GI$1,DY7,0) -> 0 | GM7: =IF($G7=$GI$1,DZ7,0) -> 0 | GN7: =IF($G7=$GI$1,EA7,0) -> 0 | GO7: =IF($G7=$GI$1,EB7,0) -> 0 | GP7: =IF($G7=$GI$1,EC7,0) -> 0 | GQ7: =IF($G7=$GI$1,ED7,0) -> 0 | ... GV7: =IF($G7=$GI$1,EI7,0) -> 0 | GW7: =SUM(GJ7:GV7) -> 0 | GZ7: =GI7 -> 0 | HN7: =SUM(HA7:HM7) -> 0 | HQ7: =IF(Registrering!$B$21="Prosjekter som foregår i UiOs lokaler",IF($B7="Teknisk/adm. bistand/Feltassistent",J7*Tabeller!J$11,J7*Tabeller!J$10)/Tabeller!$H$5,IF($B7="Teknisk/adm. bistand/Feltassistent",J7*Tabeller!J$13,J7*Tabeller!J$12)/Tabeller!$H$5) -> 0 | HR7: =IF(Registrering!$B$21="Prosjekter som foregår i UiOs lokaler",IF($B7="Teknisk/adm. bistand/Feltassistent",K7*Tabeller!K$11,K7*Tabeller!K$10)/Tabeller!$H$5,IF($B7="Teknisk/adm. bistand/Feltassistent",K7*Tabeller!K$13,K7*Tabeller!K$12)/Tabeller!$H$5) -> 0 | HS7: =IF(Registrering!$B$21="Prosjekter som foregår i UiOs lokaler",IF($B7="Teknisk/adm. bistand/Feltassistent",L7*Tabeller!L$11,L7*Tabeller!L$10)/Tabeller!$H$5,IF($B7="Teknisk/adm. bistand/Feltassistent",L7*Tabeller!L$13,L7*Tabeller!L$12)/Tabeller!$H$5) -> 0 | HT7: =IF(Registrering!$B$21="Prosjekter som foregår i UiOs lokaler",IF($B7="Teknisk/adm. bistand/Feltassistent",M7*Tabeller!M$11,M7*Tabeller!M$10)/Tabeller!$H$5,IF($B7="Teknisk/adm. bistand/Feltassistent",M7*Tabeller!M$13,M7*Tabeller!M$12)/Tabeller!$H$5) -> 0 | HU7: =IF(Registrering!$B$21="Prosjekter som foregår i UiOs lokaler",IF($B7="Teknisk/adm. bistand/Feltassistent",N7*Tabeller!N$11,N7*Tabeller!N$10)/Tabeller!$H$5,IF($B7="Teknisk/adm. bistand/Feltassistent",N7*Tabeller!N$13,N7*Tabeller!N$12)/Tabeller!$H$5) -> 0 | HV7: =IF(Registrering!$B$21="Prosjekter som foregår i UiOs lokaler",IF($B7="Teknisk/adm. bistand/Feltassistent",O7*Tabeller!O$11,O7*Tabeller!O$10)/Tabeller!$H$5,IF($B7="Teknisk/adm. bistand/Feltassistent",O7*Tabeller!O$13,O7*Tabeller!O$12)/Tabeller!$H$5) -> 0 | HW7: =IF(Registrering!$B$21="Prosjekter som foregår i UiOs lokaler",IF($B7="Teknisk/adm. bistand/Feltassistent",P7*Tabeller!P$11,P7*Tabeller!P$10)/Tabeller!$H$5,IF($B7="Teknisk/adm. bistand/Feltassistent",P7*Tabeller!P$13,P7*Tabeller!P$12)/Tabeller!$H$5) -> 0 | HX7: =IF(Registrering!$B$21="Prosjekter som foregår i UiOs lokaler",IF($B7="Teknisk/adm. bistand/Feltassistent",Q7*Tabeller!Q$11,Q7*Tabeller!Q$10)/Tabeller!$H$5,IF($B7="Teknisk/adm. bistand/Feltassistent",Q7*Tabeller!Q$13,Q7*Tabeller!Q$12)/Tabeller!$H$5) -> 0 | ... IC7: =IF(Registrering!$B$21="Prosjekter som foregår i UiOs lokaler",IF($B7="Teknisk/adm. bistand/Feltassistent",V7*Tabeller!V$11,V7*Tabeller!V$10)/Tabeller!$H$5,IF($B7="Teknisk/adm. bistand/Feltassistent",V7*Tabeller!V$13,V7*Tabeller!V$12)/Tabeller!$H$5) -> 0
C8: =SUM(BC8:BO8) -> 0 | D8: =IFERROR(IF(B8="Teknisk/adm. bistand/Feltassistent",F8*Tabeller!I$8,Budsjett!F8*Tabeller!H$8),0) -> 0 | E8: =SUM(C8:D8) -> 0 | F8: =SUM(J8:V8)/Tabeller!H$5 -> 0 | AR8: =H8 -> 0 | AS8: =AR8*Tabeller!$I$35 -> 0 | AT8: =IF(AR8>0,(AS8-400)/52*47,0) -> 0 | AU8: =AT8*Tabeller!$H$26 -> 0 | AV8: =SUM(AT8:AU8,AW8)*Tabeller!$H$28 -> 0 | AW8: =AS8*Tabeller!$H$27 -> 0 | AX8: =SUM(AT8:AW8) -> 0 | AY8: =AX8+(IF(B8="Teknisk adm bistand",Registrering!$E$43,Registrering!$B$43)) -> 501000 | AZ8: =AY8/Tabeller!$H$5 -> 307.73956 | BC8: =((J8*Budsjett!$AZ8)*(Tabeller!I$35)) -> 0 | BD8: =((K8*Budsjett!$AZ8)*(Tabeller!J$35)) -> 0 | BE8: =((L8*Budsjett!$AZ8)*(Tabeller!K$35)) -> 0 | BF8: =((M8*Budsjett!$AZ8)*(Tabeller!L$35)) -> 0 | BG8: =((N8*Budsjett!$AZ8)*(Tabeller!M$35)) -> 0 | BH8: =((O8*Budsjett!$AZ8)*(Tabeller!N$35)) -> 0 | BI8: =((P8*Budsjett!$AZ8)*(Tabeller!O$35)) -> 0 | BJ8: =((Q8*Budsjett!$AZ8)*(Tabeller!P$35)) -> 0 | ... BO8: =((V8*Budsjett!$AZ8)*(Tabeller!U$35)) -> 0 | BQ8: =IFERROR(IF($B8="Teknisk/adm. bistand/Feltassistent",CE8*Tabeller!J$11,Budsjett!CE8*Tabeller!J$10),0) -> 0 | BR8: =IFERROR(IF($B8="Teknisk/adm. bistand/Feltassistent",CF8*Tabeller!K$11,Budsjett!CF8*Tabeller!K$10),0) -> 0 | BS8: =IFERROR(IF($B8="Teknisk/adm. bistand/Feltassistent",CG8*Tabeller!L$11,Budsjett!CG8*Tabeller!L$10),0) -> 0 | BT8: =IFERROR(IF($B8="Teknisk/adm. bistand/Feltassistent",CH8*Tabeller!M$11,Budsjett!CH8*Tabeller!M$10),0) -> 0 | BU8: =IFERROR(IF($B8="Teknisk/adm. bistand/Feltassistent",CI8*Tabeller!N$11,Budsjett!CI8*Tabeller!N$10),0) -> 0 | BV8: =IFERROR(IF($B8="Teknisk/adm. bistand/Feltassistent",CJ8*Tabeller!O$11,Budsjett!CJ8*Tabeller!O$10),0) -> 0 | BW8: =IFERROR(IF($B8="Teknisk/adm. bistand/Feltassistent",CK8*Tabeller!P$11,Budsjett!CK8*Tabeller!P$10),0) -> 0 | BX8: =IFERROR(IF($B8="Teknisk/adm. bistand/Feltassistent",CL8*Tabeller!Q$11,Budsjett!CL8*Tabeller!Q$10),0) -> 0 | ... CC8: =IFERROR(IF($B8="Teknisk/adm. bistand/Feltassistent",CQ8*Tabeller!V$11,Budsjett!CQ8*Tabeller!V$10),0) -> 0 | CE8: =J8/Tabeller!$H$5 -> 0 | CF8: =K8/Tabeller!$H$5 -> 0 | CG8: =L8/Tabeller!$H$5 -> 0 | CH8: =M8/Tabeller!$H$5 -> 0 | CI8: =N8/Tabeller!$H$5 -> 0 | CJ8: =O8/Tabeller!$H$5 -> 0 | CK8: =P8/Tabeller!$H$5 -> 0 | CL8: =Q8/Tabeller!$H$5 -> 0 | ... CQ8: =V8/Tabeller!$H$5 -> 0 | CS8: =IFERROR(IF($E$61=$L$61,BC8*#REF!,BC8*Budsjett!#REF!),0) -> 0 | CT8: =IFERROR(IF($E$61=$L$61,BD8*#REF!,BD8*Budsjett!#REF!),0) -> 0 | CU8: =IFERROR(IF($E$61=$L$61,BE8*#REF!,BE8*Budsjett!#REF!),0) -> 0 | CV8: =IFERROR(IF($E$61=$L$61,BF8*#REF!,BF8*Budsjett!#REF!),0) -> 0 | CW8: =IFERROR(IF($E$61=$L$61,BG8*#REF!,BG8*Budsjett!#REF!),0) -> 0 | CX8: =IFERROR(IF($E$61=$L$61,BH8*#REF!,BH8*Budsjett!#REF!),0) -> 0 | CY8: =IFERROR(IF($E$61=$L$61,BI8*#REF!,BI8*Budsjett!#REF!),0) -> 0 | CZ8: =IFERROR(IF($E$61=$L$61,BJ8*#REF!,BJ8*Budsjett!#REF!),0) -> 0 | ... DE8: =IFERROR(IF($E$61=$L$61,BO8*#REF!,BO8*Budsjett!#REF!),0) -> 0 | DH8: =BQ8-CS8 -> 0 | DI8: =BR8-CT8 -> 0 | DJ8: =BS8-CU8 -> 0 | DK8: =BT8-CV8 -> 0 | DL8: =BU8-CW8 -> 0 | DM8: =BV8-CX8 -> 0 | DN8: =BW8-CY8 -> 0 | DO8: =BX8-CZ8 -> 0 | ... DT8: =CC8-DE8 -> 0 | DV8: =B8 -> 0 | DW8: =-((IF($DV8="Teknisk/adm. bistand/Feltassistent",IF(Budsjett!BC8*(1+Tabeller!$I$61)>Tabeller!I$55,Tabeller!I$55,Budsjett!BC8*(1+Tabeller!$I$61)),0)+(IF($DV8="Forsker - professor",Tabeller!I$55*J8,0)+IF($DV8="Prosjektleder/adm.leder",Tabeller!I$54*J8,0)+IF($DV8="Forsker - 1.aman.",Tabeller!I$56*J8,0)+IF($DV8="Gjesteforsker",Tabeller!I$57*J8,0)+IF($DV8="Postdoktor / forsker",Tabeller!I$58*J8,0)+IF($DV8="Stipendiat",Tabeller!I$59*J8,0)+IF($DV8="Forsker (rundsum)",Tabeller!#REF!*J8,0)+IF($DV8="Vit.ass",Tabeller!I$60*J8,0))/1)) -> 0 | DX8: =-((IF($DV8="Teknisk/adm. bistand/Feltassistent",IF(Budsjett!BD8*(1+Tabeller!$I$61)>Tabeller!J$55,Tabeller!J$55,Budsjett!BD8*(1+Tabeller!$I$61)),0)+(IF($DV8="Forsker - professor",Tabeller!J$55*K8,0)+IF($DV8="Prosjektleder/adm.leder",Tabeller!J$54*K8,0)+IF($DV8="Forsker - 1.aman.",Tabeller!J$56*K8,0)+IF($DV8="Gjesteforsker",Tabeller!J$57*K8,0)+IF($DV8="Postdoktor / forsker",Tabeller!J$58*K8,0)+IF($DV8="Stipendiat",Tabeller!J$59*K8,0)+IF($DV8="Forsker (rundsum)",Tabeller!#REF!*K8,0)+IF($DV8="Vit.ass",Tabeller!J$60*K8,0))/1)) -> 0 | DY8: =-((IF($DV8="Teknisk/adm. bistand/Feltassistent",IF(Budsjett!BE8*(1+Tabeller!$I$61)>Tabeller!K$55,Tabeller!K$55,Budsjett!BE8*(1+Tabeller!$I$61)),0)+(IF($DV8="Forsker - professor",Tabeller!K$55*L8,0)+IF($DV8="Prosjektleder/adm.leder",Tabeller!K$54*L8,0)+IF($DV8="Forsker - 1.aman.",Tabeller!K$56*L8,0)+IF($DV8="Gjesteforsker",Tabeller!K$57*L8,0)+IF($DV8="Postdoktor / forsker",Tabeller!K$58*L8,0)+IF($DV8="Stipendiat",Tabeller!K$59*L8,0)+IF($DV8="Forsker (rundsum)",Tabeller!#REF!*L8,0)+IF($DV8="Vit.ass",Tabeller!K$60*L8,0))/1)) -> 0 | DZ8: =-((IF($DV8="Teknisk/adm. bistand/Feltassistent",IF(Budsjett!BF8*(1+Tabeller!$I$61)>Tabeller!L$55,Tabeller!L$55,Budsjett!BF8*(1+Tabeller!$I$61)),0)+(IF($DV8="Forsker - professor",Tabeller!L$55*M8,0)+IF($DV8="Prosjektleder/adm.leder",Tabeller!L$54*M8,0)+IF($DV8="Forsker - 1.aman.",Tabeller!L$56*M8,0)+IF($DV8="Gjesteforsker",Tabeller!L$57*M8,0)+IF($DV8="Postdoktor / forsker",Tabeller!L$58*M8,0)+IF($DV8="Stipendiat",Tabeller!L$59*M8,0)+IF($DV8="Forsker (rundsum)",Tabeller!#REF!*M8,0)+IF($DV8="Vit.ass",Tabeller!L$60*M8,0))/1)) -> 0 | EA8: =-((IF($DV8="Teknisk/adm. bistand/Feltassistent",IF(Budsjett!BG8*(1+Tabeller!$I$61)>Tabeller!M$55,Tabeller!M$55,Budsjett!BG8*(1+Tabeller!$I$61)),0)+(IF($DV8="Forsker - professor",Tabeller!M$55*N8,0)+IF($DV8="Prosjektleder/adm.leder",Tabeller!M$54*N8,0)+IF($DV8="Forsker - 1.aman.",Tabeller!M$56*N8,0)+IF($DV8="Gjesteforsker",Tabeller!M$57*N8,0)+IF($DV8="Postdoktor / forsker",Tabeller!M$58*N8,0)+IF($DV8="Stipendiat",Tabeller!M$59*N8,0)+IF($DV8="Forsker (rundsum)",Tabeller!#REF!*N8,0)+IF($DV8="Vit.ass",Tabeller!M$60*N8,0))/1)) -> 0 | EB8: =-((IF($DV8="Teknisk/adm. bistand/Feltassistent",IF(Budsjett!BH8*(1+Tabeller!$I$61)>Tabeller!N$55,Tabeller!N$55,Budsjett!BH8*(1+Tabeller!$I$61)),0)+(IF($DV8="Forsker - professor",Tabeller!N$55*O8,0)+IF($DV8="Prosjektleder/adm.leder",Tabeller!N$54*O8,0)+IF($DV8="Forsker - 1.aman.",Tabeller!N$56*O8,0)+IF($DV8="Gjesteforsker",Tabeller!N$57*O8,0)+IF($DV8="Postdoktor / forsker",Tabeller!N$58*O8,0)+IF($DV8="Stipendiat",Tabeller!N$59*O8,0)+IF($DV8="Forsker (rundsum)",Tabeller!#REF!*O8,0)+IF($DV8="Vit.ass",Tabeller!N$60*O8,0))/1)) -> 0 | EC8: =-((IF($DV8="Teknisk/adm. bistand/Feltassistent",IF(Budsjett!BI8*(1+Tabeller!$I$61)>Tabeller!O$55,Tabeller!O$55,Budsjett!BI8*(1+Tabeller!$I$61)),0)+(IF($DV8="Forsker - professor",Tabeller!O$55*P8,0)+IF($DV8="Prosjektleder/adm.leder",Tabeller!O$54*P8,0)+IF($DV8="Forsker - 1.aman.",Tabeller!O$56*P8,0)+IF($DV8="Gjesteforsker",Tabeller!O$57*P8,0)+IF($DV8="Postdoktor / forsker",Tabeller!O$58*P8,0)+IF($DV8="Stipendiat",Tabeller!O$59*P8,0)+IF($DV8="Forsker (rundsum)",Tabeller!#REF!*P8,0)+IF($DV8="Vit.ass",Tabeller!O$60*P8,0))/1)) -> 0 | ED8: =-((IF($DV8="Teknisk/adm. bistand/Feltassistent",IF(Budsjett!BJ8*(1+Tabeller!$I$61)>Tabeller!P$55,Tabeller!P$55,Budsjett!BJ8*(1+Tabeller!$I$61)),0)+(IF($DV8="Forsker - professor",Tabeller!P$55*Q8,0)+IF($DV8="Prosjektleder/adm.leder",Tabeller!P$54*Q8,0)+IF($DV8="Forsker - 1.aman.",Tabeller!P$56*Q8,0)+IF($DV8="Gjesteforsker",Tabeller!P$57*Q8,0)+IF($DV8="Postdoktor / forsker",Tabeller!P$58*Q8,0)+IF($DV8="Stipendiat",Tabeller!P$59*Q8,0)+IF($DV8="Forsker (rundsum)",Tabeller!#REF!*Q8,0)+IF($DV8="Vit.ass",Tabeller!P$60*Q8,0))/1)) -> 0 | ... EI8: =-((IF($DV8="Teknisk/adm. bistand/Feltassistent",IF(Budsjett!BO8*(1+Tabeller!$I$61)>Tabeller!U$55,Tabeller!U$55,Budsjett!BO8*(1+Tabeller!$I$61)),0)+(IF($DV8="Forsker - professor",Tabeller!U$55*V8,0)+IF($DV8="Prosjektleder/adm.leder",Tabeller!U$54*V8,0)+IF($DV8="Forsker - 1.aman.",Tabeller!U$56*V8,0)+IF($DV8="Gjesteforsker",Tabeller!U$57*V8,0)+IF($DV8="Postdoktor / forsker",Tabeller!U$58*V8,0)+IF($DV8="Stipendiat",Tabeller!U$59*V8,0)+IF($DV8="Forsker (rundsum)",Tabeller!#REF!*V8,0)+IF($DV8="Vit.ass",Tabeller!U$60*V8,0))/1)) -> 0 | EJ8: =SUM(DW8:EI8) -> 0 | EM8: =DV8 -> 0 | EN8: =IF($G8="NFR",DW8,0) -> 0 | EO8: =IF($G8="NFR",DX8,0) -> 0 | EP8: =IF($G8="NFR",DY8,0) -> 0 | EQ8: =IF($G8="NFR",DZ8,0) -> 0 | ER8: =IF($G8="NFR",EA8,0) -> 0 | ES8: =IF($G8="NFR",EB8,0) -> 0 | ET8: =IF($G8="NFR",EC8,0) -> 0 | EU8: =IF($G8="NFR",ED8,0) -> 0 | ... EZ8: =IF($G8="NFR",EI8,0) -> 0 | FA8: =SUM(EN8:EZ8) -> 0 | FC8: =EM8 -> 0 | FD8: =IF($G8=$FC$1,DW8,0) -> 0 | FE8: =IF($G8=$FC$1,DX8,0) -> 0 | FF8: =IF($G8=$FC$1,DY8,0) -> 0 | FG8: =IF($G8=$FC$1,DZ8,0) -> 0 | FH8: =IF($G8=$FC$1,EA8,0) -> 0 | FI8: =IF($G8=$FC$1,EB8,0) -> 0 | FJ8: =IF($G8=$FC$1,EC8,0) -> 0 | FK8: =IF($G8=$FC$1,ED8,0) -> 0 | ... FP8: =IF($G8=$FC$1,EI8,0) -> 0 | FQ8: =SUM(FD8:FP8) -> 0 | FS8: =FC8 -> 0 | FT8: =IF($G8=$FS$1,DW8,0) -> 0 | FU8: =IF($G8=$FS$1,DX8,0) -> 0 | FV8: =IF($G8=$FS$1,DY8,0) -> 0 | FW8: =IF($G8=$FS$1,DZ8,0) -> 0 | FX8: =IF($G8=$FS$1,EA8,0) -> 0 | FY8: =IF($G8=$FS$1,EB8,0) -> 0 | FZ8: =IF($G8=$FS$1,EC8,0) -> 0 | GA8: =IF($G8=$FS$1,ED8,0) -> 0 | ... GF8: =IF($G8=$FS$1,EI8,0) -> 0 | GG8: =SUM(FT8:GF8) -> 0 | GI8: =FS8 -> 0 | GJ8: =IF($G8=$GI$1,DW8,0) -> 0 | GK8: =IF($G8=$GI$1,DX8,0) -> 0 | GL8: =IF($G8=$GI$1,DY8,0) -> 0 | GM8: =IF($G8=$GI$1,DZ8,0) -> 0 | GN8: =IF($G8=$GI$1,EA8,0) -> 0 | GO8: =IF($G8=$GI$1,EB8,0) -> 0 | GP8: =IF($G8=$GI$1,EC8,0) -> 0 | GQ8: =IF($G8=$GI$1,ED8,0) -> 0 | ... GV8: =IF($G8=$GI$1,EI8,0) -> 0 | GW8: =SUM(GJ8:GV8) -> 0 | GZ8: =GI8 -> 0 | HN8: =SUM(HA8:HM8) -> 0 | HQ8: =IF(Registrering!$B$21="Prosjekter som foregår i UiOs lokaler",IF($B8="Teknisk/adm. bistand/Feltassistent",J8*Tabeller!J$11,J8*Tabeller!J$10)/Tabeller!$H$5,IF($B8="Teknisk/adm. bistand/Feltassistent",J8*Tabeller!J$13,J8*Tabeller!J$12)/Tabeller!$H$5) -> 0 | HR8: =IF(Registrering!$B$21="Prosjekter som foregår i UiOs lokaler",IF($B8="Teknisk/adm. bistand/Feltassistent",K8*Tabeller!K$11,K8*Tabeller!K$10)/Tabeller!$H$5,IF($B8="Teknisk/adm. bistand/Feltassistent",K8*Tabeller!K$13,K8*Tabeller!K$12)/Tabeller!$H$5) -> 0
C9: =SUM(BC9:BO9) -> 0 | D9: =IFERROR(IF(B9="Teknisk/adm. bistand/Feltassistent",F9*Tabeller!I$8,Budsjett!F9*Tabeller!H$8),0) -> 0 | E9: =SUM(C9:D9) -> 0 | F9: =SUM(J9:V9)/Tabeller!H$5 -> 0 | AR9: =H9 -> 0 | AS9: =AR9*Tabeller!$I$35 -> 0 | AT9: =IF(AR9>0,(AS9-400)/52*47,0) -> 0 | AU9: =AT9*Tabeller!$H$26 -> 0 | AV9: =SUM(AT9:AU9,AW9)*Tabeller!$H$28 -> 0 | AW9: =AS9*Tabeller!$H$27 -> 0 | AX9: =SUM(AT9:AW9) -> 0 | AY9: =AX9+(IF(B9="Teknisk adm bistand",Registrering!$E$43,Registrering!$B$43)) -> 501000 | AZ9: =AY9/Tabeller!$H$5 -> 307.73956 | BC9: =((J9*Budsjett!$AZ9)*(Tabeller!I$35)) -> 0 | BD9: =((K9*Budsjett!$AZ9)*(Tabeller!J$35)) -> 0 | BE9: =((L9*Budsjett!$AZ9)*(Tabeller!K$35)) -> 0 | BF9: =((M9*Budsjett!$AZ9)*(Tabeller!L$35)) -> 0 | BG9: =((N9*Budsjett!$AZ9)*(Tabeller!M$35)) -> 0 | BH9: =((O9*Budsjett!$AZ9)*(Tabeller!N$35)) -> 0 | BI9: =((P9*Budsjett!$AZ9)*(Tabeller!O$35)) -> 0 | BJ9: =((Q9*Budsjett!$AZ9)*(Tabeller!P$35)) -> 0 | ... BO9: =((V9*Budsjett!$AZ9)*(Tabeller!U$35)) -> 0 | BQ9: =IFERROR(IF($B9="Teknisk/adm. bistand/Feltassistent",CE9*Tabeller!J$11,Budsjett!CE9*Tabeller!J$10),0) -> 0 | BR9: =IFERROR(IF($B9="Teknisk/adm. bistand/Feltassistent",CF9*Tabeller!K$11,Budsjett!CF9*Tabeller!K$10),0) -> 0 | BS9: =IFERROR(IF($B9="Teknisk/adm. bistand/Feltassistent",CG9*Tabeller!L$11,Budsjett!CG9*Tabeller!L$10),0) -> 0 | BT9: =IFERROR(IF($B9="Teknisk/adm. bistand/Feltassistent",CH9*Tabeller!M$11,Budsjett!CH9*Tabeller!M$10),0) -> 0 | BU9: =IFERROR(IF($B9="Teknisk/adm. bistand/Feltassistent",CI9*Tabeller!N$11,Budsjett!CI9*Tabeller!N$10),0) -> 0 | BV9: =IFERROR(IF($B9="Teknisk/adm. bistand/Feltassistent",CJ9*Tabeller!O$11,Budsjett!CJ9*Tabeller!O$10),0) -> 0 | BW9: =IFERROR(IF($B9="Teknisk/adm. bistand/Feltassistent",CK9*Tabeller!P$11,Budsjett!CK9*Tabeller!P$10),0) -> 0 | BX9: =IFERROR(IF($B9="Teknisk/adm. bistand/Feltassistent",CL9*Tabeller!Q$11,Budsjett!CL9*Tabeller!Q$10),0) -> 0 | ... CC9: =IFERROR(IF($B9="Teknisk/adm. bistand/Feltassistent",CQ9*Tabeller!V$11,Budsjett!CQ9*Tabeller!V$10),0) -> 0 | CE9: =J9/Tabeller!$H$5 -> 0 | CF9: =K9/Tabeller!$H$5 -> 0 | CG9: =L9/Tabeller!$H$5 -> 0 | CH9: =M9/Tabeller!$H$5 -> 0 | CI9: =N9/Tabeller!$H$5 -> 0 | CJ9: =O9/Tabeller!$H$5 -> 0 | CK9: =P9/Tabeller!$H$5 -> 0 | CL9: =Q9/Tabeller!$H$5 -> 0 | ... CQ9: =V9/Tabeller!$H$5 -> 0 | CS9: =IFERROR(IF($E$61=$L$61,BC9*#REF!,BC9*Budsjett!#REF!),0) -> 0 | CT9: =IFERROR(IF($E$61=$L$61,BD9*#REF!,BD9*Budsjett!#REF!),0) -> 0 | CU9: =IFERROR(IF($E$61=$L$61,BE9*#REF!,BE9*Budsjett!#REF!),0) -> 0 | CV9: =IFERROR(IF($E$61=$L$61,BF9*#REF!,BF9*Budsjett!#REF!),0) -> 0 | CW9: =IFERROR(IF($E$61=$L$61,BG9*#REF!,BG9*Budsjett!#REF!),0) -> 0 | CX9: =IFERROR(IF($E$61=$L$61,BH9*#REF!,BH9*Budsjett!#REF!),0) -> 0 | CY9: =IFERROR(IF($E$61=$L$61,BI9*#REF!,BI9*Budsjett!#REF!),0) -> 0 | CZ9: =IFERROR(IF($E$61=$L$61,BJ9*#REF!,BJ9*Budsjett!#REF!),0) -> 0 | ... DE9: =IFERROR(IF($E$61=$L$61,BO9*#REF!,BO9*Budsjett!#REF!),0) -> 0 | DH9: =BQ9-CS9 -> 0 | DI9: =BR9-CT9 -> 0 | DJ9: =BS9-CU9 -> 0 | DK9: =BT9-CV9 -> 0 | DL9: =BU9-CW9 -> 0 | DM9: =BV9-CX9 -> 0 | DN9: =BW9-CY9 -> 0 | DO9: =BX9-CZ9 -> 0 | ... DT9: =CC9-DE9 -> 0 | DV9: =B9 -> 0 | DW9: =-((IF($DV9="Teknisk/adm. bistand/Feltassistent",IF(Budsjett!BC9*(1+Tabeller!$I$61)>Tabeller!I$55,Tabeller!I$55,Budsjett!BC9*(1+Tabeller!$I$61)),0)+(IF($DV9="Forsker - professor",Tabeller!I$55*J9,0)+IF($DV9="Prosjektleder/adm.leder",Tabeller!I$54*J9,0)+IF($DV9="Forsker - 1.aman.",Tabeller!I$56*J9,0)+IF($DV9="Gjesteforsker",Tabeller!I$57*J9,0)+IF($DV9="Postdoktor / forsker",Tabeller!I$58*J9,0)+IF($DV9="Stipendiat",Tabeller!I$59*J9,0)+IF($DV9="Forsker (rundsum)",Tabeller!#REF!*J9,0)+IF($DV9="Vit.ass",Tabeller!I$60*J9,0))/1)) -> 0 | DX9: =-((IF($DV9="Teknisk/adm. bistand/Feltassistent",IF(Budsjett!BD9*(1+Tabeller!$I$61)>Tabeller!J$55,Tabeller!J$55,Budsjett!BD9*(1+Tabeller!$I$61)),0)+(IF($DV9="Forsker - professor",Tabeller!J$55*K9,0)+IF($DV9="Prosjektleder/adm.leder",Tabeller!J$54*K9,0)+IF($DV9="Forsker - 1.aman.",Tabeller!J$56*K9,0)+IF($DV9="Gjesteforsker",Tabeller!J$57*K9,0)+IF($DV9="Postdoktor / forsker",Tabeller!J$58*K9,0)+IF($DV9="Stipendiat",Tabeller!J$59*K9,0)+IF($DV9="Forsker (rundsum)",Tabeller!#REF!*K9,0)+IF($DV9="Vit.ass",Tabeller!J$60*K9,0))/1)) -> 0 | DY9: =-((IF($DV9="Teknisk/adm. bistand/Feltassistent",IF(Budsjett!BE9*(1+Tabeller!$I$61)>Tabeller!K$55,Tabeller!K$55,Budsjett!BE9*(1+Tabeller!$I$61)),0)+(IF($DV9="Forsker - professor",Tabeller!K$55*L9,0)+IF($DV9="Prosjektleder/adm.leder",Tabeller!K$54*L9,0)+IF($DV9="Forsker - 1.aman.",Tabeller!K$56*L9,0)+IF($DV9="Gjesteforsker",Tabeller!K$57*L9,0)+IF($DV9="Postdoktor / forsker",Tabeller!K$58*L9,0)+IF($DV9="Stipendiat",Tabeller!K$59*L9,0)+IF($DV9="Forsker (rundsum)",Tabeller!#REF!*L9,0)+IF($DV9="Vit.ass",Tabeller!K$60*L9,0))/1)) -> 0 | DZ9: =-((IF($DV9="Teknisk/adm. bistand/Feltassistent",IF(Budsjett!BF9*(1+Tabeller!$I$61)>Tabeller!L$55,Tabeller!L$55,Budsjett!BF9*(1+Tabeller!$I$61)),0)+(IF($DV9="Forsker - professor",Tabeller!L$55*M9,0)+IF($DV9="Prosjektleder/adm.leder",Tabeller!L$54*M9,0)+IF($DV9="Forsker - 1.aman.",Tabeller!L$56*M9,0)+IF($DV9="Gjesteforsker",Tabeller!L$57*M9,0)+IF($DV9="Postdoktor / forsker",Tabeller!L$58*M9,0)+IF($DV9="Stipendiat",Tabeller!L$59*M9,0)+IF($DV9="Forsker (rundsum)",Tabeller!#REF!*M9,0)+IF($DV9="Vit.ass",Tabeller!L$60*M9,0))/1)) -> 0 | EA9: =-((IF($DV9="Teknisk/adm. bistand/Feltassistent",IF(Budsjett!BG9*(1+Tabeller!$I$61)>Tabeller!M$55,Tabeller!M$55,Budsjett!BG9*(1+Tabeller!$I$61)),0)+(IF($DV9="Forsker - professor",Tabeller!M$55*N9,0)+IF($DV9="Prosjektleder/adm.leder",Tabeller!M$54*N9,0)+IF($DV9="Forsker - 1.aman.",Tabeller!M$56*N9,0)+IF($DV9="Gjesteforsker",Tabeller!M$57*N9,0)+IF($DV9="Postdoktor / forsker",Tabeller!M$58*N9,0)+IF($DV9="Stipendiat",Tabeller!M$59*N9,0)+IF($DV9="Forsker (rundsum)",Tabeller!#REF!*N9,0)+IF($DV9="Vit.ass",Tabeller!M$60*N9,0))/1)) -> 0 | EB9: =-((IF($DV9="Teknisk/adm. bistand/Feltassistent",IF(Budsjett!BH9*(1+Tabeller!$I$61)>Tabeller!N$55,Tabeller!N$55,Budsjett!BH9*(1+Tabeller!$I$61)),0)+(IF($DV9="Forsker - professor",Tabeller!N$55*O9,0)+IF($DV9="Prosjektleder/adm.leder",Tabeller!N$54*O9,0)+IF($DV9="Forsker - 1.aman.",Tabeller!N$56*O9,0)+IF($DV9="Gjesteforsker",Tabeller!N$57*O9,0)+IF($DV9="Postdoktor / forsker",Tabeller!N$58*O9,0)+IF($DV9="Stipendiat",Tabeller!N$59*O9,0)+IF($DV9="Forsker (rundsum)",Tabeller!#REF!*O9,0)+IF($DV9="Vit.ass",Tabeller!N$60*O9,0))/1)) -> 0 | EC9: =-((IF($DV9="Teknisk/adm. bistand/Feltassistent",IF(Budsjett!BI9*(1+Tabeller!$I$61)>Tabeller!O$55,Tabeller!O$55,Budsjett!BI9*(1+Tabeller!$I$61)),0)+(IF($DV9="Forsker - professor",Tabeller!O$55*P9,0)+IF($DV9="Prosjektleder/adm.leder",Tabeller!O$54*P9,0)+IF($DV9="Forsker - 1.aman.",Tabeller!O$56*P9,0)+IF($DV9="Gjesteforsker",Tabeller!O$57*P9,0)+IF($DV9="Postdoktor / forsker",Tabeller!O$58*P9,0)+IF($DV9="Stipendiat",Tabeller!O$59*P9,0)+IF($DV9="Forsker (rundsum)",Tabeller!#REF!*P9,0)+IF($DV9="Vit.ass",Tabeller!O$60*P9,0))/1)) -> 0 | ED9: =-((IF($DV9="Teknisk/adm. bistand/Feltassistent",IF(Budsjett!BJ9*(1+Tabeller!$I$61)>Tabeller!P$55,Tabeller!P$55,Budsjett!BJ9*(1+Tabeller!$I$61)),0)+(IF($DV9="Forsker - professor",Tabeller!P$55*Q9,0)+IF($DV9="Prosjektleder/adm.leder",Tabeller!P$54*Q9,0)+IF($DV9="Forsker - 1.aman.",Tabeller!P$56*Q9,0)+IF($DV9="Gjesteforsker",Tabeller!P$57*Q9,0)+IF($DV9="Postdoktor / forsker",Tabeller!P$58*Q9,0)+IF($DV9="Stipendiat",Tabeller!P$59*Q9,0)+IF($DV9="Forsker (rundsum)",Tabeller!#REF!*Q9,0)+IF($DV9="Vit.ass",Tabeller!P$60*Q9,0))/1)) -> 0 | ... EI9: =-((IF($DV9="Teknisk/adm. bistand/Feltassistent",IF(Budsjett!BO9*(1+Tabeller!$I$61)>Tabeller!U$55,Tabeller!U$55,Budsjett!BO9*(1+Tabeller!$I$61)),0)+(IF($DV9="Forsker - professor",Tabeller!U$55*V9,0)+IF($DV9="Prosjektleder/adm.leder",Tabeller!U$54*V9,0)+IF($DV9="Forsker - 1.aman.",Tabeller!U$56*V9,0)+IF($DV9="Gjesteforsker",Tabeller!U$57*V9,0)+IF($DV9="Postdoktor / forsker",Tabeller!U$58*V9,0)+IF($DV9="Stipendiat",Tabeller!U$59*V9,0)+IF($DV9="Forsker (rundsum)",Tabeller!#REF!*V9,0)+IF($DV9="Vit.ass",Tabeller!U$60*V9,0))/1)) -> 0 | EJ9: =SUM(DW9:EI9) -> 0 | EM9: =DV9 -> 0 | EN9: =IF($G9="NFR",DW9,0) -> 0 | EO9: =IF($G9="NFR",DX9,0) -> 0 | EP9: =IF($G9="NFR",DY9,0) -> 0 | EQ9: =IF($G9="NFR",DZ9,0) -> 0 | ER9: =IF($G9="NFR",EA9,0) -> 0 | ES9: =IF($G9="NFR",EB9,0) -> 0 | ET9: =IF($G9="NFR",EC9,0) -> 0 | EU9: =IF($G9="NFR",ED9,0) -> 0 | ... EZ9: =IF($G9="NFR",EI9,0) -> 0 | FA9: =SUM(EN9:EZ9) -> 0 | FC9: =EM9 -> 0 | FD9: =IF($G9=$FC$1,DW9,0) -> 0 | FE9: =IF($G9=$FC$1,DX9,0) -> 0 | FF9: =IF($G9=$FC$1,DY9,0) -> 0 | FG9: =IF($G9=$FC$1,DZ9,0) -> 0 | FH9: =IF($G9=$FC$1,EA9,0) -> 0 | FI9: =IF($G9=$FC$1,EB9,0) -> 0 | FJ9: =IF($G9=$FC$1,EC9,0) -> 0 | FK9: =IF($G9=$FC$1,ED9,0) -> 0 | ... FP9: =IF($G9=$FC$1,EI9,0) -> 0 | FQ9: =SUM(FD9:FP9) -> 0 | FS9: =FC9 -> 0 | FT9: =IF($G9=$FS$1,DW9,0) -> 0 | FU9: =IF($G9=$FS$1,DX9,0) -> 0 | FV9: =IF($G9=$FS$1,DY9,0) -> 0 | FW9: =IF($G9=$FS$1,DZ9,0) -> 0 | FX9: =IF($G9=$FS$1,EA9,0) -> 0 | FY9: =IF($G9=$FS$1,EB9,0) -> 0 | FZ9: =IF($G9=$FS$1,EC9,0) -> 0 | GA9: =IF($G9=$FS$1,ED9,0) -> 0 | ... GF9: =IF($G9=$FS$1,EI9,0) -> 0 | GG9: =SUM(FT9:GF9) -> 0 | GI9: =FS9 -> 0 | GJ9: =IF($G9=$GI$1,DW9,0) -> 0 | GK9: =IF($G9=$GI$1,DX9,0) -> 0 | GL9: =IF($G9=$GI$1,DY9,0) -> 0 | GM9: =IF($G9=$GI$1,DZ9,0) -> 0 | GN9: =IF($G9=$GI$1,EA9,0) -> 0 | GO9: =IF($G9=$GI$1,EB9,0) -> 0 | GP9: =IF($G9=$GI$1,EC9,0) -> 0 | GQ9: =IF($G9=$GI$1,ED9,0) -> 0 | ... GV9: =IF($G9=$GI$1,EI9,0) -> 0 | GW9: =SUM(GJ9:GV9) -> 0 | GZ9: =GI9 -> 0 | HN9: =SUM(HA9:HM9) -> 0 | HQ9: =IF(Registrering!$B$21="Prosjekter som foregår i UiOs lokaler",IF($B9="Teknisk/adm. bistand/Feltassistent",J9*Tabeller!J$11,J9*Tabeller!J$10)/Tabeller!$H$5,IF($B9="Teknisk/adm. bistand/Feltassistent",J9*Tabeller!J$13,J9*Tabeller!J$12)/Tabeller!$H$5) -> 0 | HR9: =IF(Registrering!$B$21="Prosjekter som foregår i UiOs lokaler",IF($B9="Teknisk/adm. bistand/Feltassistent",K9*Tabeller!K$11,K9*Tabeller!K$10)/Tabeller!$H$5,IF($B9="Teknisk/adm. bistand/Feltassistent",K9*Tabeller!K$13,K9*Tabeller!K$12)/Tabeller!$H$5) -> 0
C10: =SUM(BC10:BO10) -> 0 | D10: =IFERROR(IF(B10="Teknisk/adm. bistand/Feltassistent",F10*Tabeller!I$8,Budsjett!F10*Tabeller!H$8),0) -> 0 | E10: =SUM(C10:D10) -> 0 | F10: =SUM(J10:V10)/Tabeller!H$5 -> 0 | AR10: =H10 -> 0 | AS10: =AR10*Tabeller!$I$35 -> 0 | AT10: =IF(AR10>0,(AS10-400)/52*47,0) -> 0 | AU10: =AT10*Tabeller!$H$26 -> 0 | AV10: =SUM(AT10:AU10,AW10)*Tabeller!$H$28 -> 0 | AW10: =AS10*Tabeller!$H$27 -> 0 | AX10: =SUM(AT10:AW10) -> 0 | AY10: =AX10+(IF(B10="Teknisk adm bistand",Registrering!$E$43,Registrering!$B$43)) -> 501000 | AZ10: =AY10/Tabeller!$H$5 -> 307.73956 | BC10: =((J10*Budsjett!$AZ10)*(Tabeller!I$35)) -> 0 | BD10: =((K10*Budsjett!$AZ10)*(Tabeller!J$35)) -> 0 | BE10: =((L10*Budsjett!$AZ10)*(Tabeller!K$35)) -> 0 | BF10: =((M10*Budsjett!$AZ10)*(Tabeller!L$35)) -> 0 | BG10: =((N10*Budsjett!$AZ10)*(Tabeller!M$35)) -> 0 | BH10: =((O10*Budsjett!$AZ10)*(Tabeller!N$35)) -> 0 | BI10: =((P10*Budsjett!$AZ10)*(Tabeller!O$35)) -> 0 | BJ10: =((Q10*Budsjett!$AZ10)*(Tabeller!P$35)) -> 0 | ... BO10: =((V10*Budsjett!$AZ10)*(Tabeller!U$35)) -> 0 | BQ10: =IFERROR(IF($B10="Teknisk/adm. bistand/Feltassistent",CE10*Tabeller!J$11,Budsjett!CE10*Tabeller!J$10),0) -> 0 | BR10: =IFERROR(IF($B10="Teknisk/adm. bistand/Feltassistent",CF10*Tabeller!K$11,Budsjett!CF10*Tabeller!K$10),0) -> 0 | BS10: =IFERROR(IF($B10="Teknisk/adm. bistand/Feltassistent",CG10*Tabeller!L$11,Budsjett!CG10*Tabeller!L$10),0) -> 0 | BT10: =IFERROR(IF($B10="Teknisk/adm. bistand/Feltassistent",CH10*Tabeller!M$11,Budsjett!CH10*Tabeller!M$10),0) -> 0 | BU10: =IFERROR(IF($B10="Teknisk/adm. bistand/Feltassistent",CI10*Tabeller!N$11,Budsjett!CI10*Tabeller!N$10),0) -> 0 | BV10: =IFERROR(IF($B10="Teknisk/adm. bistand/Feltassistent",CJ10*Tabeller!O$11,Budsjett!CJ10*Tabeller!O$10),0) -> 0 | BW10: =IFERROR(IF($B10="Teknisk/adm. bistand/Feltassistent",CK10*Tabeller!P$11,Budsjett!CK10*Tabeller!P$10),0) -> 0 | BX10: =IFERROR(IF($B10="Teknisk/adm. bistand/Feltassistent",CL10*Tabeller!Q$11,Budsjett!CL10*Tabeller!Q$10),0) -> 0 | ... CC10: =IFERROR(IF($B10="Teknisk/adm. bistand/Feltassistent",CQ10*Tabeller!V$11,Budsjett!CQ10*Tabeller!V$10),0) -> 0 | CE10: =J10/Tabeller!$H$5 -> 0 | CF10: =K10/Tabeller!$H$5 -> 0 | CG10: =L10/Tabeller!$H$5 -> 0 | CH10: =M10/Tabeller!$H$5 -> 0 | CI10: =N10/Tabeller!$H$5 -> 0 | CJ10: =O10/Tabeller!$H$5 -> 0 | CK10: =P10/Tabeller!$H$5 -> 0 | CL10: =Q10/Tabeller!$H$5 -> 0 | ... CQ10: =V10/Tabeller!$H$5 -> 0 | CS10: =IFERROR(IF($E$61=$L$61,BC10*#REF!,BC10*Budsjett!#REF!),0) -> 0 | CT10: =IFERROR(IF($E$61=$L$61,BD10*#REF!,BD10*Budsjett!#REF!),0) -> 0 | CU10: =IFERROR(IF($E$61=$L$61,BE10*#REF!,BE10*Budsjett!#REF!),0) -> 0 | CV10: =IFERROR(IF($E$61=$L$61,BF10*#REF!,BF10*Budsjett!#REF!),0) -> 0 | CW10: =IFERROR(IF($E$61=$L$61,BG10*#REF!,BG10*Budsjett!#REF!),0) -> 0 | CX10: =IFERROR(IF($E$61=$L$61,BH10*#REF!,BH10*Budsjett!#REF!),0) -> 0 | CY10: =IFERROR(IF($E$61=$L$61,BI10*#REF!,BI10*Budsjett!#REF!),0) -> 0 | CZ10: =IFERROR(IF($E$61=$L$61,BJ10*#REF!,BJ10*Budsjett!#REF!),0) -> 0 | ... DE10: =IFERROR(IF($E$61=$L$61,BO10*#REF!,BO10*Budsjett!#REF!),0) -> 0 | DH10: =BQ10-CS10 -> 0 | DI10: =BR10-CT10 -> 0 | DJ10: =BS10-CU10 -> 0 | DK10: =BT10-CV10 -> 0 | DL10: =BU10-CW10 -> 0 | DM10: =BV10-CX10 -> 0 | DN10: =BW10-CY10 -> 0 | DO10: =BX10-CZ10 -> 0 | ... DT10: =CC10-DE10 -> 0 | DV10: =B10 -> 0 | DW10: =-((IF($DV10="Teknisk/adm. bistand/Feltassistent",IF(Budsjett!BC10*(1+Tabeller!$I$61)>Tabeller!I$55,Tabeller!I$55,Budsjett!BC10*(1+Tabeller!$I$61)),0)+(IF($DV10="Forsker - professor",Tabeller!I$55*J10,0)+IF($DV10="Prosjektleder/adm.leder",Tabeller!I$54*J10,0)+IF($DV10="Forsker - 1.aman.",Tabeller!I$56*J10,0)+IF($DV10="Gjesteforsker",Tabeller!I$57*J10,0)+IF($DV10="Postdoktor / forsker",Tabeller!I$58*J10,0)+IF($DV10="Stipendiat",Tabeller!I$59*J10,0)+IF($DV10="Forsker (rundsum)",Tabeller!#REF!*J10,0)+IF($DV10="Vit.ass",Tabeller!I$60*J10,0))/1)) -> 0 | DX10: =-((IF($DV10="Teknisk/adm. bistand/Feltassistent",IF(Budsjett!BD10*(1+Tabeller!$I$61)>Tabeller!J$55,Tabeller!J$55,Budsjett!BD10*(1+Tabeller!$I$61)),0)+(IF($DV10="Forsker - professor",Tabeller!J$55*K10,0)+IF($DV10="Prosjektleder/adm.leder",Tabeller!J$54*K10,0)+IF($DV10="Forsker - 1.aman.",Tabeller!J$56*K10,0)+IF($DV10="Gjesteforsker",Tabeller!J$57*K10,0)+IF($DV10="Postdoktor / forsker",Tabeller!J$58*K10,0)+IF($DV10="Stipendiat",Tabeller!J$59*K10,0)+IF($DV10="Forsker (rundsum)",Tabeller!#REF!*K10,0)+IF($DV10="Vit.ass",Tabeller!J$60*K10,0))/1)) -> 0 | DY10: =-((IF($DV10="Teknisk/adm. bistand/Feltassistent",IF(Budsjett!BE10*(1+Tabeller!$I$61)>Tabeller!K$55,Tabeller!K$55,Budsjett!BE10*(1+Tabeller!$I$61)),0)+(IF($DV10="Forsker - professor",Tabeller!K$55*L10,0)+IF($DV10="Prosjektleder/adm.leder",Tabeller!K$54*L10,0)+IF($DV10="Forsker - 1.aman.",Tabeller!K$56*L10,0)+IF($DV10="Gjesteforsker",Tabeller!K$57*L10,0)+IF($DV10="Postdoktor / forsker",Tabeller!K$58*L10,0)+IF($DV10="Stipendiat",Tabeller!K$59*L10,0)+IF($DV10="Forsker (rundsum)",Tabeller!#REF!*L10,0)+IF($DV10="Vit.ass",Tabeller!K$60*L10,0))/1)) -> 0 | DZ10: =-((IF($DV10="Teknisk/adm. bistand/Feltassistent",IF(Budsjett!BF10*(1+Tabeller!$I$61)>Tabeller!L$55,Tabeller!L$55,Budsjett!BF10*(1+Tabeller!$I$61)),0)+(IF($DV10="Forsker - professor",Tabeller!L$55*M10,0)+IF($DV10="Prosjektleder/adm.leder",Tabeller!L$54*M10,0)+IF($DV10="Forsker - 1.aman.",Tabeller!L$56*M10,0)+IF($DV10="Gjesteforsker",Tabeller!L$57*M10,0)+IF($DV10="Postdoktor / forsker",Tabeller!L$58*M10,0)+IF($DV10="Stipendiat",Tabeller!L$59*M10,0)+IF($DV10="Forsker (rundsum)",Tabeller!#REF!*M10,0)+IF($DV10="Vit.ass",Tabeller!L$60*M10,0))/1)) -> 0 | EA10: =-((IF($DV10="Teknisk/adm. bistand/Feltassistent",IF(Budsjett!BG10*(1+Tabeller!$I$61)>Tabeller!M$55,Tabeller!M$55,Budsjett!BG10*(1+Tabeller!$I$61)),0)+(IF($DV10="Forsker - professor",Tabeller!M$55*N10,0)+IF($DV10="Prosjektleder/adm.leder",Tabeller!M$54*N10,0)+IF($DV10="Forsker - 1.aman.",Tabeller!M$56*N10,0)+IF($DV10="Gjesteforsker",Tabeller!M$57*N10,0)+IF($DV10="Postdoktor / forsker",Tabeller!M$58*N10,0)+IF($DV10="Stipendiat",Tabeller!M$59*N10,0)+IF($DV10="Forsker (rundsum)",Tabeller!#REF!*N10,0)+IF($DV10="Vit.ass",Tabeller!M$60*N10,0))/1)) -> 0 | EB10: =-((IF($DV10="Teknisk/adm. bistand/Feltassistent",IF(Budsjett!BH10*(1+Tabeller!$I$61)>Tabeller!N$55,Tabeller!N$55,Budsjett!BH10*(1+Tabeller!$I$61)),0)+(IF($DV10="Forsker - professor",Tabeller!N$55*O10,0)+IF($DV10="Prosjektleder/adm.leder",Tabeller!N$54*O10,0)+IF($DV10="Forsker - 1.aman.",Tabeller!N$56*O10,0)+IF($DV10="Gjesteforsker",Tabeller!N$57*O10,0)+IF($DV10="Postdoktor / forsker",Tabeller!N$58*O10,0)+IF($DV10="Stipendiat",Tabeller!N$59*O10,0)+IF($DV10="Forsker (rundsum)",Tabeller!#REF!*O10,0)+IF($DV10="Vit.ass",Tabeller!N$60*O10,0))/1)) -> 0 | EC10: =-((IF($DV10="Teknisk/adm. bistand/Feltassistent",IF(Budsjett!BI10*(1+Tabeller!$I$61)>Tabeller!O$55,Tabeller!O$55,Budsjett!BI10*(1+Tabeller!$I$61)),0)+(IF($DV10="Forsker - professor",Tabeller!O$55*P10,0)+IF($DV10="Prosjektleder/adm.leder",Tabeller!O$54*P10,0)+IF($DV10="Forsker - 1.aman.",Tabeller!O$56*P10,0)+IF($DV10="Gjesteforsker",Tabeller!O$57*P10,0)+IF($DV10="Postdoktor / forsker",Tabeller!O$58*P10,0)+IF($DV10="Stipendiat",Tabeller!O$59*P10,0)+IF($DV10="Forsker (rundsum)",Tabeller!#REF!*P10,0)+IF($DV10="Vit.ass",Tabeller!O$60*P10,0))/1)) -> 0 | ED10: =-((IF($DV10="Teknisk/adm. bistand/Feltassistent",IF(Budsjett!BJ10*(1+Tabeller!$I$61)>Tabeller!P$55,Tabeller!P$55,Budsjett!BJ10*(1+Tabeller!$I$61)),0)+(IF($DV10="Forsker - professor",Tabeller!P$55*Q10,0)+IF($DV10="Prosjektleder/adm.leder",Tabeller!P$54*Q10,0)+IF($DV10="Forsker - 1.aman.",Tabeller!P$56*Q10,0)+IF($DV10="Gjesteforsker",Tabeller!P$57*Q10,0)+IF($DV10="Postdoktor / forsker",Tabeller!P$58*Q10,0)+IF($DV10="Stipendiat",Tabeller!P$59*Q10,0)+IF($DV10="Forsker (rundsum)",Tabeller!#REF!*Q10,0)+IF($DV10="Vit.ass",Tabeller!P$60*Q10,0))/1)) -> 0 | ... EI10: =-((IF($DV10="Teknisk/adm. bistand/Feltassistent",IF(Budsjett!BO10*(1+Tabeller!$I$61)>Tabeller!U$55,Tabeller!U$55,Budsjett!BO10*(1+Tabeller!$I$61)),0)+(IF($DV10="Forsker - professor",Tabeller!U$55*V10,0)+IF($DV10="Prosjektleder/adm.leder",Tabeller!U$54*V10,0)+IF($DV10="Forsker - 1.aman.",Tabeller!U$56*V10,0)+IF($DV10="Gjesteforsker",Tabeller!U$57*V10,0)+IF($DV10="Postdoktor / forsker",Tabeller!U$58*V10,0)+IF($DV10="Stipendiat",Tabeller!U$59*V10,0)+IF($DV10="Forsker (rundsum)",Tabeller!#REF!*V10,0)+IF($DV10="Vit.ass",Tabeller!U$60*V10,0))/1)) -> 0 | EJ10: =SUM(DW10:EI10) -> 0 | EM10: =DV10 -> 0 | EN10: =IF($G10="NFR",DW10,0) -> 0 | EO10: =IF($G10="NFR",DX10,0) -> 0 | EP10: =IF($G10="NFR",DY10,0) -> 0 | EQ10: =IF($G10="NFR",DZ10,0) -> 0 | ER10: =IF($G10="NFR",EA10,0) -> 0 | ES10: =IF($G10="NFR",EB10,0) -> 0 | ET10: =IF($G10="NFR",EC10,0) -> 0 | EU10: =IF($G10="NFR",ED10,0) -> 0 | ... EZ10: =IF($G10="NFR",EI10,0) -> 0 | FA10: =SUM(EN10:EZ10) -> 0 | FC10: =EM10 -> 0 | FD10: =IF($G10=$FC$1,DW10,0) -> 0 | FE10: =IF($G10=$FC$1,DX10,0) -> 0 | FF10: =IF($G10=$FC$1,DY10,0) -> 0 | FG10: =IF($G10=$FC$1,DZ10,0) -> 0 | FH10: =IF($G10=$FC$1,EA10,0) -> 0 | FI10: =IF($G10=$FC$1,EB10,0) -> 0 | FJ10: =IF($G10=$FC$1,EC10,0) -> 0 | FK10: =IF($G10=$FC$1,ED10,0) -> 0 | ... FP10: =IF($G10=$FC$1,EI10,0) -> 0 | FQ10: =SUM(FD10:FP10) -> 0 | FS10: =FC10 -> 0 | FT10: =IF($G10=$FS$1,DW10,0) -> 0 | FU10: =IF($G10=$FS$1,DX10,0) -> 0 | FV10: =IF($G10=$FS$1,DY10,0) -> 0 | FW10: =IF($G10=$FS$1,DZ10,0) -> 0 | FX10: =IF($G10=$FS$1,EA10,0) -> 0 | FY10: =IF($G10=$FS$1,EB10,0) -> 0 | FZ10: =IF($G10=$FS$1,EC10,0) -> 0 | GA10: =IF($G10=$FS$1,ED10,0) -> 0 | ... GF10: =IF($G10=$FS$1,EI10,0) -> 0 | GG10: =SUM(FT10:GF10) -> 0 | GI10: =FS10 -> 0 | GJ10: =IF($G10=$GI$1,DW10,0) -> 0 | GK10: =IF($G10=$GI$1,DX10,0) -> 0 | GL10: =IF($G10=$GI$1,DY10,0) -> 0 | GM10: =IF($G10=$GI$1,DZ10,0) -> 0 | GN10: =IF($G10=$GI$1,EA10,0) -> 0 | GO10: =IF($G10=$GI$1,EB10,0) -> 0 | GP10: =IF($G10=$GI$1,EC10,0) -> 0 | GQ10: =IF($G10=$GI$1,ED10,0) -> 0 | ... GV10: =IF($G10=$GI$1,EI10,0) -> 0 | GW10: =SUM(GJ10:GV10) -> 0 | GZ10: =GI10 -> 0 | HN10: =SUM(HA10:HM10) -> 0 | HQ10: =IF(Registrering!$B$21="Prosjekter som foregår i UiOs lokaler",IF($B10="Teknisk/adm. bistand/Feltassistent",J10*Tabeller!J$11,J10*Tabeller!J$10)/Tabeller!$H$5,IF($B10="Teknisk/adm. bistand/Feltassistent",J10*Tabeller!J$13,J10*Tabeller!J$12)/Tabeller!$H$5) -> 0 | HR10: =IF(Registrering!$B$21="Prosjekter som foregår i UiOs lokaler",IF($B10="Teknisk/adm. bistand/Feltassistent",K10*Tabeller!K$11,K10*Tabeller!K$10)/Tabeller!$H$5,IF($B10="Teknisk/adm. bistand/Feltassistent",K10*Tabeller!K$13,K10*Tabeller!K$12)/Tabeller!$H$5) -> 0
C11: =SUM(BC11:BO11) -> 0 | D11: =IFERROR(IF(B11="Teknisk/adm. bistand/Feltassistent",F11*Tabeller!I$8,Budsjett!F11*Tabeller!H$8),0) -> 0 | E11: =SUM(C11:D11) -> 0 | F11: =SUM(J11:V11)/Tabeller!H$5 -> 0 | AR11: =H11 -> 0 | AS11: =AR11*Tabeller!$I$35 -> 0 | AT11: =IF(AR11>0,(AS11-400)/52*47,0) -> 0 | AU11: =AT11*Tabeller!$H$26 -> 0 | AV11: =SUM(AT11:AU11,AW11)*Tabeller!$H$28 -> 0 | AW11: =AS11*Tabeller!$H$27 -> 0 | AX11: =SUM(AT11:AW11) -> 0 | AY11: =AX11+(IF(B11="Teknisk adm bistand",Registrering!$E$43,Registrering!$B$43)) -> 501000 | AZ11: =AY11/Tabeller!$H$5 -> 307.73956 | BC11: =((J11*Budsjett!$AZ11)*(Tabeller!I$35)) -> 0 | BD11: =((K11*Budsjett!$AZ11)*(Tabeller!J$35)) -> 0 | BE11: =((L11*Budsjett!$AZ11)*(Tabeller!K$35)) -> 0 | BF11: =((M11*Budsjett!$AZ11)*(Tabeller!L$35)) -> 0 | BG11: =((N11*Budsjett!$AZ11)*(Tabeller!M$35)) -> 0 | BH11: =((O11*Budsjett!$AZ11)*(Tabeller!N$35)) -> 0 | BI11: =((P11*Budsjett!$AZ11)*(Tabeller!O$35)) -> 0 | BJ11: =((Q11*Budsjett!$AZ11)*(Tabeller!P$35)) -> 0 | ... BO11: =((V11*Budsjett!$AZ11)*(Tabeller!U$35)) -> 0 | BQ11: =IFERROR(IF($B11="Teknisk/adm. bistand/Feltassistent",CE11*Tabeller!J$11,Budsjett!CE11*Tabeller!J$10),0) -> 0 | BR11: =IFERROR(IF($B11="Teknisk/adm. bistand/Feltassistent",CF11*Tabeller!K$11,Budsjett!CF11*Tabeller!K$10),0) -> 0 | BS11: =IFERROR(IF($B11="Teknisk/adm. bistand/Feltassistent",CG11*Tabeller!L$11,Budsjett!CG11*Tabeller!L$10),0) -> 0 | BT11: =IFERROR(IF($B11="Teknisk/adm. bistand/Feltassistent",CH11*Tabeller!M$11,Budsjett!CH11*Tabeller!M$10),0) -> 0 | BU11: =IFERROR(IF($B11="Teknisk/adm. bistand/Feltassistent",CI11*Tabeller!N$11,Budsjett!CI11*Tabeller!N$10),0) -> 0 | BV11: =IFERROR(IF($B11="Teknisk/adm. bistand/Feltassistent",CJ11*Tabeller!O$11,Budsjett!CJ11*Tabeller!O$10),0) -> 0 | BW11: =IFERROR(IF($B11="Teknisk/adm. bistand/Feltassistent",CK11*Tabeller!P$11,Budsjett!CK11*Tabeller!P$10),0) -> 0 | BX11: =IFERROR(IF($B11="Teknisk/adm. bistand/Feltassistent",CL11*Tabeller!Q$11,Budsjett!CL11*Tabeller!Q$10),0) -> 0 | ... CC11: =IFERROR(IF($B11="Teknisk/adm. bistand/Feltassistent",CQ11*Tabeller!V$11,Budsjett!CQ11*Tabeller!V$10),0) -> 0 | CE11: =J11/Tabeller!$H$5 -> 0 | CF11: =K11/Tabeller!$H$5 -> 0 | CG11: =L11/Tabeller!$H$5 -> 0 | CH11: =M11/Tabeller!$H$5 -> 0 | CI11: =N11/Tabeller!$H$5 -> 0 | CJ11: =O11/Tabeller!$H$5 -> 0 | CK11: =P11/Tabeller!$H$5 -> 0 | CL11: =Q11/Tabeller!$H$5 -> 0 | ... CQ11: =V11/Tabeller!$H$5 -> 0 | CS11: =IFERROR(IF($E$61=$L$61,BC11*#REF!,BC11*Budsjett!#REF!),0) -> 0 | CT11: =IFERROR(IF($E$61=$L$61,BD11*#REF!,BD11*Budsjett!#REF!),0) -> 0 | CU11: =IFERROR(IF($E$61=$L$61,BE11*#REF!,BE11*Budsjett!#REF!),0) -> 0 | CV11: =IFERROR(IF($E$61=$L$61,BF11*#REF!,BF11*Budsjett!#REF!),0) -> 0 | CW11: =IFERROR(IF($E$61=$L$61,BG11*#REF!,BG11*Budsjett!#REF!),0) -> 0 | CX11: =IFERROR(IF($E$61=$L$61,BH11*#REF!,BH11*Budsjett!#REF!),0) -> 0 | CY11: =IFERROR(IF($E$61=$L$61,BI11*#REF!,BI11*Budsjett!#REF!),0) -> 0 | CZ11: =IFERROR(IF($E$61=$L$61,BJ11*#REF!,BJ11*Budsjett!#REF!),0) -> 0 | ... DE11: =IFERROR(IF($E$61=$L$61,BO11*#REF!,BO11*Budsjett!#REF!),0) -> 0 | DH11: =BQ11-CS11 -> 0 | DI11: =BR11-CT11 -> 0 | DJ11: =BS11-CU11 -> 0 | DK11: =BT11-CV11 -> 0 | DL11: =BU11-CW11 -> 0 | DM11: =BV11-CX11 -> 0 | DN11: =BW11-CY11 -> 0 | DO11: =BX11-CZ11 -> 0 | ... DT11: =CC11-DE11 -> 0 | DV11: =B11 -> 0 | DW11: =-((IF($DV11="Teknisk/adm. bistand/Feltassistent",IF(Budsjett!BC11*(1+Tabeller!$I$61)>Tabeller!I$55,Tabeller!I$55,Budsjett!BC11*(1+Tabeller!$I$61)),0)+(IF($DV11="Forsker - professor",Tabeller!I$55*J11,0)+IF($DV11="Prosjektleder/adm.leder",Tabeller!I$54*J11,0)+IF($DV11="Forsker - 1.aman.",Tabeller!I$56*J11,0)+IF($DV11="Gjesteforsker",Tabeller!I$57*J11,0)+IF($DV11="Postdoktor / forsker",Tabeller!I$58*J11,0)+IF($DV11="Stipendiat",Tabeller!I$59*J11,0)+IF($DV11="Forsker (rundsum)",Tabeller!#REF!*J11,0)+IF($DV11="Vit.ass",Tabeller!I$60*J11,0))/1)) -> 0 | DX11: =-((IF($DV11="Teknisk/adm. bistand/Feltassistent",IF(Budsjett!BD11*(1+Tabeller!$I$61)>Tabeller!J$55,Tabeller!J$55,Budsjett!BD11*(1+Tabeller!$I$61)),0)+(IF($DV11="Forsker - professor",Tabeller!J$55*K11,0)+IF($DV11="Prosjektleder/adm.leder",Tabeller!J$54*K11,0)+IF($DV11="Forsker - 1.aman.",Tabeller!J$56*K11,0)+IF($DV11="Gjesteforsker",Tabeller!J$57*K11,0)+IF($DV11="Postdoktor / forsker",Tabeller!J$58*K11,0)+IF($DV11="Stipendiat",Tabeller!J$59*K11,0)+IF($DV11="Forsker (rundsum)",Tabeller!#REF!*K11,0)+IF($DV11="Vit.ass",Tabeller!J$60*K11,0))/1)) -> 0 | DY11: =-((IF($DV11="Teknisk/adm. bistand/Feltassistent",IF(Budsjett!BE11*(1+Tabeller!$I$61)>Tabeller!K$55,Tabeller!K$55,Budsjett!BE11*(1+Tabeller!$I$61)),0)+(IF($DV11="Forsker - professor",Tabeller!K$55*L11,0)+IF($DV11="Prosjektleder/adm.leder",Tabeller!K$54*L11,0)+IF($DV11="Forsker - 1.aman.",Tabeller!K$56*L11,0)+IF($DV11="Gjesteforsker",Tabeller!K$57*L11,0)+IF($DV11="Postdoktor / forsker",Tabeller!K$58*L11,0)+IF($DV11="Stipendiat",Tabeller!K$59*L11,0)+IF($DV11="Forsker (rundsum)",Tabeller!#REF!*L11,0)+IF($DV11="Vit.ass",Tabeller!K$60*L11,0))/1)) -> 0 | DZ11: =-((IF($DV11="Teknisk/adm. bistand/Feltassistent",IF(Budsjett!BF11*(1+Tabeller!$I$61)>Tabeller!L$55,Tabeller!L$55,Budsjett!BF11*(1+Tabeller!$I$61)),0)+(IF($DV11="Forsker - professor",Tabeller!L$55*M11,0)+IF($DV11="Prosjektleder/adm.leder",Tabeller!L$54*M11,0)+IF($DV11="Forsker - 1.aman.",Tabeller!L$56*M11,0)+IF($DV11="Gjesteforsker",Tabeller!L$57*M11,0)+IF($DV11="Postdoktor / forsker",Tabeller!L$58*M11,0)+IF($DV11="Stipendiat",Tabeller!L$59*M11,0)+IF($DV11="Forsker (rundsum)",Tabeller!#REF!*M11,0)+IF($DV11="Vit.ass",Tabeller!L$60*M11,0))/1)) -> 0 | EA11: =-((IF($DV11="Teknisk/adm. bistand/Feltassistent",IF(Budsjett!BG11*(1+Tabeller!$I$61)>Tabeller!M$55,Tabeller!M$55,Budsjett!BG11*(1+Tabeller!$I$61)),0)+(IF($DV11="Forsker - professor",Tabeller!M$55*N11,0)+IF($DV11="Prosjektleder/adm.leder",Tabeller!M$54*N11,0)+IF($DV11="Forsker - 1.aman.",Tabeller!M$56*N11,0)+IF($DV11="Gjesteforsker",Tabeller!M$57*N11,0)+IF($DV11="Postdoktor / forsker",Tabeller!M$58*N11,0)+IF($DV11="Stipendiat",Tabeller!M$59*N11,0)+IF($DV11="Forsker (rundsum)",Tabeller!#REF!*N11,0)+IF($DV11="Vit.ass",Tabeller!M$60*N11,0))/1)) -> 0 | EB11: =-((IF($DV11="Teknisk/adm. bistand/Feltassistent",IF(Budsjett!BH11*(1+Tabeller!$I$61)>Tabeller!N$55,Tabeller!N$55,Budsjett!BH11*(1+Tabeller!$I$61)),0)+(IF($DV11="Forsker - professor",Tabeller!N$55*O11,0)+IF($DV11="Prosjektleder/adm.leder",Tabeller!N$54*O11,0)+IF($DV11="Forsker - 1.aman.",Tabeller!N$56*O11,0)+IF($DV11="Gjesteforsker",Tabeller!N$57*O11,0)+IF($DV11="Postdoktor / forsker",Tabeller!N$58*O11,0)+IF($DV11="Stipendiat",Tabeller!N$59*O11,0)+IF($DV11="Forsker (rundsum)",Tabeller!#REF!*O11,0)+IF($DV11="Vit.ass",Tabeller!N$60*O11,0))/1)) -> 0 | EC11: =-((IF($DV11="Teknisk/adm. bistand/Feltassistent",IF(Budsjett!BI11*(1+Tabeller!$I$61)>Tabeller!O$55,Tabeller!O$55,Budsjett!BI11*(1+Tabeller!$I$61)),0)+(IF($DV11="Forsker - professor",Tabeller!O$55*P11,0)+IF($DV11="Prosjektleder/adm.leder",Tabeller!O$54*P11,0)+IF($DV11="Forsker - 1.aman.",Tabeller!O$56*P11,0)+IF($DV11="Gjesteforsker",Tabeller!O$57*P11,0)+IF($DV11="Postdoktor / forsker",Tabeller!O$58*P11,0)+IF($DV11="Stipendiat",Tabeller!O$59*P11,0)+IF($DV11="Forsker (rundsum)",Tabeller!#REF!*P11,0)+IF($DV11="Vit.ass",Tabeller!O$60*P11,0))/1)) -> 0 | ED11: =-((IF($DV11="Teknisk/adm. bistand/Feltassistent",IF(Budsjett!BJ11*(1+Tabeller!$I$61)>Tabeller!P$55,Tabeller!P$55,Budsjett!BJ11*(1+Tabeller!$I$61)),0)+(IF($DV11="Forsker - professor",Tabeller!P$55*Q11,0)+IF($DV11="Prosjektleder/adm.leder",Tabeller!P$54*Q11,0)+IF($DV11="Forsker - 1.aman.",Tabeller!P$56*Q11,0)+IF($DV11="Gjesteforsker",Tabeller!P$57*Q11,0)+IF($DV11="Postdoktor / forsker",Tabeller!P$58*Q11,0)+IF($DV11="Stipendiat",Tabeller!P$59*Q11,0)+IF($DV11="Forsker (rundsum)",Tabeller!#REF!*Q11,0)+IF($DV11="Vit.ass",Tabeller!P$60*Q11,0))/1)) -> 0 | ... EI11: =-((IF($DV11="Teknisk/adm. bistand/Feltassistent",IF(Budsjett!BO11*(1+Tabeller!$I$61)>Tabeller!U$55,Tabeller!U$55,Budsjett!BO11*(1+Tabeller!$I$61)),0)+(IF($DV11="Forsker - professor",Tabeller!U$55*V11,0)+IF($DV11="Prosjektleder/adm.leder",Tabeller!U$54*V11,0)+IF($DV11="Forsker - 1.aman.",Tabeller!U$56*V11,0)+IF($DV11="Gjesteforsker",Tabeller!U$57*V11,0)+IF($DV11="Postdoktor / forsker",Tabeller!U$58*V11,0)+IF($DV11="Stipendiat",Tabeller!U$59*V11,0)+IF($DV11="Forsker (rundsum)",Tabeller!#REF!*V11,0)+IF($DV11="Vit.ass",Tabeller!U$60*V11,0))/1)) -> 0 | EJ11: =SUM(DW11:EI11) -> 0 | EM11: =DV11 -> 0 | EN11: =IF($G11="NFR",DW11,0) -> 0 | EO11: =IF($G11="NFR",DX11,0) -> 0 | EP11: =IF($G11="NFR",DY11,0) -> 0 | EQ11: =IF($G11="NFR",DZ11,0) -> 0 | ER11: =IF($G11="NFR",EA11,0) -> 0 | ES11: =IF($G11="NFR",EB11,0) -> 0 | ET11: =IF($G11="NFR",EC11,0) -> 0 | EU11: =IF($G11="NFR",ED11,0) -> 0 | ... EZ11: =IF($G11="NFR",EI11,0) -> 0 | FA11: =SUM(EN11:EZ11) -> 0 | FC11: =EM11 -> 0 | FD11: =IF($G11=$FC$1,DW11,0) -> 0 | FE11: =IF($G11=$FC$1,DX11,0) -> 0 | FF11: =IF($G11=$FC$1,DY11,0) -> 0 | FG11: =IF($G11=$FC$1,DZ11,0) -> 0 | FH11: =IF($G11=$FC$1,EA11,0) -> 0 | FI11: =IF($G11=$FC$1,EB11,0) -> 0 | FJ11: =IF($G11=$FC$1,EC11,0) -> 0 | FK11: =IF($G11=$FC$1,ED11,0) -> 0 | ... FP11: =IF($G11=$FC$1,EI11,0) -> 0 | FQ11: =SUM(FD11:FP11) -> 0 | FS11: =FC11 -> 0 | FT11: =IF($G11=$FS$1,DW11,0) -> 0 | FU11: =IF($G11=$FS$1,DX11,0) -> 0 | FV11: =IF($G11=$FS$1,DY11,0) -> 0 | FW11: =IF($G11=$FS$1,DZ11,0) -> 0 | FX11: =IF($G11=$FS$1,EA11,0) -> 0 | FY11: =IF($G11=$FS$1,EB11,0) -> 0 | FZ11: =IF($G11=$FS$1,EC11,0) -> 0 | GA11: =IF($G11=$FS$1,ED11,0) -> 0 | ... GF11: =IF($G11=$FS$1,EI11,0) -> 0 | GG11: =SUM(FT11:GF11) -> 0 | GI11: =FS11 -> 0 | GJ11: =IF($G11=$GI$1,DW11,0) -> 0 | GK11: =IF($G11=$GI$1,DX11,0) -> 0 | GL11: =IF($G11=$GI$1,DY11,0) -> 0 | GM11: =IF($G11=$GI$1,DZ11,0) -> 0 | GN11: =IF($G11=$GI$1,EA11,0) -> 0 | GO11: =IF($G11=$GI$1,EB11,0) -> 0 | GP11: =IF($G11=$GI$1,EC11,0) -> 0 | GQ11: =IF($G11=$GI$1,ED11,0) -> 0 | ... GV11: =IF($G11=$GI$1,EI11,0) -> 0 | GW11: =SUM(GJ11:GV11) -> 0 | GZ11: =GI11 -> 0 | HN11: =SUM(HA11:HM11) -> 0 | HQ11: =IF(Registrering!$B$21="Prosjekter som foregår i UiOs lokaler",IF($B11="Teknisk/adm. bistand/Feltassistent",J11*Tabeller!J$11,J11*Tabeller!J$10)/Tabeller!$H$5,IF($B11="Teknisk/adm. bistand/Feltassistent",J11*Tabeller!J$13,J11*Tabeller!J$12)/Tabeller!$H$5) -> 0 | HR11: =IF(Registrering!$B$21="Prosjekter som foregår i UiOs lokaler",IF($B11="Teknisk/adm. bistand/Feltassistent",K11*Tabeller!K$11,K11*Tabeller!K$10)/Tabeller!$H$5,IF($B11="Teknisk/adm. bistand/Feltassistent",K11*Tabeller!K$13,K11*Tabeller!K$12)/Tabeller!$H$5) -> 0
C12: =SUM(BC12:BO12) -> 0 | D12: =IFERROR(IF(B12="Teknisk/adm. bistand/Feltassistent",F12*Tabeller!I$8,Budsjett!F12*Tabeller!H$8),0) -> 0 | E12: =SUM(C12:D12) -> 0 | F12: =SUM(J12:V12)/Tabeller!H$5 -> 0 | AR12: =H12 -> 0 | AS12: =AR12*Tabeller!$I$35 -> 0 | AT12: =IF(AR12>0,(AS12-400)/52*47,0) -> 0 | AU12: =AT12*Tabeller!$H$26 -> 0 | AV12: =SUM(AT12:AU12,AW12)*Tabeller!$H$28 -> 0 | AW12: =AS12*Tabeller!$H$27 -> 0 | AX12: =SUM(AT12:AW12) -> 0 | AY12: =AX12+(IF(B12="Teknisk adm bistand",Registrering!$E$43,Registrering!$B$43)) -> 501000 | AZ12: =AY12/Tabeller!$H$5 -> 307.73956 | BC12: =((J12*Budsjett!$AZ12)*(Tabeller!I$35)) -> 0 | BD12: =((K12*Budsjett!$AZ12)*(Tabeller!J$35)) -> 0 | BE12: =((L12*Budsjett!$AZ12)*(Tabeller!K$35)) -> 0 | BF12: =((M12*Budsjett!$AZ12)*(Tabeller!L$35)) -> 0 | BG12: =((N12*Budsjett!$AZ12)*(Tabeller!M$35)) -> 0 | BH12: =((O12*Budsjett!$AZ12)*(Tabeller!N$35)) -> 0 | BI12: =((P12*Budsjett!$AZ12)*(Tabeller!O$35)) -> 0 | BJ12: =((Q12*Budsjett!$AZ12)*(Tabeller!P$35)) -> 0 | ... BO12: =((V12*Budsjett!$AZ12)*(Tabeller!U$35)) -> 0 | BQ12: =IFERROR(IF($B12="Teknisk/adm. bistand/Feltassistent",CE12*Tabeller!J$11,Budsjett!CE12*Tabeller!J$10),0) -> 0 | BR12: =IFERROR(IF($B12="Teknisk/adm. bistand/Feltassistent",CF12*Tabeller!K$11,Budsjett!CF12*Tabeller!K$10),0) -> 0 | BS12: =IFERROR(IF($B12="Teknisk/adm. bistand/Feltassistent",CG12*Tabeller!L$11,Budsjett!CG12*Tabeller!L$10),0) -> 0 | BT12: =IFERROR(IF($B12="Teknisk/adm. bistand/Feltassistent",CH12*Tabeller!M$11,Budsjett!CH12*Tabeller!M$10),0) -> 0 | BU12: =IFERROR(IF($B12="Teknisk/adm. bistand/Feltassistent",CI12*Tabeller!N$11,Budsjett!CI12*Tabeller!N$10),0) -> 0 | BV12: =IFERROR(IF($B12="Teknisk/adm. bistand/Feltassistent",CJ12*Tabeller!O$11,Budsjett!CJ12*Tabeller!O$10),0) -> 0 | BW12: =IFERROR(IF($B12="Teknisk/adm. bistand/Feltassistent",CK12*Tabeller!P$11,Budsjett!CK12*Tabeller!P$10),0) -> 0 | BX12: =IFERROR(IF($B12="Teknisk/adm. bistand/Feltassistent",CL12*Tabeller!Q$11,Budsjett!CL12*Tabeller!Q$10),0) -> 0 | ... CC12: =IFERROR(IF($B12="Teknisk/adm. bistand/Feltassistent",CQ12*Tabeller!V$11,Budsjett!CQ12*Tabeller!V$10),0) -> 0 | CE12: =J12/Tabeller!$H$5 -> 0 | CF12: =K12/Tabeller!$H$5 -> 0 | CG12: =L12/Tabeller!$H$5 -> 0 | CH12: =M12/Tabeller!$H$5 -> 0 | CI12: =N12/Tabeller!$H$5 -> 0 | CJ12: =O12/Tabeller!$H$5 -> 0 | CK12: =P12/Tabeller!$H$5 -> 0 | CL12: =Q12/Tabeller!$H$5 -> 0 | ... CQ12: =V12/Tabeller!$H$5 -> 0 | CS12: =IFERROR(IF($E$61=$L$61,BC12*#REF!,BC12*Budsjett!#REF!),0) -> 0 | CT12: =IFERROR(IF($E$61=$L$61,BD12*#REF!,BD12*Budsjett!#REF!),0) -> 0 | CU12: =IFERROR(IF($E$61=$L$61,BE12*#REF!,BE12*Budsjett!#REF!),0) -> 0 | CV12: =IFERROR(IF($E$61=$L$61,BF12*#REF!,BF12*Budsjett!#REF!),0) -> 0 | CW12: =IFERROR(IF($E$61=$L$61,BG12*#REF!,BG12*Budsjett!#REF!),0) -> 0 | CX12: =IFERROR(IF($E$61=$L$61,BH12*#REF!,BH12*Budsjett!#REF!),0) -> 0 | CY12: =IFERROR(IF($E$61=$L$61,BI12*#REF!,BI12*Budsjett!#REF!),0) -> 0 | CZ12: =IFERROR(IF($E$61=$L$61,BJ12*#REF!,BJ12*Budsjett!#REF!),0) -> 0 | ... DE12: =IFERROR(IF($E$61=$L$61,BO12*#REF!,BO12*Budsjett!#REF!),0) -> 0 | DH12: =BQ12-CS12 -> 0 | DI12: =BR12-CT12 -> 0 | DJ12: =BS12-CU12 -> 0 | DK12: =BT12-CV12 -> 0 | DL12: =BU12-CW12 -> 0 | DM12: =BV12-CX12 -> 0 | DN12: =BW12-CY12 -> 0 | DO12: =BX12-CZ12 -> 0 | ... DT12: =CC12-DE12 -> 0 | DV12: =B12 -> 0 | DW12: =-((IF($DV12="Teknisk/adm. bistand/Feltassistent",IF(Budsjett!BC12*(1+Tabeller!$I$61)>Tabeller!I$55,Tabeller!I$55,Budsjett!BC12*(1+Tabeller!$I$61)),0)+(IF($DV12="Forsker - professor",Tabeller!I$55*J12,0)+IF($DV12="Prosjektleder/adm.leder",Tabeller!I$54*J12,0)+IF($DV12="Forsker - 1.aman.",Tabeller!I$56*J12,0)+IF($DV12="Gjesteforsker",Tabeller!I$57*J12,0)+IF($DV12="Postdoktor / forsker",Tabeller!I$58*J12,0)+IF($DV12="Stipendiat",Tabeller!I$59*J12,0)+IF($DV12="Forsker (rundsum)",Tabeller!#REF!*J12,0)+IF($DV12="Vit.ass",Tabeller!I$60*J12,0))/1)) -> 0 | DX12: =-((IF($DV12="Teknisk/adm. bistand/Feltassistent",IF(Budsjett!BD12*(1+Tabeller!$I$61)>Tabeller!J$55,Tabeller!J$55,Budsjett!BD12*(1+Tabeller!$I$61)),0)+(IF($DV12="Forsker - professor",Tabeller!J$55*K12,0)+IF($DV12="Prosjektleder/adm.leder",Tabeller!J$54*K12,0)+IF($DV12="Forsker - 1.aman.",Tabeller!J$56*K12,0)+IF($DV12="Gjesteforsker",Tabeller!J$57*K12,0)+IF($DV12="Postdoktor / forsker",Tabeller!J$58*K12,0)+IF($DV12="Stipendiat",Tabeller!J$59*K12,0)+IF($DV12="Forsker (rundsum)",Tabeller!#REF!*K12,0)+IF($DV12="Vit.ass",Tabeller!J$60*K12,0))/1)) -> 0 | DY12: =-((IF($DV12="Teknisk/adm. bistand/Feltassistent",IF(Budsjett!BE12*(1+Tabeller!$I$61)>Tabeller!K$55,Tabeller!K$55,Budsjett!BE12*(1+Tabeller!$I$61)),0)+(IF($DV12="Forsker - professor",Tabeller!K$55*L12,0)+IF($DV12="Prosjektleder/adm.leder",Tabeller!K$54*L12,0)+IF($DV12="Forsker - 1.aman.",Tabeller!K$56*L12,0)+IF($DV12="Gjesteforsker",Tabeller!K$57*L12,0)+IF($DV12="Postdoktor / forsker",Tabeller!K$58*L12,0)+IF($DV12="Stipendiat",Tabeller!K$59*L12,0)+IF($DV12="Forsker (rundsum)",Tabeller!#REF!*L12,0)+IF($DV12="Vit.ass",Tabeller!K$60*L12,0))/1)) -> 0 | DZ12: =-((IF($DV12="Teknisk/adm. bistand/Feltassistent",IF(Budsjett!BF12*(1+Tabeller!$I$61)>Tabeller!L$55,Tabeller!L$55,Budsjett!BF12*(1+Tabeller!$I$61)),0)+(IF($DV12="Forsker - professor",Tabeller!L$55*M12,0)+IF($DV12="Prosjektleder/adm.leder",Tabeller!L$54*M12,0)+IF($DV12="Forsker - 1.aman.",Tabeller!L$56*M12,0)+IF($DV12="Gjesteforsker",Tabeller!L$57*M12,0)+IF($DV12="Postdoktor / forsker",Tabeller!L$58*M12,0)+IF($DV12="Stipendiat",Tabeller!L$59*M12,0)+IF($DV12="Forsker (rundsum)",Tabeller!#REF!*M12,0)+IF($DV12="Vit.ass",Tabeller!L$60*M12,0))/1)) -> 0 | EA12: =-((IF($DV12="Teknisk/adm. bistand/Feltassistent",IF(Budsjett!BG12*(1+Tabeller!$I$61)>Tabeller!M$55,Tabeller!M$55,Budsjett!BG12*(1+Tabeller!$I$61)),0)+(IF($DV12="Forsker - professor",Tabeller!M$55*N12,0)+IF($DV12="Prosjektleder/adm.leder",Tabeller!M$54*N12,0)+IF($DV12="Forsker - 1.aman.",Tabeller!M$56*N12,0)+IF($DV12="Gjesteforsker",Tabeller!M$57*N12,0)+IF($DV12="Postdoktor / forsker",Tabeller!M$58*N12,0)+IF($DV12="Stipendiat",Tabeller!M$59*N12,0)+IF($DV12="Forsker (rundsum)",Tabeller!#REF!*N12,0)+IF($DV12="Vit.ass",Tabeller!M$60*N12,0))/1)) -> 0 | EB12: =-((IF($DV12="Teknisk/adm. bistand/Feltassistent",IF(Budsjett!BH12*(1+Tabeller!$I$61)>Tabeller!N$55,Tabeller!N$55,Budsjett!BH12*(1+Tabeller!$I$61)),0)+(IF($DV12="Forsker - professor",Tabeller!N$55*O12,0)+IF($DV12="Prosjektleder/adm.leder",Tabeller!N$54*O12,0)+IF($DV12="Forsker - 1.aman.",Tabeller!N$56*O12,0)+IF($DV12="Gjesteforsker",Tabeller!N$57*O12,0)+IF($DV12="Postdoktor / forsker",Tabeller!N$58*O12,0)+IF($DV12="Stipendiat",Tabeller!N$59*O12,0)+IF($DV12="Forsker (rundsum)",Tabeller!#REF!*O12,0)+IF($DV12="Vit.ass",Tabeller!N$60*O12,0))/1)) -> 0 | EC12: =-((IF($DV12="Teknisk/adm. bistand/Feltassistent",IF(Budsjett!BI12*(1+Tabeller!$I$61)>Tabeller!O$55,Tabeller!O$55,Budsjett!BI12*(1+Tabeller!$I$61)),0)+(IF($DV12="Forsker - professor",Tabeller!O$55*P12,0)+IF($DV12="Prosjektleder/adm.leder",Tabeller!O$54*P12,0)+IF($DV12="Forsker - 1.aman.",Tabeller!O$56*P12,0)+IF($DV12="Gjesteforsker",Tabeller!O$57*P12,0)+IF($DV12="Postdoktor / forsker",Tabeller!O$58*P12,0)+IF($DV12="Stipendiat",Tabeller!O$59*P12,0)+IF($DV12="Forsker (rundsum)",Tabeller!#REF!*P12,0)+IF($DV12="Vit.ass",Tabeller!O$60*P12,0))/1)) -> 0 | ED12: =-((IF($DV12="Teknisk/adm. bistand/Feltassistent",IF(Budsjett!BJ12*(1+Tabeller!$I$61)>Tabeller!P$55,Tabeller!P$55,Budsjett!BJ12*(1+Tabeller!$I$61)),0)+(IF($DV12="Forsker - professor",Tabeller!P$55*Q12,0)+IF($DV12="Prosjektleder/adm.leder",Tabeller!P$54*Q12,0)+IF($DV12="Forsker - 1.aman.",Tabeller!P$56*Q12,0)+IF($DV12="Gjesteforsker",Tabeller!P$57*Q12,0)+IF($DV12="Postdoktor / forsker",Tabeller!P$58*Q12,0)+IF($DV12="Stipendiat",Tabeller!P$59*Q12,0)+IF($DV12="Forsker (rundsum)",Tabeller!#REF!*Q12,0)+IF($DV12="Vit.ass",Tabeller!P$60*Q12,0))/1)) -> 0 | ... EI12: =-((IF($DV12="Teknisk/adm. bistand/Feltassistent",IF(Budsjett!BO12*(1+Tabeller!$I$61)>Tabeller!U$55,Tabeller!U$55,Budsjett!BO12*(1+Tabeller!$I$61)),0)+(IF($DV12="Forsker - professor",Tabeller!U$55*V12,0)+IF($DV12="Prosjektleder/adm.leder",Tabeller!U$54*V12,0)+IF($DV12="Forsker - 1.aman.",Tabeller!U$56*V12,0)+IF($DV12="Gjesteforsker",Tabeller!U$57*V12,0)+IF($DV12="Postdoktor / forsker",Tabeller!U$58*V12,0)+IF($DV12="Stipendiat",Tabeller!U$59*V12,0)+IF($DV12="Forsker (rundsum)",Tabeller!#REF!*V12,0)+IF($DV12="Vit.ass",Tabeller!U$60*V12,0))/1)) -> 0 | EJ12: =SUM(DW12:EI12) -> 0 | EM12: =DV12 -> 0 | EN12: =IF($G12="NFR",DW12,0) -> 0 | EO12: =IF($G12="NFR",DX12,0) -> 0 | EP12: =IF($G12="NFR",DY12,0) -> 0 | EQ12: =IF($G12="NFR",DZ12,0) -> 0 | ER12: =IF($G12="NFR",EA12,0) -> 0 | ES12: =IF($G12="NFR",EB12,0) -> 0 | ET12: =IF($G12="NFR",EC12,0) -> 0 | EU12: =IF($G12="NFR",ED12,0) -> 0 | ... EZ12: =IF($G12="NFR",EI12,0) -> 0 | FA12: =SUM(EN12:EZ12) -> 0 | FC12: =EM12 -> 0 | FD12: =IF($G12=$FC$1,DW12,0) -> 0 | FE12: =IF($G12=$FC$1,DX12,0) -> 0 | FF12: =IF($G12=$FC$1,DY12,0) -> 0 | FG12: =IF($G12=$FC$1,DZ12,0) -> 0 | FH12: =IF($G12=$FC$1,EA12,0) -> 0 | FI12: =IF($G12=$FC$1,EB12,0) -> 0 | FJ12: =IF($G12=$FC$1,EC12,0) -> 0 | FK12: =IF($G12=$FC$1,ED12,0) -> 0 | ... FP12: =IF($G12=$FC$1,EI12,0) -> 0 | FQ12: =SUM(FD12:FP12) -> 0 | FS12: =FC12 -> 0 | FT12: =IF($G12=$FS$1,DW12,0) -> 0 | FU12: =IF($G12=$FS$1,DX12,0) -> 0 | FV12: =IF($G12=$FS$1,DY12,0) -> 0 | FW12: =IF($G12=$FS$1,DZ12,0) -> 0 | FX12: =IF($G12=$FS$1,EA12,0) -> 0 | FY12: =IF($G12=$FS$1,EB12,0) -> 0 | FZ12: =IF($G12=$FS$1,EC12,0) -> 0 | GA12: =IF($G12=$FS$1,ED12,0) -> 0 | ... GF12: =IF($G12=$FS$1,EI12,0) -> 0 | GG12: =SUM(FT12:GF12) -> 0 | GI12: =FS12 -> 0 | GJ12: =IF($G12=$GI$1,DW12,0) -> 0 | GK12: =IF($G12=$GI$1,DX12,0) -> 0 | GL12: =IF($G12=$GI$1,DY12,0) -> 0 | GM12: =IF($G12=$GI$1,DZ12,0) -> 0 | GN12: =IF($G12=$GI$1,EA12,0) -> 0 | GO12: =IF($G12=$GI$1,EB12,0) -> 0 | GP12: =IF($G12=$GI$1,EC12,0) -> 0 | GQ12: =IF($G12=$GI$1,ED12,0) -> 0 | ... GV12: =IF($G12=$GI$1,EI12,0) -> 0 | GW12: =SUM(GJ12:GV12) -> 0 | GZ12: =GI12 -> 0 | HN12: =SUM(HA12:HM12) -> 0 | HQ12: =IF(Registrering!$B$21="Prosjekter som foregår i UiOs lokaler",IF($B12="Teknisk/adm. bistand/Feltassistent",J12*Tabeller!J$11,J12*Tabeller!J$10)/Tabeller!$H$5,IF($B12="Teknisk/adm. bistand/Feltassistent",J12*Tabeller!J$13,J12*Tabeller!J$12)/Tabeller!$H$5) -> 0 | HR12: =IF(Registrering!$B$21="Prosjekter som foregår i UiOs lokaler",IF($B12="Teknisk/adm. bistand/Feltassistent",K12*Tabeller!K$11,K12*Tabeller!K$10)/Tabeller!$H$5,IF($B12="Teknisk/adm. bistand/Feltassistent",K12*Tabeller!K$13,K12*Tabeller!K$12)/Tabeller!$H$5) -> 0
C13: =SUM(BC13:BO13) -> 0 | D13: =IFERROR(IF(B13="Teknisk/adm. bistand/Feltassistent",F13*Tabeller!I$8,Budsjett!F13*Tabeller!H$8),0) -> 0 | E13: =SUM(C13:D13) -> 0 | F13: =SUM(J13:V13)/Tabeller!H$5 -> 0 | AR13: =H13 -> 0 | AS13: =AR13*Tabeller!$I$35 -> 0 | AT13: =IF(AR13>0,(AS13-400)/52*47,0) -> 0 | AU13: =AT13*Tabeller!$H$26 -> 0 | AV13: =SUM(AT13:AU13,AW13)*Tabeller!$H$28 -> 0 | AW13: =AS13*Tabeller!$H$27 -> 0 | AX13: =SUM(AT13:AW13) -> 0 | AY13: =AX13+(IF(B13="Teknisk adm bistand",Registrering!$E$43,Registrering!$B$43)) -> 501000 | AZ13: =AY13/Tabeller!$H$5 -> 307.73956 | BC13: =((J13*Budsjett!$AZ13)*(Tabeller!I$35)) -> 0 | BD13: =((K13*Budsjett!$AZ13)*(Tabeller!J$35)) -> 0 | BE13: =((L13*Budsjett!$AZ13)*(Tabeller!K$35)) -> 0 | BF13: =((M13*Budsjett!$AZ13)*(Tabeller!L$35)) -> 0 | BG13: =((N13*Budsjett!$AZ13)*(Tabeller!M$35)) -> 0 | BH13: =((O13*Budsjett!$AZ13)*(Tabeller!N$35)) -> 0 | BI13: =((P13*Budsjett!$AZ13)*(Tabeller!O$35)) -> 0 | BJ13: =((Q13*Budsjett!$AZ13)*(Tabeller!P$35)) -> 0 | ... BO13: =((V13*Budsjett!$AZ13)*(Tabeller!U$35)) -> 0 | BQ13: =IFERROR(IF($B13="Teknisk/adm. bistand/Feltassistent",CE13*Tabeller!J$11,Budsjett!CE13*Tabeller!J$10),0) -> 0 | BR13: =IFERROR(IF($B13="Teknisk/adm. bistand/Feltassistent",CF13*Tabeller!K$11,Budsjett!CF13*Tabeller!K$10),0) -> 0 | BS13: =IFERROR(IF($B13="Teknisk/adm. bistand/Feltassistent",CG13*Tabeller!L$11,Budsjett!CG13*Tabeller!L$10),0) -> 0 | BT13: =IFERROR(IF($B13="Teknisk/adm. bistand/Feltassistent",CH13*Tabeller!M$11,Budsjett!CH13*Tabeller!M$10),0) -> 0 | BU13: =IFERROR(IF($B13="Teknisk/adm. bistand/Feltassistent",CI13*Tabeller!N$11,Budsjett!CI13*Tabeller!N$10),0) -> 0 | BV13: =IFERROR(IF($B13="Teknisk/adm. bistand/Feltassistent",CJ13*Tabeller!O$11,Budsjett!CJ13*Tabeller!O$10),0) -> 0 | BW13: =IFERROR(IF($B13="Teknisk/adm. bistand/Feltassistent",CK13*Tabeller!P$11,Budsjett!CK13*Tabeller!P$10),0) -> 0 | BX13: =IFERROR(IF($B13="Teknisk/adm. bistand/Feltassistent",CL13*Tabeller!Q$11,Budsjett!CL13*Tabeller!Q$10),0) -> 0 | ... CC13: =IFERROR(IF($B13="Teknisk/adm. bistand/Feltassistent",CQ13*Tabeller!V$11,Budsjett!CQ13*Tabeller!V$10),0) -> 0 | CE13: =J13/Tabeller!$H$5 -> 0 | CF13: =K13/Tabeller!$H$5 -> 0 | CG13: =L13/Tabeller!$H$5 -> 0 | CH13: =M13/Tabeller!$H$5 -> 0 | CI13: =N13/Tabeller!$H$5 -> 0 | CJ13: =O13/Tabeller!$H$5 -> 0 | CK13: =P13/Tabeller!$H$5 -> 0 | CL13: =Q13/Tabeller!$H$5 -> 0 | ... CQ13: =V13/Tabeller!$H$5 -> 0 | CS13: =IFERROR(IF($E$61=$L$61,BC13*#REF!,BC13*Budsjett!#REF!),0) -> 0 | CT13: =IFERROR(IF($E$61=$L$61,BD13*#REF!,BD13*Budsjett!#REF!),0) -> 0 | CU13: =IFERROR(IF($E$61=$L$61,BE13*#REF!,BE13*Budsjett!#REF!),0) -> 0 | CV13: =IFERROR(IF($E$61=$L$61,BF13*#REF!,BF13*Budsjett!#REF!),0) -> 0 | CW13: =IFERROR(IF($E$61=$L$61,BG13*#REF!,BG13*Budsjett!#REF!),0) -> 0 | CX13: =IFERROR(IF($E$61=$L$61,BH13*#REF!,BH13*Budsjett!#REF!),0) -> 0 | CY13: =IFERROR(IF($E$61=$L$61,BI13*#REF!,BI13*Budsjett!#REF!),0) -> 0 | CZ13: =IFERROR(IF($E$61=$L$61,BJ13*#REF!,BJ13*Budsjett!#REF!),0) -> 0 | ... DE13: =IFERROR(IF($E$61=$L$61,BO13*#REF!,BO13*Budsjett!#REF!),0) -> 0 | DH13: =BQ13-CS13 -> 0 | DI13: =BR13-CT13 -> 0 | DJ13: =BS13-CU13 -> 0 | DK13: =BT13-CV13 -> 0 | DL13: =BU13-CW13 -> 0 | DM13: =BV13-CX13 -> 0 | DN13: =BW13-CY13 -> 0 | DO13: =BX13-CZ13 -> 0 | ... DT13: =CC13-DE13 -> 0 | DV13: =B13 -> 0 | DW13: =-((IF($DV13="Teknisk/adm. bistand/Feltassistent",IF(Budsjett!BC13*(1+Tabeller!$I$61)>Tabeller!I$55,Tabeller!I$55,Budsjett!BC13*(1+Tabeller!$I$61)),0)+(IF($DV13="Forsker - professor",Tabeller!I$55*J13,0)+IF($DV13="Prosjektleder/adm.leder",Tabeller!I$54*J13,0)+IF($DV13="Forsker - 1.aman.",Tabeller!I$56*J13,0)+IF($DV13="Gjesteforsker",Tabeller!I$57*J13,0)+IF($DV13="Postdoktor / forsker",Tabeller!I$58*J13,0)+IF($DV13="Stipendiat",Tabeller!I$59*J13,0)+IF($DV13="Forsker (rundsum)",Tabeller!#REF!*J13,0)+IF($DV13="Vit.ass",Tabeller!I$60*J13,0))/1)) -> 0 | DX13: =-((IF($DV13="Teknisk/adm. bistand/Feltassistent",IF(Budsjett!BD13*(1+Tabeller!$I$61)>Tabeller!J$55,Tabeller!J$55,Budsjett!BD13*(1+Tabeller!$I$61)),0)+(IF($DV13="Forsker - professor",Tabeller!J$55*K13,0)+IF($DV13="Prosjektleder/adm.leder",Tabeller!J$54*K13,0)+IF($DV13="Forsker - 1.aman.",Tabeller!J$56*K13,0)+IF($DV13="Gjesteforsker",Tabeller!J$57*K13,0)+IF($DV13="Postdoktor / forsker",Tabeller!J$58*K13,0)+IF($DV13="Stipendiat",Tabeller!J$59*K13,0)+IF($DV13="Forsker (rundsum)",Tabeller!#REF!*K13,0)+IF($DV13="Vit.ass",Tabeller!J$60*K13,0))/1)) -> 0 | DY13: =-((IF($DV13="Teknisk/adm. bistand/Feltassistent",IF(Budsjett!BE13*(1+Tabeller!$I$61)>Tabeller!K$55,Tabeller!K$55,Budsjett!BE13*(1+Tabeller!$I$61)),0)+(IF($DV13="Forsker - professor",Tabeller!K$55*L13,0)+IF($DV13="Prosjektleder/adm.leder",Tabeller!K$54*L13,0)+IF($DV13="Forsker - 1.aman.",Tabeller!K$56*L13,0)+IF($DV13="Gjesteforsker",Tabeller!K$57*L13,0)+IF($DV13="Postdoktor / forsker",Tabeller!K$58*L13,0)+IF($DV13="Stipendiat",Tabeller!K$59*L13,0)+IF($DV13="Forsker (rundsum)",Tabeller!#REF!*L13,0)+IF($DV13="Vit.ass",Tabeller!K$60*L13,0))/1)) -> 0 | DZ13: =-((IF($DV13="Teknisk/adm. bistand/Feltassistent",IF(Budsjett!BF13*(1+Tabeller!$I$61)>Tabeller!L$55,Tabeller!L$55,Budsjett!BF13*(1+Tabeller!$I$61)),0)+(IF($DV13="Forsker - professor",Tabeller!L$55*M13,0)+IF($DV13="Prosjektleder/adm.leder",Tabeller!L$54*M13,0)+IF($DV13="Forsker - 1.aman.",Tabeller!L$56*M13,0)+IF($DV13="Gjesteforsker",Tabeller!L$57*M13,0)+IF($DV13="Postdoktor / forsker",Tabeller!L$58*M13,0)+IF($DV13="Stipendiat",Tabeller!L$59*M13,0)+IF($DV13="Forsker (rundsum)",Tabeller!#REF!*M13,0)+IF($DV13="Vit.ass",Tabeller!L$60*M13,0))/1)) -> 0 | EA13: =-((IF($DV13="Teknisk/adm. bistand/Feltassistent",IF(Budsjett!BG13*(1+Tabeller!$I$61)>Tabeller!M$55,Tabeller!M$55,Budsjett!BG13*(1+Tabeller!$I$61)),0)+(IF($DV13="Forsker - professor",Tabeller!M$55*N13,0)+IF($DV13="Prosjektleder/adm.leder",Tabeller!M$54*N13,0)+IF($DV13="Forsker - 1.aman.",Tabeller!M$56*N13,0)+IF($DV13="Gjesteforsker",Tabeller!M$57*N13,0)+IF($DV13="Postdoktor / forsker",Tabeller!M$58*N13,0)+IF($DV13="Stipendiat",Tabeller!M$59*N13,0)+IF($DV13="Forsker (rundsum)",Tabeller!#REF!*N13,0)+IF($DV13="Vit.ass",Tabeller!M$60*N13,0))/1)) -> 0 | EB13: =-((IF($DV13="Teknisk/adm. bistand/Feltassistent",IF(Budsjett!BH13*(1+Tabeller!$I$61)>Tabeller!N$55,Tabeller!N$55,Budsjett!BH13*(1+Tabeller!$I$61)),0)+(IF($DV13="Forsker - professor",Tabeller!N$55*O13,0)+IF($DV13="Prosjektleder/adm.leder",Tabeller!N$54*O13,0)+IF($DV13="Forsker - 1.aman.",Tabeller!N$56*O13,0)+IF($DV13="Gjesteforsker",Tabeller!N$57*O13,0)+IF($DV13="Postdoktor / forsker",Tabeller!N$58*O13,0)+IF($DV13="Stipendiat",Tabeller!N$59*O13,0)+IF($DV13="Forsker (rundsum)",Tabeller!#REF!*O13,0)+IF($DV13="Vit.ass",Tabeller!N$60*O13,0))/1)) -> 0 | EC13: =-((IF($DV13="Teknisk/adm. bistand/Feltassistent",IF(Budsjett!BI13*(1+Tabeller!$I$61)>Tabeller!O$55,Tabeller!O$55,Budsjett!BI13*(1+Tabeller!$I$61)),0)+(IF($DV13="Forsker - professor",Tabeller!O$55*P13,0)+IF($DV13="Prosjektleder/adm.leder",Tabeller!O$54*P13,0)+IF($DV13="Forsker - 1.aman.",Tabeller!O$56*P13,0)+IF($DV13="Gjesteforsker",Tabeller!O$57*P13,0)+IF($DV13="Postdoktor / forsker",Tabeller!O$58*P13,0)+IF($DV13="Stipendiat",Tabeller!O$59*P13,0)+IF($DV13="Forsker (rundsum)",Tabeller!#REF!*P13,0)+IF($DV13="Vit.ass",Tabeller!O$60*P13,0))/1)) -> 0 | ED13: =-((IF($DV13="Teknisk/adm. bistand/Feltassistent",IF(Budsjett!BJ13*(1+Tabeller!$I$61)>Tabeller!P$55,Tabeller!P$55,Budsjett!BJ13*(1+Tabeller!$I$61)),0)+(IF($DV13="Forsker - professor",Tabeller!P$55*Q13,0)+IF($DV13="Prosjektleder/adm.leder",Tabeller!P$54*Q13,0)+IF($DV13="Forsker - 1.aman.",Tabeller!P$56*Q13,0)+IF($DV13="Gjesteforsker",Tabeller!P$57*Q13,0)+IF($DV13="Postdoktor / forsker",Tabeller!P$58*Q13,0)+IF($DV13="Stipendiat",Tabeller!P$59*Q13,0)+IF($DV13="Forsker (rundsum)",Tabeller!#REF!*Q13,0)+IF($DV13="Vit.ass",Tabeller!P$60*Q13,0))/1)) -> 0 | ... EI13: =-((IF($DV13="Teknisk/adm. bistand/Feltassistent",IF(Budsjett!BO13*(1+Tabeller!$I$61)>Tabeller!U$55,Tabeller!U$55,Budsjett!BO13*(1+Tabeller!$I$61)),0)+(IF($DV13="Forsker - professor",Tabeller!U$55*V13,0)+IF($DV13="Prosjektleder/adm.leder",Tabeller!U$54*V13,0)+IF($DV13="Forsker - 1.aman.",Tabeller!U$56*V13,0)+IF($DV13="Gjesteforsker",Tabeller!U$57*V13,0)+IF($DV13="Postdoktor / forsker",Tabeller!U$58*V13,0)+IF($DV13="Stipendiat",Tabeller!U$59*V13,0)+IF($DV13="Forsker (rundsum)",Tabeller!#REF!*V13,0)+IF($DV13="Vit.ass",Tabeller!U$60*V13,0))/1)) -> 0 | EJ13: =SUM(DW13:EI13) -> 0 | EM13: =DV13 -> 0 | EN13: =IF($G13="NFR",DW13,0) -> 0 | EO13: =IF($G13="NFR",DX13,0) -> 0 | EP13: =IF($G13="NFR",DY13,0) -> 0 | EQ13: =IF($G13="NFR",DZ13,0) -> 0 | ER13: =IF($G13="NFR",EA13,0) -> 0 | ES13: =IF($G13="NFR",EB13,0) -> 0 | ET13: =IF($G13="NFR",EC13,0) -> 0 | EU13: =IF($G13="NFR",ED13,0) -> 0 | ... EZ13: =IF($G13="NFR",EI13,0) -> 0 | FA13: =SUM(EN13:EZ13) -> 0 | FC13: =EM13 -> 0 | FD13: =IF($G13=$FC$1,DW13,0) -> 0 | FE13: =IF($G13=$FC$1,DX13,0) -> 0 | FF13: =IF($G13=$FC$1,DY13,0) -> 0 | FG13: =IF($G13=$FC$1,DZ13,0) -> 0 | FH13: =IF($G13=$FC$1,EA13,0) -> 0 | FI13: =IF($G13=$FC$1,EB13,0) -> 0 | FJ13: =IF($G13=$FC$1,EC13,0) -> 0 | FK13: =IF($G13=$FC$1,ED13,0) -> 0 | ... FP13: =IF($G13=$FC$1,EI13,0) -> 0 | FQ13: =SUM(FD13:FP13) -> 0 | FS13: =FC13 -> 0 | FT13: =IF($G13=$FS$1,DW13,0) -> 0 | FU13: =IF($G13=$FS$1,DX13,0) -> 0 | FV13: =IF($G13=$FS$1,DY13,0) -> 0 | FW13: =IF($G13=$FS$1,DZ13,0) -> 0 | FX13: =IF($G13=$FS$1,EA13,0) -> 0 | FY13: =IF($G13=$FS$1,EB13,0) -> 0 | FZ13: =IF($G13=$FS$1,EC13,0) -> 0 | GA13: =IF($G13=$FS$1,ED13,0) -> 0 | ... GF13: =IF($G13=$FS$1,EI13,0) -> 0 | GG13: =SUM(FT13:GF13) -> 0 | GI13: =FS13 -> 0 | GJ13: =IF($G13=$GI$1,DW13,0) -> 0 | GK13: =IF($G13=$GI$1,DX13,0) -> 0 | GL13: =IF($G13=$GI$1,DY13,0) -> 0 | GM13: =IF($G13=$GI$1,DZ13,0) -> 0 | GN13: =IF($G13=$GI$1,EA13,0) -> 0 | GO13: =IF($G13=$GI$1,EB13,0) -> 0 | GP13: =IF($G13=$GI$1,EC13,0) -> 0 | GQ13: =IF($G13=$GI$1,ED13,0) -> 0 | ... GV13: =IF($G13=$GI$1,EI13,0) -> 0 | GW13: =SUM(GJ13:GV13) -> 0 | GZ13: =GI13 -> 0 | HN13: =SUM(HA13:HM13) -> 0 | HQ13: =IF(Registrering!$B$21="Prosjekter som foregår i UiOs lokaler",IF($B13="Teknisk/adm. bistand/Feltassistent",J13*Tabeller!J$11,J13*Tabeller!J$10)/Tabeller!$H$5,IF($B13="Teknisk/adm. bistand/Feltassistent",J13*Tabeller!J$13,J13*Tabeller!J$12)/Tabeller!$H$5) -> 0 | HR13: =IF(Registrering!$B$21="Prosjekter som foregår i UiOs lokaler",IF($B13="Teknisk/adm. bistand/Feltassistent",K13*Tabeller!K$11,K13*Tabeller!K$10)/Tabeller!$H$5,IF($B13="Teknisk/adm. bistand/Feltassistent",K13*Tabeller!K$13,K13*Tabeller!K$12)/Tabeller!$H$5) -> 0
C14: =SUM(BC14:BO14) -> 0 | D14: =IFERROR(IF(B14="Teknisk/adm. bistand/Feltassistent",F14*Tabeller!I$8,Budsjett!F14*Tabeller!H$8),0) -> 0 | E14: =SUM(C14:D14) -> 0 | F14: =SUM(J14:V14)/Tabeller!H$5 -> 0 | AR14: =H14 -> 0 | AS14: =AR14*Tabeller!$I$35 -> 0 | AT14: =IF(AR14>0,(AS14-400)/52*47,0) -> 0 | AU14: =AT14*Tabeller!$H$26 -> 0 | AV14: =SUM(AT14:AU14,AW14)*Tabeller!$H$28 -> 0 | AW14: =AS14*Tabeller!$H$27 -> 0 | AX14: =SUM(AT14:AW14) -> 0 | AY14: =AX14+(IF(B14="Teknisk adm bistand",Registrering!$E$43,Registrering!$B$43)) -> 501000 | AZ14: =AY14/Tabeller!$H$5 -> 307.73956 | BC14: =((J14*Budsjett!$AZ14)*(Tabeller!I$35)) -> 0 | BD14: =((K14*Budsjett!$AZ14)*(Tabeller!J$35)) -> 0 | BE14: =((L14*Budsjett!$AZ14)*(Tabeller!K$35)) -> 0 | BF14: =((M14*Budsjett!$AZ14)*(Tabeller!L$35)) -> 0 | BG14: =((N14*Budsjett!$AZ14)*(Tabeller!M$35)) -> 0 | BH14: =((O14*Budsjett!$AZ14)*(Tabeller!N$35)) -> 0 | BI14: =((P14*Budsjett!$AZ14)*(Tabeller!O$35)) -> 0 | BJ14: =((Q14*Budsjett!$AZ14)*(Tabeller!P$35)) -> 0 | ... BO14: =((V14*Budsjett!$AZ14)*(Tabeller!U$35)) -> 0 | BQ14: =IFERROR(IF($B14="Teknisk/adm. bistand/Feltassistent",CE14*Tabeller!J$11,Budsjett!CE14*Tabeller!J$10),0) -> 0 | BR14: =IFERROR(IF($B14="Teknisk/adm. bistand/Feltassistent",CF14*Tabeller!K$11,Budsjett!CF14*Tabeller!K$10),0) -> 0 | BS14: =IFERROR(IF($B14="Teknisk/adm. bistand/Feltassistent",CG14*Tabeller!L$11,Budsjett!CG14*Tabeller!L$10),0) -> 0 | BT14: =IFERROR(IF($B14="Teknisk/adm. bistand/Feltassistent",CH14*Tabeller!M$11,Budsjett!CH14*Tabeller!M$10),0) -> 0 | BU14: =IFERROR(IF($B14="Teknisk/adm. bistand/Feltassistent",CI14*Tabeller!N$11,Budsjett!CI14*Tabeller!N$10),0) -> 0 | BV14: =IFERROR(IF($B14="Teknisk/adm. bistand/Feltassistent",CJ14*Tabeller!O$11,Budsjett!CJ14*Tabeller!O$10),0) -> 0 | BW14: =IFERROR(IF($B14="Teknisk/adm. bistand/Feltassistent",CK14*Tabeller!P$11,Budsjett!CK14*Tabeller!P$10),0) -> 0 | BX14: =IFERROR(IF($B14="Teknisk/adm. bistand/Feltassistent",CL14*Tabeller!Q$11,Budsjett!CL14*Tabeller!Q$10),0) -> 0 | ... CC14: =IFERROR(IF($B14="Teknisk/adm. bistand/Feltassistent",CQ14*Tabeller!V$11,Budsjett!CQ14*Tabeller!V$10),0) -> 0 | CE14: =J14/Tabeller!$H$5 -> 0 | CF14: =K14/Tabeller!$H$5 -> 0 | CG14: =L14/Tabeller!$H$5 -> 0 | CH14: =M14/Tabeller!$H$5 -> 0 | CI14: =N14/Tabeller!$H$5 -> 0 | CJ14: =O14/Tabeller!$H$5 -> 0 | CK14: =P14/Tabeller!$H$5 -> 0 | CL14: =Q14/Tabeller!$H$5 -> 0 | ... CQ14: =V14/Tabeller!$H$5 -> 0 | CS14: =IFERROR(IF($E$61=$L$61,BC14*#REF!,BC14*Budsjett!#REF!),0) -> 0 | CT14: =IFERROR(IF($E$61=$L$61,BD14*#REF!,BD14*Budsjett!#REF!),0) -> 0 | CU14: =IFERROR(IF($E$61=$L$61,BE14*#REF!,BE14*Budsjett!#REF!),0) -> 0 | CV14: =IFERROR(IF($E$61=$L$61,BF14*#REF!,BF14*Budsjett!#REF!),0) -> 0 | CW14: =IFERROR(IF($E$61=$L$61,BG14*#REF!,BG14*Budsjett!#REF!),0) -> 0 | CX14: =IFERROR(IF($E$61=$L$61,BH14*#REF!,BH14*Budsjett!#REF!),0) -> 0 | CY14: =IFERROR(IF($E$61=$L$61,BI14*#REF!,BI14*Budsjett!#REF!),0) -> 0 | CZ14: =IFERROR(IF($E$61=$L$61,BJ14*#REF!,BJ14*Budsjett!#REF!),0) -> 0 | ... DE14: =IFERROR(IF($E$61=$L$61,BO14*#REF!,BO14*Budsjett!#REF!),0) -> 0 | DH14: =BQ14-CS14 -> 0 | DI14: =BR14-CT14 -> 0 | DJ14: =BS14-CU14 -> 0 | DK14: =BT14-CV14 -> 0 | DL14: =BU14-CW14 -> 0 | DM14: =BV14-CX14 -> 0 | DN14: =BW14-CY14 -> 0 | DO14: =BX14-CZ14 -> 0 | ... DT14: =CC14-DE14 -> 0 | DV14: =B14 -> 0 | DW14: =-((IF($DV14="Teknisk/adm. bistand/Feltassistent",IF(Budsjett!BC14*(1+Tabeller!$I$61)>Tabeller!I$55,Tabeller!I$55,Budsjett!BC14*(1+Tabeller!$I$61)),0)+(IF($DV14="Forsker - professor",Tabeller!I$55*J14,0)+IF($DV14="Prosjektleder/adm.leder",Tabeller!I$54*J14,0)+IF($DV14="Forsker - 1.aman.",Tabeller!I$56*J14,0)+IF($DV14="Gjesteforsker",Tabeller!I$57*J14,0)+IF($DV14="Postdoktor / forsker",Tabeller!I$58*J14,0)+IF($DV14="Stipendiat",Tabeller!I$59*J14,0)+IF($DV14="Forsker (rundsum)",Tabeller!#REF!*J14,0)+IF($DV14="Vit.ass",Tabeller!I$60*J14,0))/1)) -> 0 | DX14: =-((IF($DV14="Teknisk/adm. bistand/Feltassistent",IF(Budsjett!BD14*(1+Tabeller!$I$61)>Tabeller!J$55,Tabeller!J$55,Budsjett!BD14*(1+Tabeller!$I$61)),0)+(IF($DV14="Forsker - professor",Tabeller!J$55*K14,0)+IF($DV14="Prosjektleder/adm.leder",Tabeller!J$54*K14,0)+IF($DV14="Forsker - 1.aman.",Tabeller!J$56*K14,0)+IF($DV14="Gjesteforsker",Tabeller!J$57*K14,0)+IF($DV14="Postdoktor / forsker",Tabeller!J$58*K14,0)+IF($DV14="Stipendiat",Tabeller!J$59*K14,0)+IF($DV14="Forsker (rundsum)",Tabeller!#REF!*K14,0)+IF($DV14="Vit.ass",Tabeller!J$60*K14,0))/1)) -> 0 | DY14: =-((IF($DV14="Teknisk/adm. bistand/Feltassistent",IF(Budsjett!BE14*(1+Tabeller!$I$61)>Tabeller!K$55,Tabeller!K$55,Budsjett!BE14*(1+Tabeller!$I$61)),0)+(IF($DV14="Forsker - professor",Tabeller!K$55*L14,0)+IF($DV14="Prosjektleder/adm.leder",Tabeller!K$54*L14,0)+IF($DV14="Forsker - 1.aman.",Tabeller!K$56*L14,0)+IF($DV14="Gjesteforsker",Tabeller!K$57*L14,0)+IF($DV14="Postdoktor / forsker",Tabeller!K$58*L14,0)+IF($DV14="Stipendiat",Tabeller!K$59*L14,0)+IF($DV14="Forsker (rundsum)",Tabeller!#REF!*L14,0)+IF($DV14="Vit.ass",Tabeller!K$60*L14,0))/1)) -> 0 | DZ14: =-((IF($DV14="Teknisk/adm. bistand/Feltassistent",IF(Budsjett!BF14*(1+Tabeller!$I$61)>Tabeller!L$55,Tabeller!L$55,Budsjett!BF14*(1+Tabeller!$I$61)),0)+(IF($DV14="Forsker - professor",Tabeller!L$55*M14,0)+IF($DV14="Prosjektleder/adm.leder",Tabeller!L$54*M14,0)+IF($DV14="Forsker - 1.aman.",Tabeller!L$56*M14,0)+IF($DV14="Gjesteforsker",Tabeller!L$57*M14,0)+IF($DV14="Postdoktor / forsker",Tabeller!L$58*M14,0)+IF($DV14="Stipendiat",Tabeller!L$59*M14,0)+IF($DV14="Forsker (rundsum)",Tabeller!#REF!*M14,0)+IF($DV14="Vit.ass",Tabeller!L$60*M14,0))/1)) -> 0 | EA14: =-((IF($DV14="Teknisk/adm. bistand/Feltassistent",IF(Budsjett!BG14*(1+Tabeller!$I$61)>Tabeller!M$55,Tabeller!M$55,Budsjett!BG14*(1+Tabeller!$I$61)),0)+(IF($DV14="Forsker - professor",Tabeller!M$55*N14,0)+IF($DV14="Prosjektleder/adm.leder",Tabeller!M$54*N14,0)+IF($DV14="Forsker - 1.aman.",Tabeller!M$56*N14,0)+IF($DV14="Gjesteforsker",Tabeller!M$57*N14,0)+IF($DV14="Postdoktor / forsker",Tabeller!M$58*N14,0)+IF($DV14="Stipendiat",Tabeller!M$59*N14,0)+IF($DV14="Forsker (rundsum)",Tabeller!#REF!*N14,0)+IF($DV14="Vit.ass",Tabeller!M$60*N14,0))/1)) -> 0 | EB14: =-((IF($DV14="Teknisk/adm. bistand/Feltassistent",IF(Budsjett!BH14*(1+Tabeller!$I$61)>Tabeller!N$55,Tabeller!N$55,Budsjett!BH14*(1+Tabeller!$I$61)),0)+(IF($DV14="Forsker - professor",Tabeller!N$55*O14,0)+IF($DV14="Prosjektleder/adm.leder",Tabeller!N$54*O14,0)+IF($DV14="Forsker - 1.aman.",Tabeller!N$56*O14,0)+IF($DV14="Gjesteforsker",Tabeller!N$57*O14,0)+IF($DV14="Postdoktor / forsker",Tabeller!N$58*O14,0)+IF($DV14="Stipendiat",Tabeller!N$59*O14,0)+IF($DV14="Forsker (rundsum)",Tabeller!#REF!*O14,0)+IF($DV14="Vit.ass",Tabeller!N$60*O14,0))/1)) -> 0 | EC14: =-((IF($DV14="Teknisk/adm. bistand/Feltassistent",IF(Budsjett!BI14*(1+Tabeller!$I$61)>Tabeller!O$55,Tabeller!O$55,Budsjett!BI14*(1+Tabeller!$I$61)),0)+(IF($DV14="Forsker - professor",Tabeller!O$55*P14,0)+IF($DV14="Prosjektleder/adm.leder",Tabeller!O$54*P14,0)+IF($DV14="Forsker - 1.aman.",Tabeller!O$56*P14,0)+IF($DV14="Gjesteforsker",Tabeller!O$57*P14,0)+IF($DV14="Postdoktor / forsker",Tabeller!O$58*P14,0)+IF($DV14="Stipendiat",Tabeller!O$59*P14,0)+IF($DV14="Forsker (rundsum)",Tabeller!#REF!*P14,0)+IF($DV14="Vit.ass",Tabeller!O$60*P14,0))/1)) -> 0 | ED14: =-((IF($DV14="Teknisk/adm. bistand/Feltassistent",IF(Budsjett!BJ14*(1+Tabeller!$I$61)>Tabeller!P$55,Tabeller!P$55,Budsjett!BJ14*(1+Tabeller!$I$61)),0)+(IF($DV14="Forsker - professor",Tabeller!P$55*Q14,0)+IF($DV14="Prosjektleder/adm.leder",Tabeller!P$54*Q14,0)+IF($DV14="Forsker - 1.aman.",Tabeller!P$56*Q14,0)+IF($DV14="Gjesteforsker",Tabeller!P$57*Q14,0)+IF($DV14="Postdoktor / forsker",Tabeller!P$58*Q14,0)+IF($DV14="Stipendiat",Tabeller!P$59*Q14,0)+IF($DV14="Forsker (rundsum)",Tabeller!#REF!*Q14,0)+IF($DV14="Vit.ass",Tabeller!P$60*Q14,0))/1)) -> 0 | ... EI14: =-((IF($DV14="Teknisk/adm. bistand/Feltassistent",IF(Budsjett!BO14*(1+Tabeller!$I$61)>Tabeller!U$55,Tabeller!U$55,Budsjett!BO14*(1+Tabeller!$I$61)),0)+(IF($DV14="Forsker - professor",Tabeller!U$55*V14,0)+IF($DV14="Prosjektleder/adm.leder",Tabeller!U$54*V14,0)+IF($DV14="Forsker - 1.aman.",Tabeller!U$56*V14,0)+IF($DV14="Gjesteforsker",Tabeller!U$57*V14,0)+IF($DV14="Postdoktor / forsker",Tabeller!U$58*V14,0)+IF($DV14="Stipendiat",Tabeller!U$59*V14,0)+IF($DV14="Forsker (rundsum)",Tabeller!#REF!*V14,0)+IF($DV14="Vit.ass",Tabeller!U$60*V14,0))/1)) -> 0 | EJ14: =SUM(DW14:EI14) -> 0 | EM14: =DV14 -> 0 | EN14: =IF($G14="NFR",DW14,0) -> 0 | EO14: =IF($G14="NFR",DX14,0) -> 0 | EP14: =IF($G14="NFR",DY14,0) -> 0 | EQ14: =IF($G14="NFR",DZ14,0) -> 0 | ER14: =IF($G14="NFR",EA14,0) -> 0 | ES14: =IF($G14="NFR",EB14,0) -> 0 | ET14: =IF($G14="NFR",EC14,0) -> 0 | EU14: =IF($G14="NFR",ED14,0) -> 0 | ... EZ14: =IF($G14="NFR",EI14,0) -> 0 | FA14: =SUM(EN14:EZ14) -> 0 | FC14: =EM14 -> 0 | FD14: =IF($G14=$FC$1,DW14,0) -> 0 | FE14: =IF($G14=$FC$1,DX14,0) -> 0 | FF14: =IF($G14=$FC$1,DY14,0) -> 0 | FG14: =IF($G14=$FC$1,DZ14,0) -> 0 | FH14: =IF($G14=$FC$1,EA14,0) -> 0 | FI14: =IF($G14=$FC$1,EB14,0) -> 0 | FJ14: =IF($G14=$FC$1,EC14,0) -> 0 | FK14: =IF($G14=$FC$1,ED14,0) -> 0 | ... FP14: =IF($G14=$FC$1,EI14,0) -> 0 | FQ14: =SUM(FD14:FP14) -> 0 | FS14: =FC14 -> 0 | FT14: =IF($G14=$FS$1,DW14,0) -> 0 | FU14: =IF($G14=$FS$1,DX14,0) -> 0 | FV14: =IF($G14=$FS$1,DY14,0) -> 0 | FW14: =IF($G14=$FS$1,DZ14,0) -> 0 | FX14: =IF($G14=$FS$1,EA14,0) -> 0 | FY14: =IF($G14=$FS$1,EB14,0) -> 0 | FZ14: =IF($G14=$FS$1,EC14,0) -> 0 | GA14: =IF($G14=$FS$1,ED14,0) -> 0 | ... GF14: =IF($G14=$FS$1,EI14,0) -> 0 | GG14: =SUM(FT14:GF14) -> 0 | GI14: =FS14 -> 0 | GJ14: =IF($G14=$GI$1,DW14,0) -> 0 | GK14: =IF($G14=$GI$1,DX14,0) -> 0 | GL14: =IF($G14=$GI$1,DY14,0) -> 0 | GM14: =IF($G14=$GI$1,DZ14,0) -> 0 | GN14: =IF($G14=$GI$1,EA14,0) -> 0 | GO14: =IF($G14=$GI$1,EB14,0) -> 0 | GP14: =IF($G14=$GI$1,EC14,0) -> 0 | GQ14: =IF($G14=$GI$1,ED14,0) -> 0 | ... GV14: =IF($G14=$GI$1,EI14,0) -> 0 | GW14: =SUM(GJ14:GV14) -> 0 | GZ14: =GI14 -> 0 | HN14: =SUM(HA14:HM14) -> 0 | HQ14: =IF(Registrering!$B$21="Prosjekter som foregår i UiOs lokaler",IF($B14="Teknisk/adm. bistand/Feltassistent",J14*Tabeller!J$11,J14*Tabeller!J$10)/Tabeller!$H$5,IF($B14="Teknisk/adm. bistand/Feltassistent",J14*Tabeller!J$13,J14*Tabeller!J$12)/Tabeller!$H$5) -> 0 | HR14: =IF(Registrering!$B$21="Prosjekter som foregår i UiOs lokaler",IF($B14="Teknisk/adm. bistand/Feltassistent",K14*Tabeller!K$11,K14*Tabeller!K$10)/Tabeller!$H$5,IF($B14="Teknisk/adm. bistand/Feltassistent",K14*Tabeller!K$13,K14*Tabeller!K$12)/Tabeller!$H$5) -> 0 | HS14: =IF(Registrering!$B$21="Prosjekter som foregår i UiOs lokaler",IF($B14="Teknisk/adm. bistand/Feltassistent",L14*Tabeller!L$11,L14*Tabeller!L$10)/Tabeller!$H$5,IF($B14="Teknisk/adm. bistand/Feltassistent",L14*Tabeller!L$13,L14*Tabeller!L$12)/Tabeller!$H$5) -> 0 | HT14: =IF(Registrering!$B$21="Prosjekter som foregår i UiOs lokaler",IF($B14="Teknisk/adm. bistand/Feltassistent",M14*Tabeller!M$11,M14*Tabeller!M$10)/Tabeller!$H$5,IF($B14="Teknisk/adm. bistand/Feltassistent",M14*Tabeller!M$13,M14*Tabeller!M$12)/Tabeller!$H$5) -> 0 | HU14: =IF(Registrering!$B$21="Prosjekter som foregår i UiOs lokaler",IF($B14="Teknisk/adm. bistand/Feltassistent",N14*Tabeller!N$11,N14*Tabeller!N$10)/Tabeller!$H$5,IF($B14="Teknisk/adm. bistand/Feltassistent",N14*Tabeller!N$13,N14*Tabeller!N$12)/Tabeller!$H$5) -> 0 | HV14: =IF(Registrering!$B$21="Prosjekter som foregår i UiOs lokaler",IF($B14="Teknisk/adm. bistand/Feltassistent",O14*Tabeller!O$11,O14*Tabeller!O$10)/Tabeller!$H$5,IF($B14="Teknisk/adm. bistand/Feltassistent",O14*Tabeller!O$13,O14*Tabeller!O$12)/Tabeller!$H$5) -> 0 | HW14: =IF(Registrering!$B$21="Prosjekter som foregår i UiOs lokaler",IF($B14="Teknisk/adm. bistand/Feltassistent",P14*Tabeller!P$11,P14*Tabeller!P$10)/Tabeller!$H$5,IF($B14="Teknisk/adm. bistand/Feltassistent",P14*Tabeller!P$13,P14*Tabeller!P$12)/Tabeller!$H$5) -> 0 | HX14: =IF(Registrering!$B$21="Prosjekter som foregår i UiOs lokaler",IF($B14="Teknisk/adm. bistand/Feltassistent",Q14*Tabeller!Q$11,Q14*Tabeller!Q$10)/Tabeller!$H$5,IF($B14="Teknisk/adm. bistand/Feltassistent",Q14*Tabeller!Q$13,Q14*Tabeller!Q$12)/Tabeller!$H$5) -> 0 | ... IC14: =IF(Registrering!$B$21="Prosjekter som foregår i UiOs lokaler",IF($B14="Teknisk/adm. bistand/Feltassistent",V14*Tabeller!V$11,V14*Tabeller!V$10)/Tabeller!$H$5,IF($B14="Teknisk/adm. bistand/Feltassistent",V14*Tabeller!V$13,V14*Tabeller!V$12)/Tabeller!$H$5) -> 0
B15: Sum frikjøp art 5892 | C15: =SUM(C5:C14) -> 0 | D15: =SUM(D5:D14) -> 0 | E15: =SUM(E5:E14) -> 0 | F15: =SUM(F5:F14) -> 0 | J15: =SUM(J5:J14) -> 0 | K15: =SUM(K5:K14) -> 0 | L15: =SUM(L5:L14) -> 0 | M15: =SUM(M5:M14) -> 0 | N15: =SUM(N5:N14) -> 0 | O15: =SUM(O5:O14) -> 0 | P15: =SUM(P5:P14) -> 0 | Q15: =SUM(Q5:Q14) -> 0 | ... V15: =SUM(V5:V14) -> 0 | BC15: =SUM(BC5:BC14) -> 0 | BD15: =SUM(BD5:BD14) -> 0 | BE15: =SUM(BE5:BE14) -> 0 | BF15: =SUM(BF5:BF14) -> 0 | BG15: =SUM(BG5:BG14) -> 0 | BH15: =SUM(BH5:BH14) -> 0 | BI15: =SUM(BI5:BI14) -> 0 | BJ15: =SUM(BJ5:BJ14) -> 0 | ... BO15: =SUM(BO5:BO14) -> 0 | BP15: =SUM(BC15:BO15) -> 0 | BQ15: =SUM(BQ5:BQ14) -> 0 | BR15: =SUM(BR5:BR14) -> 0 | BS15: =SUM(BS5:BS14) -> 0 | BT15: =SUM(BT5:BT14) -> 0 | BU15: =SUM(BU5:BU14) -> 0 | BV15: =SUM(BV5:BV14) -> 0 | BW15: =SUM(BW5:BW14) -> 0 | BX15: =SUM(BX5:BX14) -> 0 | ... CC15: =SUM(CC5:CC14) -> 0 | CD15: =SUM(BQ15:CC15) -> 0 | CE15: =J15/Tabeller!$H$5 -> 0 | CF15: =K15/Tabeller!$H$5 -> 0 | CG15: =L15/Tabeller!$H$5 -> 0 | CH15: =M15/Tabeller!$H$5 -> 0 | CI15: =N15/Tabeller!$H$5 -> 0 | CJ15: =O15/Tabeller!$H$5 -> 0 | CK15: =P15/Tabeller!$H$5 -> 0 | CL15: =Q15/Tabeller!$H$5 -> 0 | ... CQ15: =V15/Tabeller!$H$5 -> 0 | CS15: =SUM(CS5:CS14) -> 0 | CT15: =SUM(CT5:CT14) -> 0 | CU15: =SUM(CU5:CU14) -> 0 | CV15: =SUM(CV5:CV14) -> 0 | CW15: =SUM(CW5:CW14) -> 0 | CX15: =SUM(CX5:CX14) -> 0 | CY15: =SUM(CY5:CY14) -> 0 | CZ15: =SUM(CZ5:CZ14) -> 0 | ... DE15: =SUM(DE5:DE14) -> 0 | DH15: =SUM(DH5:DH14) -> 0 | DI15: =SUM(DI5:DI14) -> 0 | DJ15: =SUM(DJ5:DJ14) -> 0 | DK15: =SUM(DK5:DK14) -> 0 | DL15: =SUM(DL5:DL14) -> 0 | DM15: =SUM(DM5:DM14) -> 0 | DN15: =SUM(DN5:DN14) -> 0 | DO15: =SUM(DO5:DO14) -> 0 | ... DT15: =SUM(DT5:DT14) -> 0 | DW15: =SUM(DW5:DW14) -> 0 | DX15: =SUM(DX5:DX14) -> 0 | DY15: =SUM(DY5:DY14) -> 0 | DZ15: =SUM(DZ5:DZ14) -> 0 | EA15: =SUM(EA5:EA14) -> 0 | EB15: =SUM(EB5:EB14) -> 0 | EC15: =SUM(EC5:EC14) -> 0 | ED15: =SUM(ED5:ED14) -> 0 | ... EI15: =SUM(EI5:EI14) -> 0 | EJ15: =SUM(DW15:EI15) -> 0 | EN15: =SUM(EN5:EN14) -> 0 | EO15: =SUM(EO5:EO14) -> 0 | EP15: =SUM(EP5:EP14) -> 0 | EQ15: =SUM(EQ5:EQ14) -> 0 | ER15: =SUM(ER5:ER14) -> 0 | ES15: =SUM(ES5:ES14) -> 0 | ET15: =SUM(ET5:ET14) -> 0 | EU15: =SUM(EU5:EU14) -> 0 | ... EZ15: =SUM(EZ5:EZ14) -> 0 | FA15: =SUM(EN15:EZ15) -> 0 | FC15: =EM15 -> 0 | FD15: =SUM(FD5:FD14) -> 0 | FE15: =SUM(FE5:FE14) -> 0 | FF15: =SUM(FF5:FF14) -> 0 | FG15: =SUM(FG5:FG14) -> 0 | FH15: =SUM(FH5:FH14) -> 0 | FI15: =SUM(FI5:FI14) -> 0 | FJ15: =SUM(FJ5:FJ14) -> 0 | FK15: =SUM(FK5:FK14) -> 0 | ... FP15: =SUM(FP5:FP14) -> 0 | FQ15: =SUM(FD15:FP15) -> 0 | FS15: =FC15 -> 0 | FT15: =SUM(FT5:FT14) -> 0 | FU15: =SUM(FU5:FU14) -> 0 | FV15: =SUM(FV5:FV14) -> 0 | FW15: =SUM(FW5:FW14) -> 0 | FX15: =SUM(FX5:FX14) -> 0 | FY15: =SUM(FY5:FY14) -> 0 | FZ15: =SUM(FZ5:FZ14) -> 0 | GA15: =SUM(GA5:GA14) -> 0 | ... GF15: =SUM(GF5:GF14) -> 0 | GG15: =SUM(FT15:GF15) -> 0 | GI15: =FS15 -> 0 | GJ15: =SUM(GJ5:GJ14) -> 0 | GK15: =SUM(GK5:GK14) -> 0 | GL15: =SUM(GL5:GL14) -> 0 | GM15: =SUM(GM5:GM14) -> 0 | GN15: =SUM(GN5:GN14) -> 0 | GO15: =SUM(GO5:GO14) -> 0 | GP15: =SUM(GP5:GP14) -> 0 | GQ15: =SUM(GQ5:GQ14) -> 0 | ... GV15: =SUM(GV5:GV14) -> 0 | GW15: =SUM(GJ15:GV15) -> 0 | GZ15: =GI15 -> 0 | HA15: =SUM(HA5:HA14) -> 0 | HB15: =SUM(HB5:HB14) -> 0 | HC15: =SUM(HC5:HC14) -> 0 | HD15: =SUM(HD5:HD14) -> 0 | HE15: =SUM(HE5:HE14) -> 0 | HF15: =SUM(HF5:HF14) -> 0 | HG15: =SUM(HG5:HG14) -> 0 | HH15: =SUM(HH5:HH14) -> 0 | ... HM15: =SUM(HM5:HM14) -> 0 | HN15: =SUM(HA15:HM15) -> 0 | HQ15: =SUM(HQ5:HQ14) -> 0 | HR15: =SUM(HR5:HR14) -> 0 | HS15: =SUM(HS5:HS14) -> 0 | HT15: =SUM(HT5:HT14) -> 0 | HU15: =SUM(HU5:HU14) -> 0 | HV15: =SUM(HV5:HV14) -> 0 | HW15: =SUM(HW5:HW14) -> 0 | HX15: =SUM(HX5:HX14) -> 0 | ... IC15: =SUM(IC5:IC14) -> 0
FC16: =EM16 -> 0 | FS16: =FC16 -> 0 | GI16: =FS16 -> 0 | GZ16: =GI16 -> 0
J17: TIMER (Ett årsverk utgjør 1628 timer) | FC17: =EM17 -> 0 | FS17: =FC17 -> 0 | GI17: =FS17 -> 0 | GZ17: =GI17 -> 0
B18: Timelønn nye ressurser til prosjektet | C18: Lønn og sos. kostn. | D18: Indirekte kostnader | E18: Totalt | F18: Årsv | G18: Finansiør | H18: Årslønn | I18: Navn | J18: =Tabeller!D1 -> 2025 | K18: =J18+1 -> 2026 | L18: =K18+1 -> 2027 | M18: =L18+1 -> 2028 | N18: =M18+1 -> 2029 | O18: =N18+1 -> 2030 | P18: =O18+1 -> 2031 | Q18: =P18+1 -> 2032 | R18: =Q18+1 -> 2033 | ... V18: =U18+1 -> 2037 | AR18: Bruttolønn | AS18: inkl lønnsv. | AT18: Lønn | AU18: Feriep | AV18: AGA | AW18: Pensjon | AX18: inkl sos.avg. | AY18: inkl. ind.kost. | AZ18: Timesats | BC18: =J18 -> 2025 | BD18: =K18 -> 2026 | BE18: =L18 -> 2027 | BF18: =M18 -> 2028 | BG18: =N18 -> 2029 | BH18: =O18 -> 2030 | BI18: =P18 -> 2031 | BJ18: =Q18 -> 2032 | ... BO18: =V18 -> 2037 | BQ18: =BC18 -> 2025 | BR18: =BD18 -> 2026 | BS18: =BE18 -> 2027 | BT18: =BF18 -> 2028 | BU18: =BG18 -> 2029 | BV18: =BH18 -> 2030 | BW18: =BI18 -> 2031 | BX18: =BJ18 -> 2032 | ... CC18: =BO18 -> 2037 | CE18: =BC18 -> 2025 | CF18: =BD18 -> 2026 | CG18: =BE18 -> 2027 | CH18: =BF18 -> 2028 | CI18: =BG18 -> 2029 | CJ18: =BH18 -> 2030 | CK18: =BI18 -> 2031 | CL18: =BJ18 -> 2032 | ... CQ18: =BO18 -> 2037 | CS18: =BQ18 -> 2025 | CT18: =BR18 -> 2026 | CU18: =BS18 -> 2027 | CV18: =BT18 -> 2028 | CW18: =BU18 -> 2029 | CX18: =BV18 -> 2030 | CY18: =BW18 -> 2031 | CZ18: =BX18 -> 2032 | ... DE18: =CC18 -> 2037 | DH18: =DW18 -> 2025 | DI18: =DX18 -> 2026 | DJ18: =DY18 -> 2027 | DK18: =DZ18 -> 2028 | DL18: =EA18 -> 2029 | DM18: =EB18 -> 2030 | DN18: =EC18 -> 2031 | DO18: =ED18 -> 2032 | ... DT18: =EI18 -> 2037 | DW18: =CS18 -> 2025 | DX18: =CT18 -> 2026 | DY18: =CU18 -> 2027 | DZ18: =CV18 -> 2028 | EA18: =CW18 -> 2029 | EB18: =CX18 -> 2030 | EC18: =CY18 -> 2031 | ED18: =CZ18 -> 2032 | ... EI18: =DE18 -> 2037 | EJ18: Totalt | EN18: =CS18 -> 2025 | EO18: =CT18 -> 2026 | EP18: =CU18 -> 2027 | EQ18: =CV18 -> 2028 | ER18: =CW18 -> 2029 | ES18: =CX18 -> 2030 | ET18: =CY18 -> 2031 | EU18: =CZ18 -> 2032 | ... EZ18: =DE18 -> 2037 | FA18: = | FC18: =EM18 -> 0 | FD18: = | FE18: = | FF18: = | FG18: = | FH18: = | FI18: = | FJ18: = | FK18: = | FL18: = | FM18: = | FN18: = | FO18: = | FP18: = | FQ18: = | FS18: =FC18 -> 0 | FT18: = | FU18: = | FV18: = | FW18: = | FX18: = | FY18: = | FZ18: = | GA18: = | GB18: = | GC18: = | GD18: = | GE18: = | GF18: = | GG18: = | GI18: =FS18 -> 0 | GJ18: = | GK18: = | GL18: = | GM18: = | GN18: = | GO18: = | GP18: = | GQ18: = | GR18: = | GS18: = | GT18: = | GU18: = | GV18: = | GW18: = | GZ18: =GI18 -> 0 | HA18: = | HB18: = | HC18: = | HD18: = | HE18: = | HF18: = | HG18: = | HH18: = | HI18: = | HJ18: = | HK18: = | HL18: = | HM18: = | HN18: = | HQ18: =BC18 -> 2025 | HR18: =BD18 -> 2026 | HS18: =BE18 -> 2027 | HT18: =BF18 -> 2028 | HU18: =BG18 -> 2029 | HV18: =BH18 -> 2030 | HW18: =BI18 -> 2031 | HX18: =BJ18 -> 2032 | ... IC18: =BO18 -> 2037
C19: =SUM(BC19:BO19) -> 0 | D19: =IFERROR(IF(B19="Teknisk/adm. bistand/Feltassistent",F19*Tabeller!I$8,Budsjett!F19*Tabeller!H$8),0) -> 0 | E19: =SUM(C19:D19) -> 0 | F19: =SUM(J19:V19)/Tabeller!$H$5 -> 0 | AR19: =H19 -> 0 | AS19: =AR19*Tabeller!$I$35 -> 0 | AT19: =IF(AR19>0,(AS19-400)/52*47,0) -> 0 | AU19: =AT19*Tabeller!$H$26 -> 0 | AV19: =SUM(AT19:AU19,AW19)*Tabeller!$H$28 -> 0 | AW19: =AS19*Tabeller!$H$27 -> 0 | AX19: =SUM(AT19:AW19) -> 0 | AY19: =AX19+(IF(B19="Teknisk adm bistand",Registrering!$E$43,Registrering!$B$43)) -> 501000 | AZ19: =AX19/Tabeller!$H$5 -> 0 | BC19: =((J19*Budsjett!$AZ19)*(Tabeller!I$37)) -> 0 | BD19: =((K19*Budsjett!$AZ19)*(Tabeller!J$35)) -> 0 | BE19: =((L19*Budsjett!$AZ19)*(Tabeller!K$35)) -> 0 | BF19: =((M19*Budsjett!$AZ19)*(Tabeller!L$35)) -> 0 | BG19: =((N19*Budsjett!$AZ19)*(Tabeller!M$35)) -> 0 | BH19: =((O19*Budsjett!$AZ19)*(Tabeller!N$35)) -> 0 | BI19: =((P19*Budsjett!$AZ19)*(Tabeller!O$35)) -> 0 | BJ19: =((Q19*Budsjett!$AZ19)*(Tabeller!P$35)) -> 0 | BK19: =((R19*Budsjett!$AZ19)*(Tabeller!Q$35)) -> 0 | ... BO19: =((V19*Budsjett!$AZ19)*(Tabeller!U$35)) -> 0 | BQ19: =IFERROR(IF($B19="Teknisk/adm. bistand/Feltassistent",CE19*Tabeller!J$11,Budsjett!CE19*Tabeller!J$10),0) -> 0 | BR19: =IFERROR(IF($B19="Teknisk/adm. bistand/Feltassistent",CF19*Tabeller!K$11,Budsjett!CF19*Tabeller!K$10),0) -> 0 | BS19: =IFERROR(IF($B19="Teknisk/adm. bistand/Feltassistent",CG19*Tabeller!L$11,Budsjett!CG19*Tabeller!L$10),0) -> 0 | BT19: =IFERROR(IF($B19="Teknisk/adm. bistand/Feltassistent",CH19*Tabeller!M$11,Budsjett!CH19*Tabeller!M$10),0) -> 0 | BU19: =IFERROR(IF($B19="Teknisk/adm. bistand/Feltassistent",CI19*Tabeller!N$11,Budsjett!CI19*Tabeller!N$10),0) -> 0 | BV19: =IFERROR(IF($B19="Teknisk/adm. bistand/Feltassistent",CJ19*Tabeller!O$11,Budsjett!CJ19*Tabeller!O$10),0) -> 0 | BW19: =IFERROR(IF($B19="Teknisk/adm. bistand/Feltassistent",CK19*Tabeller!P$11,Budsjett!CK19*Tabeller!P$10),0) -> 0 | BX19: =IFERROR(IF($B19="Teknisk/adm. bistand/Feltassistent",CL19*Tabeller!Q$11,Budsjett!CL19*Tabeller!Q$10),0) -> 0 | ... CC19: =IFERROR(IF($B19="Teknisk/adm. bistand/Feltassistent",CQ19*Tabeller!V$11,Budsjett!CQ19*Tabeller!V$10),0) -> 0 | CE19: =J19/Tabeller!$H$5 -> 0 | CF19: =K19/Tabeller!$H$5 -> 0 | CG19: =L19/Tabeller!$H$5 -> 0 | CH19: =M19/Tabeller!$H$5 -> 0 | CI19: =N19/Tabeller!$H$5 -> 0 | CJ19: =O19/Tabeller!$H$5 -> 0 | CK19: =P19/Tabeller!$H$5 -> 0 | CL19: =Q19/Tabeller!$H$5 -> 0 | ... CQ19: =V19/Tabeller!$H$5 -> 0 | CS19: =IFERROR(IF($E$65=$J$64,BC19*#REF!,BC19*Budsjett!$E$65),0) -> 0 | CT19: =IFERROR(IF($E$65=$J$64,BD19*#REF!,BD19*Budsjett!$E$65),0) -> 0 | CU19: =IFERROR(IF($E$65=$J$64,BE19*#REF!,BE19*Budsjett!$E$65),0) -> 0 | CV19: =IFERROR(IF($E$65=$J$64,BF19*#REF!,BF19*Budsjett!$E$65),0) -> 0 | CW19: =IFERROR(IF($E$65=$J$64,BG19*#REF!,BG19*Budsjett!$E$65),0) -> 0 | CX19: =IFERROR(IF($E$65=$J$64,BH19*#REF!,BH19*Budsjett!$E$65),0) -> 0 | CY19: =IFERROR(IF($E$65=$J$64,BI19*#REF!,BI19*Budsjett!$E$65),0) -> 0 | CZ19: =IFERROR(IF($E$65=$J$64,BJ19*#REF!,BJ19*Budsjett!$E$65),0) -> 0 | ... DE19: =IFERROR(IF($E$65=$J$64,BO19*#REF!,BO19*Budsjett!$E$65),0) -> 0 | DH19: =BQ19-CS19 -> 0 | DI19: =BR19-CT19 -> 0 | DJ19: =BS19-CU19 -> 0 | DK19: =BT19-CV19 -> 0 | DL19: =BU19-CW19 -> 0 | DM19: =BV19-CX19 -> 0 | DN19: =BW19-CY19 -> 0 | DO19: =BX19-CZ19 -> 0 | ... DT19: =CC19-DE19 -> 0 | DV19: =B19 -> 0 | DW19: =-(BC19*(1+Tabeller!$I$67)) -> 0 | DX19: =-(BD19*(1+Tabeller!$I$67)) -> 0 | DY19: =-(BE19*(1+Tabeller!$I$67)) -> 0 | DZ19: =-(BF19*(1+Tabeller!$I$67)) -> 0 | EA19: =-(BG19*(1+Tabeller!$I$67)) -> 0 | EB19: =-(BH19*(1+Tabeller!$I$67)) -> 0 | EC19: =-(BI19*(1+Tabeller!$I$67)) -> 0 | ED19: =-(BJ19*(1+Tabeller!$I$67)) -> 0 | ... EI19: =-(BO19*(1+Tabeller!$I$67)) -> 0 | EJ19: =SUM(DW19:EI19) -> 0 | EM19: =DV19 -> 0 | EN19: =IF($G19="NFR",DW19,0) -> 0 | EO19: =IF($G19="NFR",DX19,0) -> 0 | EP19: =IF($G19="NFR",DY19,0) -> 0 | EQ19: =IF($G19="NFR",DZ19,0) -> 0 | ER19: =IF($G19="NFR",EA19,0) -> 0 | ES19: =IF($G19="NFR",EB19,0) -> 0 | ET19: =IF($G19="NFR",EC19,0) -> 0 | EU19: =IF($G19="NFR",ED19,0) -> 0 | ... EZ19: =IF($G19="NFR",EI19,0) -> 0 | FA19: =SUM(EN19:EZ19) -> 0 | FC19: =EM19 -> 0 | FD19: =IF($G19=$FC$1,DW19,0) -> 0 | FE19: =IF($G19=$FC$1,DX19,0) -> 0 | FF19: =IF($G19=$FC$1,DY19,0) -> 0 | FG19: =IF($G19=$FC$1,DZ19,0) -> 0 | FH19: =IF($G19=$FC$1,EA19,0) -> 0 | FI19: =IF($G19=$FC$1,EB19,0) -> 0 | FJ19: =IF($G19=$FC$1,EC19,0) -> 0 | FK19: =IF($G19=$FC$1,ED19,0) -> 0 | ... FP19: =IF($G19=$FC$1,EI19,0) -> 0 | FQ19: =SUM(FD19:FP19) -> 0 | FS19: =FC19 -> 0 | FT19: =IF($G19=$FS$1,DW19,0) -> 0 | FU19: =IF($G19=$FS$1,DX19,0) -> 0 | FV19: =IF($G19=$FS$1,DY19,0) -> 0 | FW19: =IF($G19=$FS$1,DZ19,0) -> 0 | FX19: =IF($G19=$FS$1,EA19,0) -> 0 | FY19: =IF($G19=$FS$1,EB19,0) -> 0 | FZ19: =IF($G19=$FS$1,EC19,0) -> 0 | GA19: =IF($G19=$FS$1,ED19,0) -> 0 | ... GF19: =IF($G19=$FS$1,EI19,0) -> 0 | GG19: =SUM(FT19:GF19) -> 0 | GI19: =FS19 -> 0 | GJ19: =IF($G19=$GI$1,DW19,0) -> 0 | GK19: =IF($G19=$GI$1,DX19,0) -> 0 | GL19: =IF($G19=$GI$1,DY19,0) -> 0 | GM19: =IF($G19=$GI$1,DZ19,0) -> 0 | GN19: =IF($G19=$GI$1,EA19,0) -> 0 | GO19: =IF($G19=$GI$1,EB19,0) -> 0 | GP19: =IF($G19=$GI$1,EC19,0) -> 0 | GQ19: =IF($G19=$GI$1,ED19,0) -> 0 | ... GV19: =IF($G19=$GI$1,EI19,0) -> 0 | GW19: =SUM(GJ19:GV19) -> 0 | GZ19: =GI19 -> 0 | HN19: =SUM(HA19:HM19) -> 0 | HQ19: =IF(Registrering!$B$21="Prosjekter som foregår i UiOs lokaler",IF($B19="Teknisk/adm. bistand/Feltassistent",J19*Tabeller!J$11,J19*Tabeller!J$10)/Tabeller!$H$5,IF($B19="Teknisk/adm. bistand/Feltassistent",J19*Tabeller!J$13,J19*Tabeller!J$12)/Tabeller!$H$5) -> 0 | HR19: =IF(Registrering!$B$21="Prosjekter som foregår i UiOs lokaler",IF($B19="Teknisk/adm. bistand/Feltassistent",K19*Tabeller!K$11,K19*Tabeller!K$10)/Tabeller!$H$5,IF($B19="Teknisk/adm. bistand/Feltassistent",K19*Tabeller!K$13,K19*Tabeller!K$12)/Tabeller!$H$5) -> 0 | HS19: =IF(Registrering!$B$21="Prosjekter som foregår i UiOs lokaler",IF($B19="Teknisk/adm. bistand/Feltassistent",L19*Tabeller!L$11,L19*Tabeller!L$10)/Tabeller!$H$5,IF($B19="Teknisk/adm. bistand/Feltassistent",L19*Tabeller!L$13,L19*Tabeller!L$12)/Tabeller!$H$5) -> 0 | HT19: =IF(Registrering!$B$21="Prosjekter som foregår i UiOs lokaler",IF($B19="Teknisk/adm. bistand/Feltassistent",M19*Tabeller!M$11,M19*Tabeller!M$10)/Tabeller!$H$5,IF($B19="Teknisk/adm. bistand/Feltassistent",M19*Tabeller!M$13,M19*Tabeller!M$12)/Tabeller!$H$5) -> 0 | HU19: =IF(Registrering!$B$21="Prosjekter som foregår i UiOs lokaler",IF($B19="Teknisk/adm. bistand/Feltassistent",N19*Tabeller!N$11,N19*Tabeller!N$10)/Tabeller!$H$5,IF($B19="Teknisk/adm. bistand/Feltassistent",N19*Tabeller!N$13,N19*Tabeller!N$12)/Tabeller!$H$5) -> 0 | HV19: =IF(Registrering!$B$21="Prosjekter som foregår i UiOs lokaler",IF($B19="Teknisk/adm. bistand/Feltassistent",O19*Tabeller!O$11,O19*Tabeller!O$10)/Tabeller!$H$5,IF($B19="Teknisk/adm. bistand/Feltassistent",O19*Tabeller!O$13,O19*Tabeller!O$12)/Tabeller!$H$5) -> 0 | HW19: =IF(Registrering!$B$21="Prosjekter som foregår i UiOs lokaler",IF($B19="Teknisk/adm. bistand/Feltassistent",P19*Tabeller!P$11,P19*Tabeller!P$10)/Tabeller!$H$5,IF($B19="Teknisk/adm. bistand/Feltassistent",P19*Tabeller!P$13,P19*Tabeller!P$12)/Tabeller!$H$5) -> 0 | HX19: =IF(Registrering!$B$21="Prosjekter som foregår i UiOs lokaler",IF($B19="Teknisk/adm. bistand/Feltassistent",Q19*Tabeller!Q$11,Q19*Tabeller!Q$10)/Tabeller!$H$5,IF($B19="Teknisk/adm. bistand/Feltassistent",Q19*Tabeller!Q$13,Q19*Tabeller!Q$12)/Tabeller!$H$5) -> 0 | ... IC19: =IF(Registrering!$B$21="Prosjekter som foregår i UiOs lokaler",IF($B19="Teknisk/adm. bistand/Feltassistent",V19*Tabeller!V$11,V19*Tabeller!V$10)/Tabeller!$H$5,IF($B19="Teknisk/adm. bistand/Feltassistent",V19*Tabeller!V$13,V19*Tabeller!V$12)/Tabeller!$H$5) -> 0
C20: =SUM(BC20:BO20) -> 0 | D20: =IFERROR(IF(B20="Teknisk/adm. bistand/Feltassistent",F20*Tabeller!I$8,Budsjett!F20*Tabeller!H$8),0) -> 0 | E20: =SUM(C20:D20) -> 0 | F20: =SUM(J20:V20)/Tabeller!$H$5 -> 0 | AR20: =H20 -> 0 | AS20: =AR20*Tabeller!$I$35 -> 0 | AT20: =IF(AR20>0,(AS20-400)/52*47,0) -> 0 | AU20: =AT20*Tabeller!$H$26 -> 0 | AV20: =SUM(AT20:AU20,AW20)*Tabeller!$H$28 -> 0 | AW20: =AS20*Tabeller!$H$27 -> 0 | AX20: =SUM(AT20:AW20) -> 0 | AY20: =AX20+(IF(B20="Teknisk adm bistand",Registrering!$E$43,Registrering!$B$43)) -> 501000 | AZ20: =AX20/Tabeller!$H$5 -> 0 | BC20: =((J20*Budsjett!$AZ20)*(Tabeller!I$37)) -> 0 | BD20: =((K20*Budsjett!$AZ20)*(Tabeller!J$35)) -> 0 | BE20: =((L20*Budsjett!$AZ20)*(Tabeller!K$35)) -> 0 | BF20: =((M20*Budsjett!$AZ20)*(Tabeller!L$35)) -> 0 | BG20: =((N20*Budsjett!$AZ20)*(Tabeller!M$35)) -> 0 | BH20: =((O20*Budsjett!$AZ20)*(Tabeller!N$35)) -> 0 | BI20: =((P20*Budsjett!$AZ20)*(Tabeller!O$35)) -> 0 | BJ20: =((Q20*Budsjett!$AZ20)*(Tabeller!P$35)) -> 0 | BK20: =((R20*Budsjett!$AZ20)*(Tabeller!Q$35)) -> 0 | ... BO20: =((V20*Budsjett!$AZ20)*(Tabeller!U$35)) -> 0 | BQ20: =IFERROR(IF($B20="Teknisk/adm. bistand/Feltassistent",CE20*Tabeller!J$11,Budsjett!CE20*Tabeller!J$10),0) -> 0 | BR20: =IFERROR(IF($B20="Teknisk/adm. bistand/Feltassistent",CF20*Tabeller!K$11,Budsjett!CF20*Tabeller!K$10),0) -> 0 | BS20: =IFERROR(IF($B20="Teknisk/adm. bistand/Feltassistent",CG20*Tabeller!L$11,Budsjett!CG20*Tabeller!L$10),0) -> 0 | BT20: =IFERROR(IF($B20="Teknisk/adm. bistand/Feltassistent",CH20*Tabeller!M$11,Budsjett!CH20*Tabeller!M$10),0) -> 0 | BU20: =IFERROR(IF($B20="Teknisk/adm. bistand/Feltassistent",CI20*Tabeller!N$11,Budsjett!CI20*Tabeller!N$10),0) -> 0 | BV20: =IFERROR(IF($B20="Teknisk/adm. bistand/Feltassistent",CJ20*Tabeller!O$11,Budsjett!CJ20*Tabeller!O$10),0) -> 0 | BW20: =IFERROR(IF($B20="Teknisk/adm. bistand/Feltassistent",CK20*Tabeller!P$11,Budsjett!CK20*Tabeller!P$10),0) -> 0 | BX20: =IFERROR(IF($B20="Teknisk/adm. bistand/Feltassistent",CL20*Tabeller!Q$11,Budsjett!CL20*Tabeller!Q$10),0) -> 0 | ... CC20: =IFERROR(IF($B20="Teknisk/adm. bistand/Feltassistent",CQ20*Tabeller!V$11,Budsjett!CQ20*Tabeller!V$10),0) -> 0 | CE20: =J20/Tabeller!$H$5 -> 0 | CF20: =K20/Tabeller!$H$5 -> 0 | CG20: =L20/Tabeller!$H$5 -> 0 | CH20: =M20/Tabeller!$H$5 -> 0 | CI20: =N20/Tabeller!$H$5 -> 0 | CJ20: =O20/Tabeller!$H$5 -> 0 | CK20: =P20/Tabeller!$H$5 -> 0 | CL20: =Q20/Tabeller!$H$5 -> 0 | ... CQ20: =V20/Tabeller!$H$5 -> 0 | CS20: =IFERROR(IF($E$65=$J$64,BC20*#REF!,BC20*Budsjett!$E$65),0) -> 0 | CT20: =IFERROR(IF($E$65=$J$64,BD20*#REF!,BD20*Budsjett!$E$65),0) -> 0 | CU20: =IFERROR(IF($E$65=$J$64,BE20*#REF!,BE20*Budsjett!$E$65),0) -> 0 | CV20: =IFERROR(IF($E$65=$J$64,BF20*#REF!,BF20*Budsjett!$E$65),0) -> 0 | CW20: =IFERROR(IF($E$65=$J$64,BG20*#REF!,BG20*Budsjett!$E$65),0) -> 0 | CX20: =IFERROR(IF($E$65=$J$64,BH20*#REF!,BH20*Budsjett!$E$65),0) -> 0 | CY20: =IFERROR(IF($E$65=$J$64,BI20*#REF!,BI20*Budsjett!$E$65),0) -> 0 | CZ20: =IFERROR(IF($E$65=$J$64,BJ20*#REF!,BJ20*Budsjett!$E$65),0) -> 0 | ... DE20: =IFERROR(IF($E$65=$J$64,BO20*#REF!,BO20*Budsjett!$E$65),0) -> 0 | DH20: =BQ20-CS20 -> 0 | DI20: =BR20-CT20 -> 0 | DJ20: =BS20-CU20 -> 0 | DK20: =BT20-CV20 -> 0 | DL20: =BU20-CW20 -> 0 | DM20: =BV20-CX20 -> 0 | DN20: =BW20-CY20 -> 0 | DO20: =BX20-CZ20 -> 0 | ... DT20: =CC20-DE20 -> 0 | DV20: =B20 -> 0 | DW20: =-(BC20*(1+Tabeller!$I$67)) -> 0 | DX20: =-(BD20*(1+Tabeller!$I$67)) -> 0 | DY20: =-(BE20*(1+Tabeller!$I$67)) -> 0 | DZ20: =-(BF20*(1+Tabeller!$I$67)) -> 0 | EA20: =-(BG20*(1+Tabeller!$I$67)) -> 0 | EB20: =-(BH20*(1+Tabeller!$I$67)) -> 0 | EC20: =-(BI20*(1+Tabeller!$I$67)) -> 0 | ED20: =-(BJ20*(1+Tabeller!$I$67)) -> 0 | ... EI20: =-(BO20*(1+Tabeller!$I$67)) -> 0 | EJ20: =SUM(DW20:EI20) -> 0 | EM20: =DV20 -> 0 | EN20: =IF($G20="NFR",DW20,0) -> 0 | EO20: =IF($G20="NFR",DX20,0) -> 0 | EP20: =IF($G20="NFR",DY20,0) -> 0 | EQ20: =IF($G20="NFR",DZ20,0) -> 0 | ER20: =IF($G20="NFR",EA20,0) -> 0 | ES20: =IF($G20="NFR",EB20,0) -> 0 | ET20: =IF($G20="NFR",EC20,0) -> 0 | EU20: =IF($G20="NFR",ED20,0) -> 0 | ... EZ20: =IF($G20="NFR",EI20,0) -> 0 | FA20: =SUM(EN20:EZ20) -> 0 | FC20: =EM20 -> 0 | FD20: =IF($G20=$FC$1,DW20,0) -> 0 | FE20: =IF($G20=$FC$1,DX20,0) -> 0 | FF20: =IF($G20=$FC$1,DY20,0) -> 0 | FG20: =IF($G20=$FC$1,DZ20,0) -> 0 | FH20: =IF($G20=$FC$1,EA20,0) -> 0 | FI20: =IF($G20=$FC$1,EB20,0) -> 0 | FJ20: =IF($G20=$FC$1,EC20,0) -> 0 | FK20: =IF($G20=$FC$1,ED20,0) -> 0 | ... FP20: =IF($G20=$FC$1,EI20,0) -> 0 | FQ20: =SUM(FD20:FP20) -> 0 | FS20: =FC20 -> 0 | FT20: =IF($G20=$FS$1,DW20,0) -> 0 | FU20: =IF($G20=$FS$1,DX20,0) -> 0 | FV20: =IF($G20=$FS$1,DY20,0) -> 0 | FW20: =IF($G20=$FS$1,DZ20,0) -> 0 | FX20: =IF($G20=$FS$1,EA20,0) -> 0 | FY20: =IF($G20=$FS$1,EB20,0) -> 0 | FZ20: =IF($G20=$FS$1,EC20,0) -> 0 | GA20: =IF($G20=$FS$1,ED20,0) -> 0 | ... GF20: =IF($G20=$FS$1,EI20,0) -> 0 | GG20: =SUM(FT20:GF20) -> 0 | GI20: =FS20 -> 0 | GJ20: =IF($G20=$GI$1,DW20,0) -> 0 | GK20: =IF($G20=$GI$1,DX20,0) -> 0 | GL20: =IF($G20=$GI$1,DY20,0) -> 0 | GM20: =IF($G20=$GI$1,DZ20,0) -> 0 | GN20: =IF($G20=$GI$1,EA20,0) -> 0 | GO20: =IF($G20=$GI$1,EB20,0) -> 0 | GP20: =IF($G20=$GI$1,EC20,0) -> 0 | GQ20: =IF($G20=$GI$1,ED20,0) -> 0 | ... GV20: =IF($G20=$GI$1,EI20,0) -> 0 | GW20: =SUM(GJ20:GV20) -> 0 | GZ20: =GI20 -> 0 | HN20: =SUM(HA20:HM20) -> 0 | HQ20: =IF(Registrering!$B$21="Prosjekter som foregår i UiOs lokaler",IF($B20="Teknisk/adm. bistand/Feltassistent",J20*Tabeller!J$11,J20*Tabeller!J$10)/Tabeller!$H$5,IF($B20="Teknisk/adm. bistand/Feltassistent",J20*Tabeller!J$13,J20*Tabeller!J$12)/Tabeller!$H$5) -> 0 | HR20: =IF(Registrering!$B$21="Prosjekter som foregår i UiOs lokaler",IF($B20="Teknisk/adm. bistand/Feltassistent",K20*Tabeller!K$11,K20*Tabeller!K$10)/Tabeller!$H$5,IF($B20="Teknisk/adm. bistand/Feltassistent",K20*Tabeller!K$13,K20*Tabeller!K$12)/Tabeller!$H$5) -> 0 | HS20: =IF(Registrering!$B$21="Prosjekter som foregår i UiOs lokaler",IF($B20="Teknisk/adm. bistand/Feltassistent",L20*Tabeller!L$11,L20*Tabeller!L$10)/Tabeller!$H$5,IF($B20="Teknisk/adm. bistand/Feltassistent",L20*Tabeller!L$13,L20*Tabeller!L$12)/Tabeller!$H$5) -> 0 | HT20: =IF(Registrering!$B$21="Prosjekter som foregår i UiOs lokaler",IF($B20="Teknisk/adm. bistand/Feltassistent",M20*Tabeller!M$11,M20*Tabeller!M$10)/Tabeller!$H$5,IF($B20="Teknisk/adm. bistand/Feltassistent",M20*Tabeller!M$13,M20*Tabeller!M$12)/Tabeller!$H$5) -> 0 | HU20: =IF(Registrering!$B$21="Prosjekter som foregår i UiOs lokaler",IF($B20="Teknisk/adm. bistand/Feltassistent",N20*Tabeller!N$11,N20*Tabeller!N$10)/Tabeller!$H$5,IF($B20="Teknisk/adm. bistand/Feltassistent",N20*Tabeller!N$13,N20*Tabeller!N$12)/Tabeller!$H$5) -> 0 | HV20: =IF(Registrering!$B$21="Prosjekter som foregår i UiOs lokaler",IF($B20="Teknisk/adm. bistand/Feltassistent",O20*Tabeller!O$11,O20*Tabeller!O$10)/Tabeller!$H$5,IF($B20="Teknisk/adm. bistand/Feltassistent",O20*Tabeller!O$13,O20*Tabeller!O$12)/Tabeller!$H$5) -> 0 | HW20: =IF(Registrering!$B$21="Prosjekter som foregår i UiOs lokaler",IF($B20="Teknisk/adm. bistand/Feltassistent",P20*Tabeller!P$11,P20*Tabeller!P$10)/Tabeller!$H$5,IF($B20="Teknisk/adm. bistand/Feltassistent",P20*Tabeller!P$13,P20*Tabeller!P$12)/Tabeller!$H$5) -> 0 | HX20: =IF(Registrering!$B$21="Prosjekter som foregår i UiOs lokaler",IF($B20="Teknisk/adm. bistand/Feltassistent",Q20*Tabeller!Q$11,Q20*Tabeller!Q$10)/Tabeller!$H$5,IF($B20="Teknisk/adm. bistand/Feltassistent",Q20*Tabeller!Q$13,Q20*Tabeller!Q$12)/Tabeller!$H$5) -> 0 | ... IC20: =IF(Registrering!$B$21="Prosjekter som foregår i UiOs lokaler",IF($B20="Teknisk/adm. bistand/Feltassistent",V20*Tabeller!V$11,V20*Tabeller!V$10)/Tabeller!$H$5,IF($B20="Teknisk/adm. bistand/Feltassistent",V20*Tabeller!V$13,V20*Tabeller!V$12)/Tabeller!$H$5) -> 0
C21: =SUM(BC21:BO21) -> 0 | D21: =IFERROR(IF(B21="Teknisk/adm. bistand/Feltassistent",F21*Tabeller!I$8,Budsjett!F21*Tabeller!H$8),0) -> 0 | E21: =SUM(C21:D21) -> 0 | F21: =SUM(J21:V21)/Tabeller!$H$5 -> 0 | AR21: =H21 -> 0 | AS21: =AR21*Tabeller!$I$35 -> 0 | AT21: =IF(AR21>0,(AS21-400)/52*47,0) -> 0 | AU21: =AT21*Tabeller!$H$26 -> 0 | AV21: =SUM(AT21:AU21,AW21)*Tabeller!$H$28 -> 0 | AW21: =AS21*Tabeller!$H$27 -> 0 | AX21: =SUM(AT21:AW21) -> 0 | AY21: =AX21+(IF(B21="Teknisk adm bistand",Registrering!$E$43,Registrering!$B$43)) -> 501000 | AZ21: =AX21/Tabeller!$H$5 -> 0 | BC21: =((J21*Budsjett!$AZ21)*(Tabeller!I$37)) -> 0 | BD21: =((K21*Budsjett!$AZ21)*(Tabeller!J$35)) -> 0 | BE21: =((L21*Budsjett!$AZ21)*(Tabeller!K$35)) -> 0 | BF21: =((M21*Budsjett!$AZ21)*(Tabeller!L$35)) -> 0 | BG21: =((N21*Budsjett!$AZ21)*(Tabeller!M$35)) -> 0 | BH21: =((O21*Budsjett!$AZ21)*(Tabeller!N$35)) -> 0 | BI21: =((P21*Budsjett!$AZ21)*(Tabeller!O$35)) -> 0 | BJ21: =((Q21*Budsjett!$AZ21)*(Tabeller!P$35)) -> 0 | BK21: =((R21*Budsjett!$AZ21)*(Tabeller!Q$35)) -> 0 | ... BO21: =((V21*Budsjett!$AZ21)*(Tabeller!U$35)) -> 0 | BQ21: =IFERROR(IF($B21="Teknisk/adm. bistand/Feltassistent",CE21*Tabeller!J$11,Budsjett!CE21*Tabeller!J$10),0) -> 0 | BR21: =IFERROR(IF($B21="Teknisk/adm. bistand/Feltassistent",CF21*Tabeller!K$11,Budsjett!CF21*Tabeller!K$10),0) -> 0 | BS21: =IFERROR(IF($B21="Teknisk/adm. bistand/Feltassistent",CG21*Tabeller!L$11,Budsjett!CG21*Tabeller!L$10),0) -> 0 | BT21: =IFERROR(IF($B21="Teknisk/adm. bistand/Feltassistent",CH21*Tabeller!M$11,Budsjett!CH21*Tabeller!M$10),0) -> 0 | BU21: =IFERROR(IF($B21="Teknisk/adm. bistand/Feltassistent",CI21*Tabeller!N$11,Budsjett!CI21*Tabeller!N$10),0) -> 0 | BV21: =IFERROR(IF($B21="Teknisk/adm. bistand/Feltassistent",CJ21*Tabeller!O$11,Budsjett!CJ21*Tabeller!O$10),0) -> 0 | BW21: =IFERROR(IF($B21="Teknisk/adm. bistand/Feltassistent",CK21*Tabeller!P$11,Budsjett!CK21*Tabeller!P$10),0) -> 0 | BX21: =IFERROR(IF($B21="Teknisk/adm. bistand/Feltassistent",CL21*Tabeller!Q$11,Budsjett!CL21*Tabeller!Q$10),0) -> 0 | ... CC21: =IFERROR(IF($B21="Teknisk/adm. bistand/Feltassistent",CQ21*Tabeller!V$11,Budsjett!CQ21*Tabeller!V$10),0) -> 0 | CE21: =J21/Tabeller!$H$5 -> 0 | CF21: =K21/Tabeller!$H$5 -> 0 | CG21: =L21/Tabeller!$H$5 -> 0 | CH21: =M21/Tabeller!$H$5 -> 0 | CI21: =N21/Tabeller!$H$5 -> 0 | CJ21: =O21/Tabeller!$H$5 -> 0 | CK21: =P21/Tabeller!$H$5 -> 0 | CL21: =Q21/Tabeller!$H$5 -> 0 | ... CQ21: =V21/Tabeller!$H$5 -> 0 | CS21: =IFERROR(IF($E$65=$J$64,BC21*#REF!,BC21*Budsjett!$E$65),0) -> 0 | CT21: =IFERROR(IF($E$65=$J$64,BD21*#REF!,BD21*Budsjett!$E$65),0) -> 0 | CU21: =IFERROR(IF($E$65=$J$64,BE21*#REF!,BE21*Budsjett!$E$65),0) -> 0 | CV21: =IFERROR(IF($E$65=$J$64,BF21*#REF!,BF21*Budsjett!$E$65),0) -> 0 | CW21: =IFERROR(IF($E$65=$J$64,BG21*#REF!,BG21*Budsjett!$E$65),0) -> 0 | CX21: =IFERROR(IF($E$65=$J$64,BH21*#REF!,BH21*Budsjett!$E$65),0) -> 0 | CY21: =IFERROR(IF($E$65=$J$64,BI21*#REF!,BI21*Budsjett!$E$65),0) -> 0 | CZ21: =IFERROR(IF($E$65=$J$64,BJ21*#REF!,BJ21*Budsjett!$E$65),0) -> 0 | ... DE21: =IFERROR(IF($E$65=$J$64,BO21*#REF!,BO21*Budsjett!$E$65),0) -> 0 | DH21: =BQ21-CS21 -> 0 | DI21: =BR21-CT21 -> 0 | DJ21: =BS21-CU21 -> 0 | DK21: =BT21-CV21 -> 0 | DL21: =BU21-CW21 -> 0 | DM21: =BV21-CX21 -> 0 | DN21: =BW21-CY21 -> 0 | DO21: =BX21-CZ21 -> 0 | ... DT21: =CC21-DE21 -> 0 | DV21: =B21 -> 0 | DW21: =-(BC21*(1+Tabeller!$I$67)) -> 0 | DX21: =-(BD21*(1+Tabeller!$I$67)) -> 0 | DY21: =-(BE21*(1+Tabeller!$I$67)) -> 0 | DZ21: =-(BF21*(1+Tabeller!$I$67)) -> 0 | EA21: =-(BG21*(1+Tabeller!$I$67)) -> 0 | EB21: =-(BH21*(1+Tabeller!$I$67)) -> 0 | EC21: =-(BI21*(1+Tabeller!$I$67)) -> 0 | ED21: =-(BJ21*(1+Tabeller!$I$67)) -> 0 | ... EI21: =-(BO21*(1+Tabeller!$I$67)) -> 0 | EJ21: =SUM(DW21:EI21) -> 0 | EM21: =DV21 -> 0 | EN21: =IF($G21="NFR",DW21,0) -> 0 | EO21: =IF($G21="NFR",DX21,0) -> 0 | EP21: =IF($G21="NFR",DY21,0) -> 0 | EQ21: =IF($G21="NFR",DZ21,0) -> 0 | ER21: =IF($G21="NFR",EA21,0) -> 0 | ES21: =IF($G21="NFR",EB21,0) -> 0 | ET21: =IF($G21="NFR",EC21,0) -> 0 | EU21: =IF($G21="NFR",ED21,0) -> 0 | ... EZ21: =IF($G21="NFR",EI21,0) -> 0 | FA21: =SUM(EN21:EZ21) -> 0 | FC21: =EM21 -> 0 | FD21: =IF($G21=$FC$1,DW21,0) -> 0 | FE21: =IF($G21=$FC$1,DX21,0) -> 0 | FF21: =IF($G21=$FC$1,DY21,0) -> 0 | FG21: =IF($G21=$FC$1,DZ21,0) -> 0 | FH21: =IF($G21=$FC$1,EA21,0) -> 0 | FI21: =IF($G21=$FC$1,EB21,0) -> 0 | FJ21: =IF($G21=$FC$1,EC21,0) -> 0 | FK21: =IF($G21=$FC$1,ED21,0) -> 0 | ... FP21: =IF($G21=$FC$1,EI21,0) -> 0 | FQ21: =SUM(FD21:FP21) -> 0 | FS21: =FC21 -> 0 | FT21: =IF($G21=$FS$1,DW21,0) -> 0 | FU21: =IF($G21=$FS$1,DX21,0) -> 0 | FV21: =IF($G21=$FS$1,DY21,0) -> 0 | FW21: =IF($G21=$FS$1,DZ21,0) -> 0 | FX21: =IF($G21=$FS$1,EA21,0) -> 0 | FY21: =IF($G21=$FS$1,EB21,0) -> 0 | FZ21: =IF($G21=$FS$1,EC21,0) -> 0 | GA21: =IF($G21=$FS$1,ED21,0) -> 0 | ... GF21: =IF($G21=$FS$1,EI21,0) -> 0 | GG21: =SUM(FT21:GF21) -> 0 | GI21: =FS21 -> 0 | GJ21: =IF($G21=$GI$1,DW21,0) -> 0 | GK21: =IF($G21=$GI$1,DX21,0) -> 0 | GL21: =IF($G21=$GI$1,DY21,0) -> 0 | GM21: =IF($G21=$GI$1,DZ21,0) -> 0 | GN21: =IF($G21=$GI$1,EA21,0) -> 0 | GO21: =IF($G21=$GI$1,EB21,0) -> 0 | GP21: =IF($G21=$GI$1,EC21,0) -> 0 | GQ21: =IF($G21=$GI$1,ED21,0) -> 0 | ... GV21: =IF($G21=$GI$1,EI21,0) -> 0 | GW21: =SUM(GJ21:GV21) -> 0 | GZ21: =GI21 -> 0 | HN21: =SUM(HA21:HM21) -> 0 | HQ21: =IF(Registrering!$B$21="Prosjekter som foregår i UiOs lokaler",IF($B21="Teknisk/adm. bistand/Feltassistent",J21*Tabeller!J$11,J21*Tabeller!J$10)/Tabeller!$H$5,IF($B21="Teknisk/adm. bistand/Feltassistent",J21*Tabeller!J$13,J21*Tabeller!J$12)/Tabeller!$H$5) -> 0 | HR21: =IF(Registrering!$B$21="Prosjekter som foregår i UiOs lokaler",IF($B21="Teknisk/adm. bistand/Feltassistent",K21*Tabeller!K$11,K21*Tabeller!K$10)/Tabeller!$H$5,IF($B21="Teknisk/adm. bistand/Feltassistent",K21*Tabeller!K$13,K21*Tabeller!K$12)/Tabeller!$H$5) -> 0
C22: =SUM(BC22:BO22) -> 0 | D22: =IFERROR(IF(B22="Teknisk/adm. bistand/Feltassistent",F22*Tabeller!I$8,Budsjett!F22*Tabeller!H$8),0) -> 0 | E22: =SUM(C22:D22) -> 0 | F22: =SUM(J22:V22)/Tabeller!$H$5 -> 0 | AR22: =H22 -> 0 | AS22: =AR22*Tabeller!$I$35 -> 0 | AT22: =IF(AR22>0,(AS22-400)/52*47,0) -> 0 | AU22: =AT22*Tabeller!$H$26 -> 0 | AV22: =SUM(AT22:AU22,AW22)*Tabeller!$H$28 -> 0 | AW22: =AS22*Tabeller!$H$27 -> 0 | AX22: =SUM(AT22:AW22) -> 0 | AY22: =AX22+(IF(B22="Teknisk adm bistand",Registrering!$E$43,Registrering!$B$43)) -> 501000 | AZ22: =AX22/Tabeller!$H$5 -> 0 | BC22: =((J22*Budsjett!$AZ22)*(Tabeller!I$37)) -> 0 | BD22: =((K22*Budsjett!$AZ22)*(Tabeller!J$35)) -> 0 | BE22: =((L22*Budsjett!$AZ22)*(Tabeller!K$35)) -> 0 | BF22: =((M22*Budsjett!$AZ22)*(Tabeller!L$35)) -> 0 | BG22: =((N22*Budsjett!$AZ22)*(Tabeller!M$35)) -> 0 | BH22: =((O22*Budsjett!$AZ22)*(Tabeller!N$35)) -> 0 | BI22: =((P22*Budsjett!$AZ22)*(Tabeller!O$35)) -> 0 | BJ22: =((Q22*Budsjett!$AZ22)*(Tabeller!P$35)) -> 0 | BK22: =((R22*Budsjett!$AZ22)*(Tabeller!Q$35)) -> 0 | ... BO22: =((V22*Budsjett!$AZ22)*(Tabeller!U$35)) -> 0 | BQ22: =IFERROR(IF($B22="Teknisk/adm. bistand/Feltassistent",CE22*Tabeller!J$11,Budsjett!CE22*Tabeller!J$10),0) -> 0 | BR22: =IFERROR(IF($B22="Teknisk/adm. bistand/Feltassistent",CF22*Tabeller!K$11,Budsjett!CF22*Tabeller!K$10),0) -> 0 | BS22: =IFERROR(IF($B22="Teknisk/adm. bistand/Feltassistent",CG22*Tabeller!L$11,Budsjett!CG22*Tabeller!L$10),0) -> 0 | BT22: =IFERROR(IF($B22="Teknisk/adm. bistand/Feltassistent",CH22*Tabeller!M$11,Budsjett!CH22*Tabeller!M$10),0) -> 0 | BU22: =IFERROR(IF($B22="Teknisk/adm. bistand/Feltassistent",CI22*Tabeller!N$11,Budsjett!CI22*Tabeller!N$10),0) -> 0 | BV22: =IFERROR(IF($B22="Teknisk/adm. bistand/Feltassistent",CJ22*Tabeller!O$11,Budsjett!CJ22*Tabeller!O$10),0) -> 0 | BW22: =IFERROR(IF($B22="Teknisk/adm. bistand/Feltassistent",CK22*Tabeller!P$11,Budsjett!CK22*Tabeller!P$10),0) -> 0 | BX22: =IFERROR(IF($B22="Teknisk/adm. bistand/Feltassistent",CL22*Tabeller!Q$11,Budsjett!CL22*Tabeller!Q$10),0) -> 0 | ... CC22: =IFERROR(IF($B22="Teknisk/adm. bistand/Feltassistent",CQ22*Tabeller!V$11,Budsjett!CQ22*Tabeller!V$10),0) -> 0 | CE22: =J22/Tabeller!$H$5 -> 0 | CF22: =K22/Tabeller!$H$5 -> 0 | CG22: =L22/Tabeller!$H$5 -> 0 | CH22: =M22/Tabeller!$H$5 -> 0 | CI22: =N22/Tabeller!$H$5 -> 0 | CJ22: =O22/Tabeller!$H$5 -> 0 | CK22: =P22/Tabeller!$H$5 -> 0 | CL22: =Q22/Tabeller!$H$5 -> 0 | ... CQ22: =V22/Tabeller!$H$5 -> 0 | CS22: =IFERROR(IF($E$65=$J$64,BC22*#REF!,BC22*Budsjett!$E$65),0) -> 0 | CT22: =IFERROR(IF($E$65=$J$64,BD22*#REF!,BD22*Budsjett!$E$65),0) -> 0 | CU22: =IFERROR(IF($E$65=$J$64,BE22*#REF!,BE22*Budsjett!$E$65),0) -> 0 | CV22: =IFERROR(IF($E$65=$J$64,BF22*#REF!,BF22*Budsjett!$E$65),0) -> 0 | CW22: =IFERROR(IF($E$65=$J$64,BG22*#REF!,BG22*Budsjett!$E$65),0) -> 0 | CX22: =IFERROR(IF($E$65=$J$64,BH22*#REF!,BH22*Budsjett!$E$65),0) -> 0 | CY22: =IFERROR(IF($E$65=$J$64,BI22*#REF!,BI22*Budsjett!$E$65),0) -> 0 | CZ22: =IFERROR(IF($E$65=$J$64,BJ22*#REF!,BJ22*Budsjett!$E$65),0) -> 0 | ... DE22: =IFERROR(IF($E$65=$J$64,BO22*#REF!,BO22*Budsjett!$E$65),0) -> 0 | DH22: =BQ22-CS22 -> 0 | DI22: =BR22-CT22 -> 0 | DJ22: =BS22-CU22 -> 0 | DK22: =BT22-CV22 -> 0 | DL22: =BU22-CW22 -> 0 | DM22: =BV22-CX22 -> 0 | DN22: =BW22-CY22 -> 0 | DO22: =BX22-CZ22 -> 0 | ... DT22: =CC22-DE22 -> 0 | DV22: =B22 -> 0 | DW22: =-(BC22*(1+Tabeller!$I$67)) -> 0 | DX22: =-(BD22*(1+Tabeller!$I$67)) -> 0 | DY22: =-(BE22*(1+Tabeller!$I$67)) -> 0 | DZ22: =-(BF22*(1+Tabeller!$I$67)) -> 0 | EA22: =-(BG22*(1+Tabeller!$I$67)) -> 0 | EB22: =-(BH22*(1+Tabeller!$I$67)) -> 0 | EC22: =-(BI22*(1+Tabeller!$I$67)) -> 0 | ED22: =-(BJ22*(1+Tabeller!$I$67)) -> 0 | ... EI22: =-(BO22*(1+Tabeller!$I$67)) -> 0 | EJ22: =SUM(DW22:EI22) -> 0 | EM22: =DV22 -> 0 | EN22: =IF($G22="NFR",DW22,0) -> 0 | EO22: =IF($G22="NFR",DX22,0) -> 0 | EP22: =IF($G22="NFR",DY22,0) -> 0 | EQ22: =IF($G22="NFR",DZ22,0) -> 0 | ER22: =IF($G22="NFR",EA22,0) -> 0 | ES22: =IF($G22="NFR",EB22,0) -> 0 | ET22: =IF($G22="NFR",EC22,0) -> 0 | EU22: =IF($G22="NFR",ED22,0) -> 0 | ... EZ22: =IF($G22="NFR",EI22,0) -> 0 | FA22: =SUM(EN22:EZ22) -> 0 | FC22: =EM22 -> 0 | FD22: =IF($G22=$FC$1,DW22,0) -> 0 | FE22: =IF($G22=$FC$1,DX22,0) -> 0 | FF22: =IF($G22=$FC$1,DY22,0) -> 0 | FG22: =IF($G22=$FC$1,DZ22,0) -> 0 | FH22: =IF($G22=$FC$1,EA22,0) -> 0 | FI22: =IF($G22=$FC$1,EB22,0) -> 0 | FJ22: =IF($G22=$FC$1,EC22,0) -> 0 | FK22: =IF($G22=$FC$1,ED22,0) -> 0 | ... FP22: =IF($G22=$FC$1,EI22,0) -> 0 | FQ22: =SUM(FD22:FP22) -> 0 | FS22: =FC22 -> 0 | FT22: =IF($G22=$FS$1,DW22,0) -> 0 | FU22: =IF($G22=$FS$1,DX22,0) -> 0 | FV22: =IF($G22=$FS$1,DY22,0) -> 0 | FW22: =IF($G22=$FS$1,DZ22,0) -> 0 | FX22: =IF($G22=$FS$1,EA22,0) -> 0 | FY22: =IF($G22=$FS$1,EB22,0) -> 0 | FZ22: =IF($G22=$FS$1,EC22,0) -> 0 | GA22: =IF($G22=$FS$1,ED22,0) -> 0 | ... GF22: =IF($G22=$FS$1,EI22,0) -> 0 | GG22: =SUM(FT22:GF22) -> 0 | GI22: =FS22 -> 0 | GJ22: =IF($G22=$GI$1,DW22,0) -> 0 | GK22: =IF($G22=$GI$1,DX22,0) -> 0 | GL22: =IF($G22=$GI$1,DY22,0) -> 0 | GM22: =IF($G22=$GI$1,DZ22,0) -> 0 | GN22: =IF($G22=$GI$1,EA22,0) -> 0 | GO22: =IF($G22=$GI$1,EB22,0) -> 0 | GP22: =IF($G22=$GI$1,EC22,0) -> 0 | GQ22: =IF($G22=$GI$1,ED22,0) -> 0 | ... GV22: =IF($G22=$GI$1,EI22,0) -> 0 | GW22: =SUM(GJ22:GV22) -> 0 | GZ22: =GI22 -> 0 | HN22: =SUM(HA22:HM22) -> 0 | HQ22: =IF(Registrering!$B$21="Prosjekter som foregår i UiOs lokaler",IF($B22="Teknisk/adm. bistand/Feltassistent",J22*Tabeller!J$11,J22*Tabeller!J$10)/Tabeller!$H$5,IF($B22="Teknisk/adm. bistand/Feltassistent",J22*Tabeller!J$13,J22*Tabeller!J$12)/Tabeller!$H$5) -> 0 | HR22: =IF(Registrering!$B$21="Prosjekter som foregår i UiOs lokaler",IF($B22="Teknisk/adm. bistand/Feltassistent",K22*Tabeller!K$11,K22*Tabeller!K$10)/Tabeller!$H$5,IF($B22="Teknisk/adm. bistand/Feltassistent",K22*Tabeller!K$13,K22*Tabeller!K$12)/Tabeller!$H$5) -> 0
C23: =SUM(BC23:BO23) -> 0 | D23: =IFERROR(IF(B23="Teknisk/adm. bistand/Feltassistent",F23*Tabeller!I$8,Budsjett!F23*Tabeller!H$8),0) -> 0 | E23: =SUM(C23:D23) -> 0 | F23: =SUM(J23:V23)/Tabeller!$H$5 -> 0 | AR23: =H23 -> 0 | AS23: =AR23*Tabeller!$I$35 -> 0 | AT23: =IF(AR23>0,(AS23-400)/52*47,0) -> 0 | AU23: =AT23*Tabeller!$H$26 -> 0 | AV23: =SUM(AT23:AU23,AW23)*Tabeller!$H$28 -> 0 | AW23: =AS23*Tabeller!$H$27 -> 0 | AX23: =SUM(AT23:AW23) -> 0 | AY23: =AX23+(IF(B23="Teknisk adm bistand",Registrering!$E$43,Registrering!$B$43)) -> 501000 | AZ23: =AX23/Tabeller!$H$5 -> 0 | BC23: =((J23*Budsjett!$AZ23)*(Tabeller!I$37)) -> 0 | BD23: =((K23*Budsjett!$AZ23)*(Tabeller!J$35)) -> 0 | BE23: =((L23*Budsjett!$AZ23)*(Tabeller!K$35)) -> 0 | BF23: =((M23*Budsjett!$AZ23)*(Tabeller!L$35)) -> 0 | BG23: =((N23*Budsjett!$AZ23)*(Tabeller!M$35)) -> 0 | BH23: =((O23*Budsjett!$AZ23)*(Tabeller!N$35)) -> 0 | BI23: =((P23*Budsjett!$AZ23)*(Tabeller!O$35)) -> 0 | BJ23: =((Q23*Budsjett!$AZ23)*(Tabeller!P$35)) -> 0 | BK23: =((R23*Budsjett!$AZ23)*(Tabeller!Q$35)) -> 0 | ... BO23: =((V23*Budsjett!$AZ23)*(Tabeller!U$35)) -> 0 | BQ23: =IFERROR(IF($B23="Teknisk/adm. bistand/Feltassistent",CE23*Tabeller!J$11,Budsjett!CE23*Tabeller!J$10),0) -> 0 | BR23: =IFERROR(IF($B23="Teknisk/adm. bistand/Feltassistent",CF23*Tabeller!K$11,Budsjett!CF23*Tabeller!K$10),0) -> 0 | BS23: =IFERROR(IF($B23="Teknisk/adm. bistand/Feltassistent",CG23*Tabeller!L$11,Budsjett!CG23*Tabeller!L$10),0) -> 0 | BT23: =IFERROR(IF($B23="Teknisk/adm. bistand/Feltassistent",CH23*Tabeller!M$11,Budsjett!CH23*Tabeller!M$10),0) -> 0 | BU23: =IFERROR(IF($B23="Teknisk/adm. bistand/Feltassistent",CI23*Tabeller!N$11,Budsjett!CI23*Tabeller!N$10),0) -> 0 | BV23: =IFERROR(IF($B23="Teknisk/adm. bistand/Feltassistent",CJ23*Tabeller!O$11,Budsjett!CJ23*Tabeller!O$10),0) -> 0 | BW23: =IFERROR(IF($B23="Teknisk/adm. bistand/Feltassistent",CK23*Tabeller!P$11,Budsjett!CK23*Tabeller!P$10),0) -> 0 | BX23: =IFERROR(IF($B23="Teknisk/adm. bistand/Feltassistent",CL23*Tabeller!Q$11,Budsjett!CL23*Tabeller!Q$10),0) -> 0 | ... CC23: =IFERROR(IF($B23="Teknisk/adm. bistand/Feltassistent",CQ23*Tabeller!V$11,Budsjett!CQ23*Tabeller!V$10),0) -> 0 | CE23: =J23/Tabeller!$H$5 -> 0 | CF23: =K23/Tabeller!$H$5 -> 0 | CG23: =L23/Tabeller!$H$5 -> 0 | CH23: =M23/Tabeller!$H$5 -> 0 | CI23: =N23/Tabeller!$H$5 -> 0 | CJ23: =O23/Tabeller!$H$5 -> 0 | CK23: =P23/Tabeller!$H$5 -> 0 | CL23: =Q23/Tabeller!$H$5 -> 0 | ... CQ23: =V23/Tabeller!$H$5 -> 0 | CS23: =IFERROR(IF($E$65=$J$64,BC23*#REF!,BC23*Budsjett!$E$65),0) -> 0 | CT23: =IFERROR(IF($E$65=$J$64,BD23*#REF!,BD23*Budsjett!$E$65),0) -> 0 | CU23: =IFERROR(IF($E$65=$J$64,BE23*#REF!,BE23*Budsjett!$E$65),0) -> 0 | CV23: =IFERROR(IF($E$65=$J$64,BF23*#REF!,BF23*Budsjett!$E$65),0) -> 0 | CW23: =IFERROR(IF($E$65=$J$64,BG23*#REF!,BG23*Budsjett!$E$65),0) -> 0 | CX23: =IFERROR(IF($E$65=$J$64,BH23*#REF!,BH23*Budsjett!$E$65),0) -> 0 | CY23: =IFERROR(IF($E$65=$J$64,BI23*#REF!,BI23*Budsjett!$E$65),0) -> 0 | CZ23: =IFERROR(IF($E$65=$J$64,BJ23*#REF!,BJ23*Budsjett!$E$65),0) -> 0 | ... DE23: =IFERROR(IF($E$65=$J$64,BO23*#REF!,BO23*Budsjett!$E$65),0) -> 0 | DH23: =BQ23-CS23 -> 0 | DI23: =BR23-CT23 -> 0 | DJ23: =BS23-CU23 -> 0 | DK23: =BT23-CV23 -> 0 | DL23: =BU23-CW23 -> 0 | DM23: =BV23-CX23 -> 0 | DN23: =BW23-CY23 -> 0 | DO23: =BX23-CZ23 -> 0 | ... DT23: =CC23-DE23 -> 0 | DV23: =B23 -> 0 | DW23: =-(BC23*(1+Tabeller!$I$67)) -> 0 | DX23: =-(BD23*(1+Tabeller!$I$67)) -> 0 | DY23: =-(BE23*(1+Tabeller!$I$67)) -> 0 | DZ23: =-(BF23*(1+Tabeller!$I$67)) -> 0 | EA23: =-(BG23*(1+Tabeller!$I$67)) -> 0 | EB23: =-(BH23*(1+Tabeller!$I$67)) -> 0 | EC23: =-(BI23*(1+Tabeller!$I$67)) -> 0 | ED23: =-(BJ23*(1+Tabeller!$I$67)) -> 0 | ... EI23: =-(BO23*(1+Tabeller!$I$67)) -> 0 | EJ23: =SUM(DW23:EI23) -> 0 | EM23: =DV23 -> 0 | EN23: =IF($G23="NFR",DW23,0) -> 0 | EO23: =IF($G23="NFR",DX23,0) -> 0 | EP23: =IF($G23="NFR",DY23,0) -> 0 | EQ23: =IF($G23="NFR",DZ23,0) -> 0 | ER23: =IF($G23="NFR",EA23,0) -> 0 | ES23: =IF($G23="NFR",EB23,0) -> 0 | ET23: =IF($G23="NFR",EC23,0) -> 0 | EU23: =IF($G23="NFR",ED23,0) -> 0 | ... EZ23: =IF($G23="NFR",EI23,0) -> 0 | FA23: =SUM(EN23:EZ23) -> 0 | FC23: =EM23 -> 0 | FD23: =IF($G23=$FC$1,DW23,0) -> 0 | FE23: =IF($G23=$FC$1,DX23,0) -> 0 | FF23: =IF($G23=$FC$1,DY23,0) -> 0 | FG23: =IF($G23=$FC$1,DZ23,0) -> 0 | FH23: =IF($G23=$FC$1,EA23,0) -> 0 | FI23: =IF($G23=$FC$1,EB23,0) -> 0 | FJ23: =IF($G23=$FC$1,EC23,0) -> 0 | FK23: =IF($G23=$FC$1,ED23,0) -> 0 | ... FP23: =IF($G23=$FC$1,EI23,0) -> 0 | FQ23: =SUM(FD23:FP23) -> 0 | FS23: =FC23 -> 0 | FT23: =IF($G23=$FS$1,DW23,0) -> 0 | FU23: =IF($G23=$FS$1,DX23,0) -> 0 | FV23: =IF($G23=$FS$1,DY23,0) -> 0 | FW23: =IF($G23=$FS$1,DZ23,0) -> 0 | FX23: =IF($G23=$FS$1,EA23,0) -> 0 | FY23: =IF($G23=$FS$1,EB23,0) -> 0 | FZ23: =IF($G23=$FS$1,EC23,0) -> 0 | GA23: =IF($G23=$FS$1,ED23,0) -> 0 | ... GF23: =IF($G23=$FS$1,EI23,0) -> 0 | GG23: =SUM(FT23:GF23) -> 0 | GI23: =FS23 -> 0 | GJ23: =IF($G23=$GI$1,DW23,0) -> 0 | GK23: =IF($G23=$GI$1,DX23,0) -> 0 | GL23: =IF($G23=$GI$1,DY23,0) -> 0 | GM23: =IF($G23=$GI$1,DZ23,0) -> 0 | GN23: =IF($G23=$GI$1,EA23,0) -> 0 | GO23: =IF($G23=$GI$1,EB23,0) -> 0 | GP23: =IF($G23=$GI$1,EC23,0) -> 0 | GQ23: =IF($G23=$GI$1,ED23,0) -> 0 | ... GV23: =IF($G23=$GI$1,EI23,0) -> 0 | GW23: =SUM(GJ23:GV23) -> 0 | GZ23: =GI23 -> 0 | HN23: =SUM(HA23:HM23) -> 0 | HQ23: =IF(Registrering!$B$21="Prosjekter som foregår i UiOs lokaler",IF($B23="Teknisk/adm. bistand/Feltassistent",J23*Tabeller!J$11,J23*Tabeller!J$10)/Tabeller!$H$5,IF($B23="Teknisk/adm. bistand/Feltassistent",J23*Tabeller!J$13,J23*Tabeller!J$12)/Tabeller!$H$5) -> 0 | HR23: =IF(Registrering!$B$21="Prosjekter som foregår i UiOs lokaler",IF($B23="Teknisk/adm. bistand/Feltassistent",K23*Tabeller!K$11,K23*Tabeller!K$10)/Tabeller!$H$5,IF($B23="Teknisk/adm. bistand/Feltassistent",K23*Tabeller!K$13,K23*Tabeller!K$12)/Tabeller!$H$5) -> 0
C24: =SUM(BC24:BO24) -> 0 | D24: =IFERROR(IF(B24="Teknisk/adm. bistand/Feltassistent",F24*Tabeller!I$8,Budsjett!F24*Tabeller!H$8),0) -> 0 | E24: =SUM(C24:D24) -> 0 | F24: =SUM(J24:V24)/Tabeller!$H$5 -> 0 | AR24: =H24 -> 0 | AS24: =AR24*Tabeller!$I$35 -> 0 | AT24: =IF(AR24>0,(AS24-400)/52*47,0) -> 0 | AU24: =AT24*Tabeller!$H$26 -> 0 | AV24: =SUM(AT24:AU24,AW24)*Tabeller!$H$28 -> 0 | AW24: =AS24*Tabeller!$H$27 -> 0 | AX24: =SUM(AT24:AW24) -> 0 | AY24: =AX24+(IF(B24="Teknisk adm bistand",Registrering!$E$43,Registrering!$B$43)) -> 501000 | AZ24: =AX24/Tabeller!$H$5 -> 0 | BC24: =((J24*Budsjett!$AZ24)*(Tabeller!I$37)) -> 0 | BD24: =((K24*Budsjett!$AZ24)*(Tabeller!J$35)) -> 0 | BE24: =((L24*Budsjett!$AZ24)*(Tabeller!K$35)) -> 0 | BF24: =((M24*Budsjett!$AZ24)*(Tabeller!L$35)) -> 0 | BG24: =((N24*Budsjett!$AZ24)*(Tabeller!M$35)) -> 0 | BH24: =((O24*Budsjett!$AZ24)*(Tabeller!N$35)) -> 0 | BI24: =((P24*Budsjett!$AZ24)*(Tabeller!O$35)) -> 0 | BJ24: =((Q24*Budsjett!$AZ24)*(Tabeller!P$35)) -> 0 | BK24: =((R24*Budsjett!$AZ24)*(Tabeller!Q$35)) -> 0 | ... BO24: =((V24*Budsjett!$AZ24)*(Tabeller!U$35)) -> 0 | BQ24: =IFERROR(IF($B24="Teknisk/adm. bistand/Feltassistent",CE24*Tabeller!J$11,Budsjett!CE24*Tabeller!J$10),0) -> 0 | BR24: =IFERROR(IF($B24="Teknisk/adm. bistand/Feltassistent",CF24*Tabeller!K$11,Budsjett!CF24*Tabeller!K$10),0) -> 0 | BS24: =IFERROR(IF($B24="Teknisk/adm. bistand/Feltassistent",CG24*Tabeller!L$11,Budsjett!CG24*Tabeller!L$10),0) -> 0 | BT24: =IFERROR(IF($B24="Teknisk/adm. bistand/Feltassistent",CH24*Tabeller!M$11,Budsjett!CH24*Tabeller!M$10),0) -> 0 | BU24: =IFERROR(IF($B24="Teknisk/adm. bistand/Feltassistent",CI24*Tabeller!N$11,Budsjett!CI24*Tabeller!N$10),0) -> 0 | BV24: =IFERROR(IF($B24="Teknisk/adm. bistand/Feltassistent",CJ24*Tabeller!O$11,Budsjett!CJ24*Tabeller!O$10),0) -> 0 | BW24: =IFERROR(IF($B24="Teknisk/adm. bistand/Feltassistent",CK24*Tabeller!P$11,Budsjett!CK24*Tabeller!P$10),0) -> 0 | BX24: =IFERROR(IF($B24="Teknisk/adm. bistand/Feltassistent",CL24*Tabeller!Q$11,Budsjett!CL24*Tabeller!Q$10),0) -> 0 | ... CC24: =IFERROR(IF($B24="Teknisk/adm. bistand/Feltassistent",CQ24*Tabeller!V$11,Budsjett!CQ24*Tabeller!V$10),0) -> 0 | CE24: =J24/Tabeller!$H$5 -> 0 | CF24: =K24/Tabeller!$H$5 -> 0 | CG24: =L24/Tabeller!$H$5 -> 0 | CH24: =M24/Tabeller!$H$5 -> 0 | CI24: =N24/Tabeller!$H$5 -> 0 | CJ24: =O24/Tabeller!$H$5 -> 0 | CK24: =P24/Tabeller!$H$5 -> 0 | CL24: =Q24/Tabeller!$H$5 -> 0 | ... CQ24: =V24/Tabeller!$H$5 -> 0 | CS24: =IFERROR(IF($E$65=$J$64,BC24*#REF!,BC24*Budsjett!$E$65),0) -> 0 | CT24: =IFERROR(IF($E$65=$J$64,BD24*#REF!,BD24*Budsjett!$E$65),0) -> 0 | CU24: =IFERROR(IF($E$65=$J$64,BE24*#REF!,BE24*Budsjett!$E$65),0) -> 0 | CV24: =IFERROR(IF($E$65=$J$64,BF24*#REF!,BF24*Budsjett!$E$65),0) -> 0 | CW24: =IFERROR(IF($E$65=$J$64,BG24*#REF!,BG24*Budsjett!$E$65),0) -> 0 | CX24: =IFERROR(IF($E$65=$J$64,BH24*#REF!,BH24*Budsjett!$E$65),0) -> 0 | CY24: =IFERROR(IF($E$65=$J$64,BI24*#REF!,BI24*Budsjett!$E$65),0) -> 0 | CZ24: =IFERROR(IF($E$65=$J$64,BJ24*#REF!,BJ24*Budsjett!$E$65),0) -> 0 | ... DE24: =IFERROR(IF($E$65=$J$64,BO24*#REF!,BO24*Budsjett!$E$65),0) -> 0 | DH24: =BQ24-CS24 -> 0 | DI24: =BR24-CT24 -> 0 | DJ24: =BS24-CU24 -> 0 | DK24: =BT24-CV24 -> 0 | DL24: =BU24-CW24 -> 0 | DM24: =BV24-CX24 -> 0 | DN24: =BW24-CY24 -> 0 | DO24: =BX24-CZ24 -> 0 | ... DT24: =CC24-DE24 -> 0 | DV24: =B24 -> 0 | DW24: =-(BC24*(1+Tabeller!$I$67)) -> 0 | DX24: =-(BD24*(1+Tabeller!$I$67)) -> 0 | DY24: =-(BE24*(1+Tabeller!$I$67)) -> 0 | DZ24: =-(BF24*(1+Tabeller!$I$67)) -> 0 | EA24: =-(BG24*(1+Tabeller!$I$67)) -> 0 | EB24: =-(BH24*(1+Tabeller!$I$67)) -> 0 | EC24: =-(BI24*(1+Tabeller!$I$67)) -> 0 | ED24: =-(BJ24*(1+Tabeller!$I$67)) -> 0 | ... EI24: =-(BO24*(1+Tabeller!$I$67)) -> 0 | EJ24: =SUM(DW24:EI24) -> 0 | EM24: =DV24 -> 0 | EN24: =IF($G24="NFR",DW24,0) -> 0 | EO24: =IF($G24="NFR",DX24,0) -> 0 | EP24: =IF($G24="NFR",DY24,0) -> 0 | EQ24: =IF($G24="NFR",DZ24,0) -> 0 | ER24: =IF($G24="NFR",EA24,0) -> 0 | ES24: =IF($G24="NFR",EB24,0) -> 0 | ET24: =IF($G24="NFR",EC24,0) -> 0 | EU24: =IF($G24="NFR",ED24,0) -> 0 | ... EZ24: =IF($G24="NFR",EI24,0) -> 0 | FA24: =SUM(EN24:EZ24) -> 0 | FC24: =EM24 -> 0 | FD24: =IF($G24=$FC$1,DW24,0) -> 0 | FE24: =IF($G24=$FC$1,DX24,0) -> 0 | FF24: =IF($G24=$FC$1,DY24,0) -> 0 | FG24: =IF($G24=$FC$1,DZ24,0) -> 0 | FH24: =IF($G24=$FC$1,EA24,0) -> 0 | FI24: =IF($G24=$FC$1,EB24,0) -> 0 | FJ24: =IF($G24=$FC$1,EC24,0) -> 0 | FK24: =IF($G24=$FC$1,ED24,0) -> 0 | ... FP24: =IF($G24=$FC$1,EI24,0) -> 0 | FQ24: =SUM(FD24:FP24) -> 0 | FS24: =FC24 -> 0 | FT24: =IF($G24=$FS$1,DW24,0) -> 0 | FU24: =IF($G24=$FS$1,DX24,0) -> 0 | FV24: =IF($G24=$FS$1,DY24,0) -> 0 | FW24: =IF($G24=$FS$1,DZ24,0) -> 0 | FX24: =IF($G24=$FS$1,EA24,0) -> 0 | FY24: =IF($G24=$FS$1,EB24,0) -> 0 | FZ24: =IF($G24=$FS$1,EC24,0) -> 0 | GA24: =IF($G24=$FS$1,ED24,0) -> 0 | ... GF24: =IF($G24=$FS$1,EI24,0) -> 0 | GG24: =SUM(FT24:GF24) -> 0 | GI24: =FS24 -> 0 | GJ24: =IF($G24=$GI$1,DW24,0) -> 0 | GK24: =IF($G24=$GI$1,DX24,0) -> 0 | GL24: =IF($G24=$GI$1,DY24,0) -> 0 | GM24: =IF($G24=$GI$1,DZ24,0) -> 0 | GN24: =IF($G24=$GI$1,EA24,0) -> 0 | GO24: =IF($G24=$GI$1,EB24,0) -> 0 | GP24: =IF($G24=$GI$1,EC24,0) -> 0 | GQ24: =IF($G24=$GI$1,ED24,0) -> 0 | ... GV24: =IF($G24=$GI$1,EI24,0) -> 0 | GW24: =SUM(GJ24:GV24) -> 0 | GZ24: =GI24 -> 0 | HN24: =SUM(HA24:HM24) -> 0 | HQ24: =IF(Registrering!$B$21="Prosjekter som foregår i UiOs lokaler",IF($B24="Teknisk/adm. bistand/Feltassistent",J24*Tabeller!J$11,J24*Tabeller!J$10)/Tabeller!$H$5,IF($B24="Teknisk/adm. bistand/Feltassistent",J24*Tabeller!J$13,J24*Tabeller!J$12)/Tabeller!$H$5) -> 0 | HR24: =IF(Registrering!$B$21="Prosjekter som foregår i UiOs lokaler",IF($B24="Teknisk/adm. bistand/Feltassistent",K24*Tabeller!K$11,K24*Tabeller!K$10)/Tabeller!$H$5,IF($B24="Teknisk/adm. bistand/Feltassistent",K24*Tabeller!K$13,K24*Tabeller!K$12)/Tabeller!$H$5) -> 0
C25: =SUM(BC25:BO25) -> 0 | D25: =IFERROR(IF(B25="Teknisk/adm. bistand/Feltassistent",F25*Tabeller!I$8,Budsjett!F25*Tabeller!H$8),0) -> 0 | E25: =SUM(C25:D25) -> 0 | F25: =SUM(J25:V25)/Tabeller!$H$5 -> 0 | AR25: =H25 -> 0 | AS25: =AR25*Tabeller!$I$35 -> 0 | AT25: =IF(AR25>0,(AS25-400)/52*47,0) -> 0 | AU25: =AT25*Tabeller!$H$26 -> 0 | AV25: =SUM(AT25:AU25,AW25)*Tabeller!$H$28 -> 0 | AW25: =AS25*Tabeller!$H$27 -> 0 | AX25: =SUM(AT25:AW25) -> 0 | AY25: =AX25+(IF(B25="Teknisk adm bistand",Registrering!$E$43,Registrering!$B$43)) -> 501000 | AZ25: =AX25/Tabeller!$H$5 -> 0 | BC25: =((J25*Budsjett!$AZ25)*(Tabeller!I$37)) -> 0 | BD25: =((K25*Budsjett!$AZ25)*(Tabeller!J$35)) -> 0 | BE25: =((L25*Budsjett!$AZ25)*(Tabeller!K$35)) -> 0 | BF25: =((M25*Budsjett!$AZ25)*(Tabeller!L$35)) -> 0 | BG25: =((N25*Budsjett!$AZ25)*(Tabeller!M$35)) -> 0 | BH25: =((O25*Budsjett!$AZ25)*(Tabeller!N$35)) -> 0 | BI25: =((P25*Budsjett!$AZ25)*(Tabeller!O$35)) -> 0 | BJ25: =((Q25*Budsjett!$AZ25)*(Tabeller!P$35)) -> 0 | BK25: =((R25*Budsjett!$AZ25)*(Tabeller!Q$35)) -> 0 | ... BO25: =((V25*Budsjett!$AZ25)*(Tabeller!U$35)) -> 0 | BQ25: =IFERROR(IF($B25="Teknisk/adm. bistand/Feltassistent",CE25*Tabeller!J$11,Budsjett!CE25*Tabeller!J$10),0) -> 0 | BR25: =IFERROR(IF($B25="Teknisk/adm. bistand/Feltassistent",CF25*Tabeller!K$11,Budsjett!CF25*Tabeller!K$10),0) -> 0 | BS25: =IFERROR(IF($B25="Teknisk/adm. bistand/Feltassistent",CG25*Tabeller!L$11,Budsjett!CG25*Tabeller!L$10),0) -> 0 | BT25: =IFERROR(IF($B25="Teknisk/adm. bistand/Feltassistent",CH25*Tabeller!M$11,Budsjett!CH25*Tabeller!M$10),0) -> 0 | BU25: =IFERROR(IF($B25="Teknisk/adm. bistand/Feltassistent",CI25*Tabeller!N$11,Budsjett!CI25*Tabeller!N$10),0) -> 0 | BV25: =IFERROR(IF($B25="Teknisk/adm. bistand/Feltassistent",CJ25*Tabeller!O$11,Budsjett!CJ25*Tabeller!O$10),0) -> 0 | BW25: =IFERROR(IF($B25="Teknisk/adm. bistand/Feltassistent",CK25*Tabeller!P$11,Budsjett!CK25*Tabeller!P$10),0) -> 0 | BX25: =IFERROR(IF($B25="Teknisk/adm. bistand/Feltassistent",CL25*Tabeller!Q$11,Budsjett!CL25*Tabeller!Q$10),0) -> 0 | ... CC25: =IFERROR(IF($B25="Teknisk/adm. bistand/Feltassistent",CQ25*Tabeller!V$11,Budsjett!CQ25*Tabeller!V$10),0) -> 0 | CE25: =J25/Tabeller!$H$5 -> 0 | CF25: =K25/Tabeller!$H$5 -> 0 | CG25: =L25/Tabeller!$H$5 -> 0 | CH25: =M25/Tabeller!$H$5 -> 0 | CI25: =N25/Tabeller!$H$5 -> 0 | CJ25: =O25/Tabeller!$H$5 -> 0 | CK25: =P25/Tabeller!$H$5 -> 0 | CL25: =Q25/Tabeller!$H$5 -> 0 | ... CQ25: =V25/Tabeller!$H$5 -> 0 | CS25: =IFERROR(IF($E$65=$J$64,BC25*#REF!,BC25*Budsjett!$E$65),0) -> 0 | CT25: =IFERROR(IF($E$65=$J$64,BD25*#REF!,BD25*Budsjett!$E$65),0) -> 0 | CU25: =IFERROR(IF($E$65=$J$64,BE25*#REF!,BE25*Budsjett!$E$65),0) -> 0 | CV25: =IFERROR(IF($E$65=$J$64,BF25*#REF!,BF25*Budsjett!$E$65),0) -> 0 | CW25: =IFERROR(IF($E$65=$J$64,BG25*#REF!,BG25*Budsjett!$E$65),0) -> 0 | CX25: =IFERROR(IF($E$65=$J$64,BH25*#REF!,BH25*Budsjett!$E$65),0) -> 0 | CY25: =IFERROR(IF($E$65=$J$64,BI25*#REF!,BI25*Budsjett!$E$65),0) -> 0 | CZ25: =IFERROR(IF($E$65=$J$64,BJ25*#REF!,BJ25*Budsjett!$E$65),0) -> 0 | ... DE25: =IFERROR(IF($E$65=$J$64,BO25*#REF!,BO25*Budsjett!$E$65),0) -> 0 | DH25: =BQ25-CS25 -> 0 | DI25: =BR25-CT25 -> 0 | DJ25: =BS25-CU25 -> 0 | DK25: =BT25-CV25 -> 0 | DL25: =BU25-CW25 -> 0 | DM25: =BV25-CX25 -> 0 | DN25: =BW25-CY25 -> 0 | DO25: =BX25-CZ25 -> 0 | ... DT25: =CC25-DE25 -> 0 | DV25: =B25 -> 0 | DW25: =-(BC25*(1+Tabeller!$I$67)) -> 0 | DX25: =-(BD25*(1+Tabeller!$I$67)) -> 0 | DY25: =-(BE25*(1+Tabeller!$I$67)) -> 0 | DZ25: =-(BF25*(1+Tabeller!$I$67)) -> 0 | EA25: =-(BG25*(1+Tabeller!$I$67)) -> 0 | EB25: =-(BH25*(1+Tabeller!$I$67)) -> 0 | EC25: =-(BI25*(1+Tabeller!$I$67)) -> 0 | ED25: =-(BJ25*(1+Tabeller!$I$67)) -> 0 | ... EI25: =-(BO25*(1+Tabeller!$I$67)) -> 0 | EJ25: =SUM(DW25:EI25) -> 0 | EM25: =DV25 -> 0 | EN25: =IF($G25="NFR",DW25,0) -> 0 | EO25: =IF($G25="NFR",DX25,0) -> 0 | EP25: =IF($G25="NFR",DY25,0) -> 0 | EQ25: =IF($G25="NFR",DZ25,0) -> 0 | ER25: =IF($G25="NFR",EA25,0) -> 0 | ES25: =IF($G25="NFR",EB25,0) -> 0 | ET25: =IF($G25="NFR",EC25,0) -> 0 | EU25: =IF($G25="NFR",ED25,0) -> 0 | ... EZ25: =IF($G25="NFR",EI25,0) -> 0 | FA25: =SUM(EN25:EZ25) -> 0 | FC25: =EM25 -> 0 | FD25: =IF($G25=$FC$1,DW25,0) -> 0 | FE25: =IF($G25=$FC$1,DX25,0) -> 0 | FF25: =IF($G25=$FC$1,DY25,0) -> 0 | FG25: =IF($G25=$FC$1,DZ25,0) -> 0 | FH25: =IF($G25=$FC$1,EA25,0) -> 0 | FI25: =IF($G25=$FC$1,EB25,0) -> 0 | FJ25: =IF($G25=$FC$1,EC25,0) -> 0 | FK25: =IF($G25=$FC$1,ED25,0) -> 0 | ... FP25: =IF($G25=$FC$1,EI25,0) -> 0 | FQ25: =SUM(FD25:FP25) -> 0 | FS25: =FC25 -> 0 | FT25: =IF($G25=$FS$1,DW25,0) -> 0 | FU25: =IF($G25=$FS$1,DX25,0) -> 0 | FV25: =IF($G25=$FS$1,DY25,0) -> 0 | FW25: =IF($G25=$FS$1,DZ25,0) -> 0 | FX25: =IF($G25=$FS$1,EA25,0) -> 0 | FY25: =IF($G25=$FS$1,EB25,0) -> 0 | FZ25: =IF($G25=$FS$1,EC25,0) -> 0 | GA25: =IF($G25=$FS$1,ED25,0) -> 0 | ... GF25: =IF($G25=$FS$1,EI25,0) -> 0 | GG25: =SUM(FT25:GF25) -> 0 | GI25: =FS25 -> 0 | GJ25: =IF($G25=$GI$1,DW25,0) -> 0 | GK25: =IF($G25=$GI$1,DX25,0) -> 0 | GL25: =IF($G25=$GI$1,DY25,0) -> 0 | GM25: =IF($G25=$GI$1,DZ25,0) -> 0 | GN25: =IF($G25=$GI$1,EA25,0) -> 0 | GO25: =IF($G25=$GI$1,EB25,0) -> 0 | GP25: =IF($G25=$GI$1,EC25,0) -> 0 | GQ25: =IF($G25=$GI$1,ED25,0) -> 0 | ... GV25: =IF($G25=$GI$1,EI25,0) -> 0 | GW25: =SUM(GJ25:GV25) -> 0 | GZ25: =GI25 -> 0 | HN25: =SUM(HA25:HM25) -> 0 | HQ25: =IF(Registrering!$B$21="Prosjekter som foregår i UiOs lokaler",IF($B25="Teknisk/adm. bistand/Feltassistent",J25*Tabeller!J$11,J25*Tabeller!J$10)/Tabeller!$H$5,IF($B25="Teknisk/adm. bistand/Feltassistent",J25*Tabeller!J$13,J25*Tabeller!J$12)/Tabeller!$H$5) -> 0 | HR25: =IF(Registrering!$B$21="Prosjekter som foregår i UiOs lokaler",IF($B25="Teknisk/adm. bistand/Feltassistent",K25*Tabeller!K$11,K25*Tabeller!K$10)/Tabeller!$H$5,IF($B25="Teknisk/adm. bistand/Feltassistent",K25*Tabeller!K$13,K25*Tabeller!K$12)/Tabeller!$H$5) -> 0
C26: =SUM(BC26:BO26) -> 0 | D26: =IFERROR(IF(B26="Teknisk/adm. bistand/Feltassistent",F26*Tabeller!I$8,Budsjett!F26*Tabeller!H$8),0) -> 0 | E26: =SUM(C26:D26) -> 0 | F26: =SUM(J26:V26)/Tabeller!$H$5 -> 0 | AR26: =H26 -> 0 | AS26: =AR26*Tabeller!$I$35 -> 0 | AT26: =IF(AR26>0,(AS26-400)/52*47,0) -> 0 | AU26: =AT26*Tabeller!$H$26 -> 0 | AV26: =SUM(AT26:AU26,AW26)*Tabeller!$H$28 -> 0 | AW26: =AS26*Tabeller!$H$27 -> 0 | AX26: =SUM(AT26:AW26) -> 0 | AY26: =AX26+(IF(B26="Teknisk adm bistand",Registrering!$E$43,Registrering!$B$43)) -> 501000 | AZ26: =AX26/Tabeller!$H$5 -> 0 | BC26: =((J26*Budsjett!$AZ26)*(Tabeller!I$37)) -> 0 | BD26: =((K26*Budsjett!$AZ26)*(Tabeller!J$35)) -> 0 | BE26: =((L26*Budsjett!$AZ26)*(Tabeller!K$35)) -> 0 | BF26: =((M26*Budsjett!$AZ26)*(Tabeller!L$35)) -> 0 | BG26: =((N26*Budsjett!$AZ26)*(Tabeller!M$35)) -> 0 | BH26: =((O26*Budsjett!$AZ26)*(Tabeller!N$35)) -> 0 | BI26: =((P26*Budsjett!$AZ26)*(Tabeller!O$35)) -> 0 | BJ26: =((Q26*Budsjett!$AZ26)*(Tabeller!P$35)) -> 0 | BK26: =((R26*Budsjett!$AZ26)*(Tabeller!Q$35)) -> 0 | ... BO26: =((V26*Budsjett!$AZ26)*(Tabeller!U$35)) -> 0 | BQ26: =IFERROR(IF($B26="Teknisk/adm. bistand/Feltassistent",CE26*Tabeller!J$11,Budsjett!CE26*Tabeller!J$10),0) -> 0 | BR26: =IFERROR(IF($B26="Teknisk/adm. bistand/Feltassistent",CF26*Tabeller!K$11,Budsjett!CF26*Tabeller!K$10),0) -> 0 | BS26: =IFERROR(IF($B26="Teknisk/adm. bistand/Feltassistent",CG26*Tabeller!L$11,Budsjett!CG26*Tabeller!L$10),0) -> 0 | BT26: =IFERROR(IF($B26="Teknisk/adm. bistand/Feltassistent",CH26*Tabeller!M$11,Budsjett!CH26*Tabeller!M$10),0) -> 0 | BU26: =IFERROR(IF($B26="Teknisk/adm. bistand/Feltassistent",CI26*Tabeller!N$11,Budsjett!CI26*Tabeller!N$10),0) -> 0 | BV26: =IFERROR(IF($B26="Teknisk/adm. bistand/Feltassistent",CJ26*Tabeller!O$11,Budsjett!CJ26*Tabeller!O$10),0) -> 0 | BW26: =IFERROR(IF($B26="Teknisk/adm. bistand/Feltassistent",CK26*Tabeller!P$11,Budsjett!CK26*Tabeller!P$10),0) -> 0 | BX26: =IFERROR(IF($B26="Teknisk/adm. bistand/Feltassistent",CL26*Tabeller!Q$11,Budsjett!CL26*Tabeller!Q$10),0) -> 0 | ... CC26: =IFERROR(IF($B26="Teknisk/adm. bistand/Feltassistent",CQ26*Tabeller!V$11,Budsjett!CQ26*Tabeller!V$10),0) -> 0 | CE26: =J26/Tabeller!$H$5 -> 0 | CF26: =K26/Tabeller!$H$5 -> 0 | CG26: =L26/Tabeller!$H$5 -> 0 | CH26: =M26/Tabeller!$H$5 -> 0 | CI26: =N26/Tabeller!$H$5 -> 0 | CJ26: =O26/Tabeller!$H$5 -> 0 | CK26: =P26/Tabeller!$H$5 -> 0 | CL26: =Q26/Tabeller!$H$5 -> 0 | ... CQ26: =V26/Tabeller!$H$5 -> 0 | CS26: =IFERROR(IF($E$65=$J$64,BC26*#REF!,BC26*Budsjett!$E$65),0) -> 0 | CT26: =IFERROR(IF($E$65=$J$64,BD26*#REF!,BD26*Budsjett!$E$65),0) -> 0 | CU26: =IFERROR(IF($E$65=$J$64,BE26*#REF!,BE26*Budsjett!$E$65),0) -> 0 | CV26: =IFERROR(IF($E$65=$J$64,BF26*#REF!,BF26*Budsjett!$E$65),0) -> 0 | CW26: =IFERROR(IF($E$65=$J$64,BG26*#REF!,BG26*Budsjett!$E$65),0) -> 0 | CX26: =IFERROR(IF($E$65=$J$64,BH26*#REF!,BH26*Budsjett!$E$65),0) -> 0 | CY26: =IFERROR(IF($E$65=$J$64,BI26*#REF!,BI26*Budsjett!$E$65),0) -> 0 | CZ26: =IFERROR(IF($E$65=$J$64,BJ26*#REF!,BJ26*Budsjett!$E$65),0) -> 0 | ... DE26: =IFERROR(IF($E$65=$J$64,BO26*#REF!,BO26*Budsjett!$E$65),0) -> 0 | DH26: =BQ26-CS26 -> 0 | DI26: =BR26-CT26 -> 0 | DJ26: =BS26-CU26 -> 0 | DK26: =BT26-CV26 -> 0 | DL26: =BU26-CW26 -> 0 | DM26: =BV26-CX26 -> 0 | DN26: =BW26-CY26 -> 0 | DO26: =BX26-CZ26 -> 0 | ... DT26: =CC26-DE26 -> 0 | DV26: =B26 -> 0 | DW26: =-(BC26*(1+Tabeller!$I$67)) -> 0 | DX26: =-(BD26*(1+Tabeller!$I$67)) -> 0 | DY26: =-(BE26*(1+Tabeller!$I$67)) -> 0 | DZ26: =-(BF26*(1+Tabeller!$I$67)) -> 0 | EA26: =-(BG26*(1+Tabeller!$I$67)) -> 0 | EB26: =-(BH26*(1+Tabeller!$I$67)) -> 0 | EC26: =-(BI26*(1+Tabeller!$I$67)) -> 0 | ED26: =-(BJ26*(1+Tabeller!$I$67)) -> 0 | ... EI26: =-(BO26*(1+Tabeller!$I$67)) -> 0 | EJ26: =SUM(DW26:EI26) -> 0 | EM26: =DV26 -> 0 | EN26: =IF($G26="NFR",DW26,0) -> 0 | EO26: =IF($G26="NFR",DX26,0) -> 0 | EP26: =IF($G26="NFR",DY26,0) -> 0 | EQ26: =IF($G26="NFR",DZ26,0) -> 0 | ER26: =IF($G26="NFR",EA26,0) -> 0 | ES26: =IF($G26="NFR",EB26,0) -> 0 | ET26: =IF($G26="NFR",EC26,0) -> 0 | EU26: =IF($G26="NFR",ED26,0) -> 0 | ... EZ26: =IF($G26="NFR",EI26,0) -> 0 | FA26: =SUM(EN26:EZ26) -> 0 | FC26: =EM26 -> 0 | FD26: =IF($G26=$FC$1,DW26,0) -> 0 | FE26: =IF($G26=$FC$1,DX26,0) -> 0 | FF26: =IF($G26=$FC$1,DY26,0) -> 0 | FG26: =IF($G26=$FC$1,DZ26,0) -> 0 | FH26: =IF($G26=$FC$1,EA26,0) -> 0 | FI26: =IF($G26=$FC$1,EB26,0) -> 0 | FJ26: =IF($G26=$FC$1,EC26,0) -> 0 | FK26: =IF($G26=$FC$1,ED26,0) -> 0 | ... FP26: =IF($G26=$FC$1,EI26,0) -> 0 | FQ26: =SUM(FD26:FP26) -> 0 | FS26: =FC26 -> 0 | FT26: =IF($G26=$FS$1,DW26,0) -> 0 | FU26: =IF($G26=$FS$1,DX26,0) -> 0 | FV26: =IF($G26=$FS$1,DY26,0) -> 0 | FW26: =IF($G26=$FS$1,DZ26,0) -> 0 | FX26: =IF($G26=$FS$1,EA26,0) -> 0 | FY26: =IF($G26=$FS$1,EB26,0) -> 0 | FZ26: =IF($G26=$FS$1,EC26,0) -> 0 | GA26: =IF($G26=$FS$1,ED26,0) -> 0 | ... GF26: =IF($G26=$FS$1,EI26,0) -> 0 | GG26: =SUM(FT26:GF26) -> 0 | GI26: =FS26 -> 0 | GJ26: =IF($G26=$GI$1,DW26,0) -> 0 | GK26: =IF($G26=$GI$1,DX26,0) -> 0 | GL26: =IF($G26=$GI$1,DY26,0) -> 0 | GM26: =IF($G26=$GI$1,DZ26,0) -> 0 | GN26: =IF($G26=$GI$1,EA26,0) -> 0 | GO26: =IF($G26=$GI$1,EB26,0) -> 0 | GP26: =IF($G26=$GI$1,EC26,0) -> 0 | GQ26: =IF($G26=$GI$1,ED26,0) -> 0 | ... GV26: =IF($G26=$GI$1,EI26,0) -> 0 | GW26: =SUM(GJ26:GV26) -> 0 | GZ26: =GI26 -> 0 | HN26: =SUM(HA26:HM26) -> 0 | HQ26: =IF(Registrering!$B$21="Prosjekter som foregår i UiOs lokaler",IF($B26="Teknisk/adm. bistand/Feltassistent",J26*Tabeller!J$11,J26*Tabeller!J$10)/Tabeller!$H$5,IF($B26="Teknisk/adm. bistand/Feltassistent",J26*Tabeller!J$13,J26*Tabeller!J$12)/Tabeller!$H$5) -> 0 | HR26: =IF(Registrering!$B$21="Prosjekter som foregår i UiOs lokaler",IF($B26="Teknisk/adm. bistand/Feltassistent",K26*Tabeller!K$11,K26*Tabeller!K$10)/Tabeller!$H$5,IF($B26="Teknisk/adm. bistand/Feltassistent",K26*Tabeller!K$13,K26*Tabeller!K$12)/Tabeller!$H$5) -> 0
C27: =SUM(BC27:BO27) -> 0 | D27: =IFERROR(IF(B27="Teknisk/adm. bistand/Feltassistent",F27*Tabeller!I$8,Budsjett!F27*Tabeller!H$8),0) -> 0 | E27: =SUM(C27:D27) -> 0 | F27: =SUM(J27:V27)/Tabeller!$H$5 -> 0 | AR27: =H27 -> 0 | AS27: =AR27*Tabeller!$I$35 -> 0 | AT27: =IF(AR27>0,(AS27-400)/52*47,0) -> 0 | AU27: =AT27*Tabeller!$H$26 -> 0 | AV27: =SUM(AT27:AU27,AW27)*Tabeller!$H$28 -> 0 | AW27: =AS27*Tabeller!$H$27 -> 0 | AX27: =SUM(AT27:AW27) -> 0 | AY27: =AX27+(IF(B27="Teknisk adm bistand",Registrering!$E$43,Registrering!$B$43)) -> 501000 | AZ27: =AX27/Tabeller!$H$5 -> 0 | BC27: =((J27*Budsjett!$AZ27)*(Tabeller!I$37)) -> 0 | BD27: =((K27*Budsjett!$AZ27)*(Tabeller!J$35)) -> 0 | BE27: =((L27*Budsjett!$AZ27)*(Tabeller!K$35)) -> 0 | BF27: =((M27*Budsjett!$AZ27)*(Tabeller!L$35)) -> 0 | BG27: =((N27*Budsjett!$AZ27)*(Tabeller!M$35)) -> 0 | BH27: =((O27*Budsjett!$AZ27)*(Tabeller!N$35)) -> 0 | BI27: =((P27*Budsjett!$AZ27)*(Tabeller!O$35)) -> 0 | BJ27: =((Q27*Budsjett!$AZ27)*(Tabeller!P$35)) -> 0 | BK27: =((R27*Budsjett!$AZ27)*(Tabeller!Q$35)) -> 0 | ... BO27: =((V27*Budsjett!$AZ27)*(Tabeller!U$35)) -> 0 | BQ27: =IFERROR(IF($B27="Teknisk/adm. bistand/Feltassistent",CE27*Tabeller!J$11,Budsjett!CE27*Tabeller!J$10),0) -> 0 | BR27: =IFERROR(IF($B27="Teknisk/adm. bistand/Feltassistent",CF27*Tabeller!K$11,Budsjett!CF27*Tabeller!K$10),0) -> 0 | BS27: =IFERROR(IF($B27="Teknisk/adm. bistand/Feltassistent",CG27*Tabeller!L$11,Budsjett!CG27*Tabeller!L$10),0) -> 0 | BT27: =IFERROR(IF($B27="Teknisk/adm. bistand/Feltassistent",CH27*Tabeller!M$11,Budsjett!CH27*Tabeller!M$10),0) -> 0 | BU27: =IFERROR(IF($B27="Teknisk/adm. bistand/Feltassistent",CI27*Tabeller!N$11,Budsjett!CI27*Tabeller!N$10),0) -> 0 | BV27: =IFERROR(IF($B27="Teknisk/adm. bistand/Feltassistent",CJ27*Tabeller!O$11,Budsjett!CJ27*Tabeller!O$10),0) -> 0 | BW27: =IFERROR(IF($B27="Teknisk/adm. bistand/Feltassistent",CK27*Tabeller!P$11,Budsjett!CK27*Tabeller!P$10),0) -> 0 | BX27: =IFERROR(IF($B27="Teknisk/adm. bistand/Feltassistent",CL27*Tabeller!Q$11,Budsjett!CL27*Tabeller!Q$10),0) -> 0 | ... CC27: =IFERROR(IF($B27="Teknisk/adm. bistand/Feltassistent",CQ27*Tabeller!V$11,Budsjett!CQ27*Tabeller!V$10),0) -> 0 | CE27: =J27/Tabeller!$H$5 -> 0 | CF27: =K27/Tabeller!$H$5 -> 0 | CG27: =L27/Tabeller!$H$5 -> 0 | CH27: =M27/Tabeller!$H$5 -> 0 | CI27: =N27/Tabeller!$H$5 -> 0 | CJ27: =O27/Tabeller!$H$5 -> 0 | CK27: =P27/Tabeller!$H$5 -> 0 | CL27: =Q27/Tabeller!$H$5 -> 0 | ... CQ27: =V27/Tabeller!$H$5 -> 0 | CS27: =IFERROR(IF($E$65=$J$64,BC27*#REF!,BC27*Budsjett!$E$65),0) -> 0 | CT27: =IFERROR(IF($E$65=$J$64,BD27*#REF!,BD27*Budsjett!$E$65),0) -> 0 | CU27: =IFERROR(IF($E$65=$J$64,BE27*#REF!,BE27*Budsjett!$E$65),0) -> 0 | CV27: =IFERROR(IF($E$65=$J$64,BF27*#REF!,BF27*Budsjett!$E$65),0) -> 0 | CW27: =IFERROR(IF($E$65=$J$64,BG27*#REF!,BG27*Budsjett!$E$65),0) -> 0 | CX27: =IFERROR(IF($E$65=$J$64,BH27*#REF!,BH27*Budsjett!$E$65),0) -> 0 | CY27: =IFERROR(IF($E$65=$J$64,BI27*#REF!,BI27*Budsjett!$E$65),0) -> 0 | CZ27: =IFERROR(IF($E$65=$J$64,BJ27*#REF!,BJ27*Budsjett!$E$65),0) -> 0 | ... DE27: =IFERROR(IF($E$65=$J$64,BO27*#REF!,BO27*Budsjett!$E$65),0) -> 0 | DH27: =BQ27-CS27 -> 0 | DI27: =BR27-CT27 -> 0 | DJ27: =BS27-CU27 -> 0 | DK27: =BT27-CV27 -> 0 | DL27: =BU27-CW27 -> 0 | DM27: =BV27-CX27 -> 0 | DN27: =BW27-CY27 -> 0 | DO27: =BX27-CZ27 -> 0 | ... DT27: =CC27-DE27 -> 0 | DV27: =B27 -> 0 | DW27: =-(BC27*(1+Tabeller!$I$67)) -> 0 | DX27: =-(BD27*(1+Tabeller!$I$67)) -> 0 | DY27: =-(BE27*(1+Tabeller!$I$67)) -> 0 | DZ27: =-(BF27*(1+Tabeller!$I$67)) -> 0 | EA27: =-(BG27*(1+Tabeller!$I$67)) -> 0 | EB27: =-(BH27*(1+Tabeller!$I$67)) -> 0 | EC27: =-(BI27*(1+Tabeller!$I$67)) -> 0 | ED27: =-(BJ27*(1+Tabeller!$I$67)) -> 0 | ... EI27: =-(BO27*(1+Tabeller!$I$67)) -> 0 | EJ27: =SUM(DW27:EI27) -> 0 | EM27: =DV27 -> 0 | EN27: =IF($G27="NFR",DW27,0) -> 0 | EO27: =IF($G27="NFR",DX27,0) -> 0 | EP27: =IF($G27="NFR",DY27,0) -> 0 | EQ27: =IF($G27="NFR",DZ27,0) -> 0 | ER27: =IF($G27="NFR",EA27,0) -> 0 | ES27: =IF($G27="NFR",EB27,0) -> 0 | ET27: =IF($G27="NFR",EC27,0) -> 0 | EU27: =IF($G27="NFR",ED27,0) -> 0 | ... EZ27: =IF($G27="NFR",EI27,0) -> 0 | FA27: =SUM(EN27:EZ27) -> 0 | FC27: =EM27 -> 0 | FD27: =IF($G27=$FC$1,DW27,0) -> 0 | FE27: =IF($G27=$FC$1,DX27,0) -> 0 | FF27: =IF($G27=$FC$1,DY27,0) -> 0 | FG27: =IF($G27=$FC$1,DZ27,0) -> 0 | FH27: =IF($G27=$FC$1,EA27,0) -> 0 | FI27: =IF($G27=$FC$1,EB27,0) -> 0 | FJ27: =IF($G27=$FC$1,EC27,0) -> 0 | FK27: =IF($G27=$FC$1,ED27,0) -> 0 | ... FP27: =IF($G27=$FC$1,EI27,0) -> 0 | FQ27: =SUM(FD27:FP27) -> 0 | FS27: =FC27 -> 0 | FT27: =IF($G27=$FS$1,DW27,0) -> 0 | FU27: =IF($G27=$FS$1,DX27,0) -> 0 | FV27: =IF($G27=$FS$1,DY27,0) -> 0 | FW27: =IF($G27=$FS$1,DZ27,0) -> 0 | FX27: =IF($G27=$FS$1,EA27,0) -> 0 | FY27: =IF($G27=$FS$1,EB27,0) -> 0 | FZ27: =IF($G27=$FS$1,EC27,0) -> 0 | GA27: =IF($G27=$FS$1,ED27,0) -> 0 | ... GF27: =IF($G27=$FS$1,EI27,0) -> 0 | GG27: =SUM(FT27:GF27) -> 0 | GI27: =FS27 -> 0 | GJ27: =IF($G27=$GI$1,DW27,0) -> 0 | GK27: =IF($G27=$GI$1,DX27,0) -> 0 | GL27: =IF($G27=$GI$1,DY27,0) -> 0 | GM27: =IF($G27=$GI$1,DZ27,0) -> 0 | GN27: =IF($G27=$GI$1,EA27,0) -> 0 | GO27: =IF($G27=$GI$1,EB27,0) -> 0 | GP27: =IF($G27=$GI$1,EC27,0) -> 0 | GQ27: =IF($G27=$GI$1,ED27,0) -> 0 | ... GV27: =IF($G27=$GI$1,EI27,0) -> 0 | GW27: =SUM(GJ27:GV27) -> 0 | GZ27: =GI27 -> 0 | HN27: =SUM(HA27:HM27) -> 0 | HQ27: =IF(Registrering!$B$21="Prosjekter som foregår i UiOs lokaler",IF($B27="Teknisk/adm. bistand/Feltassistent",J27*Tabeller!J$11,J27*Tabeller!J$10)/Tabeller!$H$5,IF($B27="Teknisk/adm. bistand/Feltassistent",J27*Tabeller!J$13,J27*Tabeller!J$12)/Tabeller!$H$5) -> 0 | HR27: =IF(Registrering!$B$21="Prosjekter som foregår i UiOs lokaler",IF($B27="Teknisk/adm. bistand/Feltassistent",K27*Tabeller!K$11,K27*Tabeller!K$10)/Tabeller!$H$5,IF($B27="Teknisk/adm. bistand/Feltassistent",K27*Tabeller!K$13,K27*Tabeller!K$12)/Tabeller!$H$5) -> 0
C28: =SUM(BC28:BO28) -> 0 | D28: =IFERROR(IF(B28="Teknisk/adm. bistand/Feltassistent",F28*Tabeller!I$8,Budsjett!F28*Tabeller!H$8),0) -> 0 | E28: =SUM(C28:D28) -> 0 | F28: =SUM(J28:V28)/Tabeller!$H$5 -> 0 | AR28: =H28 -> 0 | AS28: =AR28*Tabeller!$I$35 -> 0 | AT28: =IF(AR28>0,(AS28-400)/52*47,0) -> 0 | AU28: =AT28*Tabeller!$H$26 -> 0 | AV28: =SUM(AT28:AU28,AW28)*Tabeller!$H$28 -> 0 | AW28: =AS28*Tabeller!$H$27 -> 0 | AX28: =SUM(AT28:AW28) -> 0 | AY28: =AX28+(IF(B28="Teknisk adm bistand",Registrering!$E$43,Registrering!$B$43)) -> 501000 | AZ28: =AX28/Tabeller!$H$5 -> 0 | BC28: =((J28*Budsjett!$AZ28)*(Tabeller!I$37)) -> 0 | BD28: =((K28*Budsjett!$AZ28)*(Tabeller!J$35)) -> 0 | BE28: =((L28*Budsjett!$AZ28)*(Tabeller!K$35)) -> 0 | BF28: =((M28*Budsjett!$AZ28)*(Tabeller!L$35)) -> 0 | BG28: =((N28*Budsjett!$AZ28)*(Tabeller!M$35)) -> 0 | BH28: =((O28*Budsjett!$AZ28)*(Tabeller!N$35)) -> 0 | BI28: =((P28*Budsjett!$AZ28)*(Tabeller!O$35)) -> 0 | BJ28: =((Q28*Budsjett!$AZ28)*(Tabeller!P$35)) -> 0 | BK28: =((R28*Budsjett!$AZ28)*(Tabeller!Q$35)) -> 0 | ... BO28: =((V28*Budsjett!$AZ28)*(Tabeller!U$35)) -> 0 | BQ28: =IFERROR(IF($B28="Teknisk/adm. bistand/Feltassistent",CE28*Tabeller!J$11,Budsjett!CE28*Tabeller!J$10),0) -> 0 | BR28: =IFERROR(IF($B28="Teknisk/adm. bistand/Feltassistent",CF28*Tabeller!K$11,Budsjett!CF28*Tabeller!K$10),0) -> 0 | BS28: =IFERROR(IF($B28="Teknisk/adm. bistand/Feltassistent",CG28*Tabeller!L$11,Budsjett!CG28*Tabeller!L$10),0) -> 0 | BT28: =IFERROR(IF($B28="Teknisk/adm. bistand/Feltassistent",CH28*Tabeller!M$11,Budsjett!CH28*Tabeller!M$10),0) -> 0 | BU28: =IFERROR(IF($B28="Teknisk/adm. bistand/Feltassistent",CI28*Tabeller!N$11,Budsjett!CI28*Tabeller!N$10),0) -> 0 | BV28: =IFERROR(IF($B28="Teknisk/adm. bistand/Feltassistent",CJ28*Tabeller!O$11,Budsjett!CJ28*Tabeller!O$10),0) -> 0 | BW28: =IFERROR(IF($B28="Teknisk/adm. bistand/Feltassistent",CK28*Tabeller!P$11,Budsjett!CK28*Tabeller!P$10),0) -> 0 | BX28: =IFERROR(IF($B28="Teknisk/adm. bistand/Feltassistent",CL28*Tabeller!Q$11,Budsjett!CL28*Tabeller!Q$10),0) -> 0 | ... CC28: =IFERROR(IF($B28="Teknisk/adm. bistand/Feltassistent",CQ28*Tabeller!V$11,Budsjett!CQ28*Tabeller!V$10),0) -> 0 | CE28: =J28/Tabeller!$H$5 -> 0 | CF28: =K28/Tabeller!$H$5 -> 0 | CG28: =L28/Tabeller!$H$5 -> 0 | CH28: =M28/Tabeller!$H$5 -> 0 | CI28: =N28/Tabeller!$H$5 -> 0 | CJ28: =O28/Tabeller!$H$5 -> 0 | CK28: =P28/Tabeller!$H$5 -> 0 | CL28: =Q28/Tabeller!$H$5 -> 0 | ... CQ28: =V28/Tabeller!$H$5 -> 0 | CS28: =IFERROR(IF($E$65=$J$64,BC28*#REF!,BC28*Budsjett!$E$65),0) -> 0 | CT28: =IFERROR(IF($E$65=$J$64,BD28*#REF!,BD28*Budsjett!$E$65),0) -> 0 | CU28: =IFERROR(IF($E$65=$J$64,BE28*#REF!,BE28*Budsjett!$E$65),0) -> 0 | CV28: =IFERROR(IF($E$65=$J$64,BF28*#REF!,BF28*Budsjett!$E$65),0) -> 0 | CW28: =IFERROR(IF($E$65=$J$64,BG28*#REF!,BG28*Budsjett!$E$65),0) -> 0 | CX28: =IFERROR(IF($E$65=$J$64,BH28*#REF!,BH28*Budsjett!$E$65),0) -> 0 | CY28: =IFERROR(IF($E$65=$J$64,BI28*#REF!,BI28*Budsjett!$E$65),0) -> 0 | CZ28: =IFERROR(IF($E$65=$J$64,BJ28*#REF!,BJ28*Budsjett!$E$65),0) -> 0 | ... DE28: =IFERROR(IF($E$65=$J$64,BO28*#REF!,BO28*Budsjett!$E$65),0) -> 0 | DH28: =BQ28-CS28 -> 0 | DI28: =BR28-CT28 -> 0 | DJ28: =BS28-CU28 -> 0 | DK28: =BT28-CV28 -> 0 | DL28: =BU28-CW28 -> 0 | DM28: =BV28-CX28 -> 0 | DN28: =BW28-CY28 -> 0 | DO28: =BX28-CZ28 -> 0 | ... DT28: =CC28-DE28 -> 0 | DV28: =B28 -> 0 | DW28: =-(BC28*(1+Tabeller!$I$67)) -> 0 | DX28: =-(BD28*(1+Tabeller!$I$67)) -> 0 | DY28: =-(BE28*(1+Tabeller!$I$67)) -> 0 | DZ28: =-(BF28*(1+Tabeller!$I$67)) -> 0 | EA28: =-(BG28*(1+Tabeller!$I$67)) -> 0 | EB28: =-(BH28*(1+Tabeller!$I$67)) -> 0 | EC28: =-(BI28*(1+Tabeller!$I$67)) -> 0 | ED28: =-(BJ28*(1+Tabeller!$I$67)) -> 0 | ... EI28: =-(BO28*(1+Tabeller!$I$67)) -> 0 | EJ28: =SUM(DW28:EI28) -> 0 | EM28: =DV28 -> 0 | EN28: =IF($G28="NFR",DW28,0) -> 0 | EO28: =IF($G28="NFR",DX28,0) -> 0 | EP28: =IF($G28="NFR",DY28,0) -> 0 | EQ28: =IF($G28="NFR",DZ28,0) -> 0 | ER28: =IF($G28="NFR",EA28,0) -> 0 | ES28: =IF($G28="NFR",EB28,0) -> 0 | ET28: =IF($G28="NFR",EC28,0) -> 0 | EU28: =IF($G28="NFR",ED28,0) -> 0 | ... EZ28: =IF($G28="NFR",EI28,0) -> 0 | FA28: =SUM(EN28:EZ28) -> 0 | FC28: =EM28 -> 0 | FD28: =IF($G28=$FC$1,DW28,0) -> 0 | FE28: =IF($G28=$FC$1,DX28,0) -> 0 | FF28: =IF($G28=$FC$1,DY28,0) -> 0 | FG28: =IF($G28=$FC$1,DZ28,0) -> 0 | FH28: =IF($G28=$FC$1,EA28,0) -> 0 | FI28: =IF($G28=$FC$1,EB28,0) -> 0 | FJ28: =IF($G28=$FC$1,EC28,0) -> 0 | FK28: =IF($G28=$FC$1,ED28,0) -> 0 | ... FP28: =IF($G28=$FC$1,EI28,0) -> 0 | FQ28: =SUM(FD28:FP28) -> 0 | FS28: =FC28 -> 0 | FT28: =IF($G28=$FS$1,DW28,0) -> 0 | FU28: =IF($G28=$FS$1,DX28,0) -> 0 | FV28: =IF($G28=$FS$1,DY28,0) -> 0 | FW28: =IF($G28=$FS$1,DZ28,0) -> 0 | FX28: =IF($G28=$FS$1,EA28,0) -> 0 | FY28: =IF($G28=$FS$1,EB28,0) -> 0 | FZ28: =IF($G28=$FS$1,EC28,0) -> 0 | GA28: =IF($G28=$FS$1,ED28,0) -> 0 | ... GF28: =IF($G28=$FS$1,EI28,0) -> 0 | GG28: =SUM(FT28:GF28) -> 0 | GI28: =FS28 -> 0 | GJ28: =IF($G28=$GI$1,DW28,0) -> 0 | GK28: =IF($G28=$GI$1,DX28,0) -> 0 | GL28: =IF($G28=$GI$1,DY28,0) -> 0 | GM28: =IF($G28=$GI$1,DZ28,0) -> 0 | GN28: =IF($G28=$GI$1,EA28,0) -> 0 | GO28: =IF($G28=$GI$1,EB28,0) -> 0 | GP28: =IF($G28=$GI$1,EC28,0) -> 0 | GQ28: =IF($G28=$GI$1,ED28,0) -> 0 | ... GV28: =IF($G28=$GI$1,EI28,0) -> 0 | GW28: =SUM(GJ28:GV28) -> 0 | GZ28: =GI28 -> 0 | HN28: =SUM(HA28:HM28) -> 0 | HQ28: =IF(Registrering!$B$21="Prosjekter som foregår i UiOs lokaler",IF($B28="Teknisk/adm. bistand/Feltassistent",J28*Tabeller!J$11,J28*Tabeller!J$10)/Tabeller!$H$5,IF($B28="Teknisk/adm. bistand/Feltassistent",J28*Tabeller!J$13,J28*Tabeller!J$12)/Tabeller!$H$5) -> 0 | HR28: =IF(Registrering!$B$21="Prosjekter som foregår i UiOs lokaler",IF($B28="Teknisk/adm. bistand/Feltassistent",K28*Tabeller!K$11,K28*Tabeller!K$10)/Tabeller!$H$5,IF($B28="Teknisk/adm. bistand/Feltassistent",K28*Tabeller!K$13,K28*Tabeller!K$12)/Tabeller!$H$5) -> 0 | HS28: =IF(Registrering!$B$21="Prosjekter som foregår i UiOs lokaler",IF($B28="Teknisk/adm. bistand/Feltassistent",L28*Tabeller!L$11,L28*Tabeller!L$10)/Tabeller!$H$5,IF($B28="Teknisk/adm. bistand/Feltassistent",L28*Tabeller!L$13,L28*Tabeller!L$12)/Tabeller!$H$5) -> 0 | HT28: =IF(Registrering!$B$21="Prosjekter som foregår i UiOs lokaler",IF($B28="Teknisk/adm. bistand/Feltassistent",M28*Tabeller!M$11,M28*Tabeller!M$10)/Tabeller!$H$5,IF($B28="Teknisk/adm. bistand/Feltassistent",M28*Tabeller!M$13,M28*Tabeller!M$12)/Tabeller!$H$5) -> 0 | HU28: =IF(Registrering!$B$21="Prosjekter som foregår i UiOs lokaler",IF($B28="Teknisk/adm. bistand/Feltassistent",N28*Tabeller!N$11,N28*Tabeller!N$10)/Tabeller!$H$5,IF($B28="Teknisk/adm. bistand/Feltassistent",N28*Tabeller!N$13,N28*Tabeller!N$12)/Tabeller!$H$5) -> 0 | HV28: =IF(Registrering!$B$21="Prosjekter som foregår i UiOs lokaler",IF($B28="Teknisk/adm. bistand/Feltassistent",O28*Tabeller!O$11,O28*Tabeller!O$10)/Tabeller!$H$5,IF($B28="Teknisk/adm. bistand/Feltassistent",O28*Tabeller!O$13,O28*Tabeller!O$12)/Tabeller!$H$5) -> 0 | HW28: =IF(Registrering!$B$21="Prosjekter som foregår i UiOs lokaler",IF($B28="Teknisk/adm. bistand/Feltassistent",P28*Tabeller!P$11,P28*Tabeller!P$10)/Tabeller!$H$5,IF($B28="Teknisk/adm. bistand/Feltassistent",P28*Tabeller!P$13,P28*Tabeller!P$12)/Tabeller!$H$5) -> 0 | HX28: =IF(Registrering!$B$21="Prosjekter som foregår i UiOs lokaler",IF($B28="Teknisk/adm. bistand/Feltassistent",Q28*Tabeller!Q$11,Q28*Tabeller!Q$10)/Tabeller!$H$5,IF($B28="Teknisk/adm. bistand/Feltassistent",Q28*Tabeller!Q$13,Q28*Tabeller!Q$12)/Tabeller!$H$5) -> 0 | ... IC28: =IF(Registrering!$B$21="Prosjekter som foregår i UiOs lokaler",IF($B28="Teknisk/adm. bistand/Feltassistent",V28*Tabeller!V$11,V28*Tabeller!V$10)/Tabeller!$H$5,IF($B28="Teknisk/adm. bistand/Feltassistent",V28*Tabeller!V$13,V28*Tabeller!V$12)/Tabeller!$H$5) -> 0
B29: Sum timelønn | C29: =SUM(C19:C28) -> 0 | D29: =SUM(D19:D28) -> 0 | E29: =SUM(E19:E28) -> 0 | F29: =SUM(F19:F28) -> 0 | J29: =SUM(J19:J28) -> 0 | K29: =SUM(K19:K28) -> 0 | L29: =SUM(L19:L28) -> 0 | M29: =SUM(M19:M28) -> 0 | N29: =SUM(N19:N28) -> 0 | O29: =SUM(O19:O28) -> 0 | P29: =SUM(P19:P28) -> 0 | Q29: =SUM(Q19:Q28) -> 0 | ... V29: =SUM(V19:V28) -> 0 | BC29: =SUM(BC19:BC28) -> 0 | BD29: =SUM(BD19:BD28) -> 0 | BE29: =SUM(BE19:BE28) -> 0 | BF29: =SUM(BF19:BF28) -> 0 | BG29: =SUM(BG19:BG28) -> 0 | BH29: =SUM(BH19:BH28) -> 0 | BI29: =SUM(BI19:BI28) -> 0 | BJ29: =SUM(BJ19:BJ28) -> 0 | ... BO29: =SUM(BO19:BO28) -> 0 | BP29: =SUM(BC29:BO29) -> 0 | BQ29: =IFERROR(IF($B29="Teknisk/adm. bistand/Feltassistent",CE29*Tabeller!J$11,Budsjett!CE29*Tabeller!J$10),0) -> 0 | BR29: =IFERROR(IF($B29="Teknisk/adm. bistand/Feltassistent",CF29*Tabeller!K$11,Budsjett!CF29*Tabeller!K$10),0) -> 0 | BS29: =IFERROR(IF($B29="Teknisk/adm. bistand/Feltassistent",CG29*Tabeller!L$11,Budsjett!CG29*Tabeller!L$10),0) -> 0 | BT29: =IFERROR(IF($B29="Teknisk/adm. bistand/Feltassistent",CH29*Tabeller!M$11,Budsjett!CH29*Tabeller!M$10),0) -> 0 | BU29: =IFERROR(IF($B29="Teknisk/adm. bistand/Feltassistent",CI29*Tabeller!N$11,Budsjett!CI29*Tabeller!N$10),0) -> 0 | BV29: =IFERROR(IF($B29="Teknisk/adm. bistand/Feltassistent",CJ29*Tabeller!O$11,Budsjett!CJ29*Tabeller!O$10),0) -> 0 | BW29: =IFERROR(IF($B29="Teknisk/adm. bistand/Feltassistent",CK29*Tabeller!P$11,Budsjett!CK29*Tabeller!P$10),0) -> 0 | BX29: =IFERROR(IF($B29="Teknisk/adm. bistand/Feltassistent",CL29*Tabeller!Q$11,Budsjett!CL29*Tabeller!Q$10),0) -> 0 | ... CC29: =IFERROR(IF($B29="Teknisk/adm. bistand/Feltassistent",CQ29*Tabeller!V$11,Budsjett!CQ29*Tabeller!V$10),0) -> 0 | CD29: =SUM(BQ29:CC29) -> 0 | CE29: =J29/Tabeller!$H$5 -> 0 | CF29: =K29/Tabeller!$H$5 -> 0 | CG29: =L29/Tabeller!$H$5 -> 0 | CH29: =M29/Tabeller!$H$5 -> 0 | CI29: =N29/Tabeller!$H$5 -> 0 | CJ29: =O29/Tabeller!$H$5 -> 0 | CK29: =P29/Tabeller!$H$5 -> 0 | CL29: =Q29/Tabeller!$H$5 -> 0 | ... CQ29: =V29/Tabeller!$H$5 -> 0 | CS29: =SUM(CS19:CS28) -> 0 | CT29: =SUM(CT19:CT28) -> 0 | CU29: =SUM(CU19:CU28) -> 0 | CV29: =SUM(CV19:CV28) -> 0 | CW29: =SUM(CW19:CW28) -> 0 | CX29: =SUM(CX19:CX28) -> 0 | CY29: =SUM(CY19:CY28) -> 0 | CZ29: =SUM(CZ19:CZ28) -> 0 | ... DE29: =SUM(DE19:DE28) -> 0 | DH29: =SUM(DH19:DH28) -> 0 | DI29: =SUM(DI19:DI28) -> 0 | DJ29: =SUM(DJ19:DJ28) -> 0 | DK29: =SUM(DK19:DK28) -> 0 | DL29: =SUM(DL19:DL28) -> 0 | DM29: =SUM(DM19:DM28) -> 0 | DN29: =SUM(DN19:DN28) -> 0 | DO29: =SUM(DO19:DO28) -> 0 | ... DT29: =SUM(DT19:DT28) -> 0 | DW29: =SUM(DW19:DW28) -> 0 | DX29: =SUM(DX19:DX28) -> 0 | DY29: =SUM(DY19:DY28) -> 0 | DZ29: =SUM(DZ19:DZ28) -> 0 | EA29: =SUM(EA19:EA28) -> 0 | EB29: =SUM(EB19:EB28) -> 0 | EC29: =SUM(EC19:EC28) -> 0 | ED29: =SUM(ED19:ED28) -> 0 | ... EJ29: =SUM(EJ19:EJ28) -> 0 | EN29: =SUM(EN19:EN28) -> 0 | EO29: =SUM(EO19:EO28) -> 0 | EP29: =SUM(EP19:EP28) -> 0 | EQ29: =SUM(EQ19:EQ28) -> 0 | ER29: =SUM(ER19:ER28) -> 0 | ES29: =SUM(ES19:ES28) -> 0 | ET29: =SUM(ET19:ET28) -> 0 | EU29: =SUM(EU19:EU28) -> 0 | ... FA29: =SUM(FA19:FA28) -> 0 | FC29: =EM29 -> 0 | FD29: =SUM(FD19:FD28) -> 0 | FE29: =SUM(FE19:FE28) -> 0 | FF29: =SUM(FF19:FF28) -> 0 | FG29: =SUM(FG19:FG28) -> 0 | FH29: =SUM(FH19:FH28) -> 0 | FI29: =SUM(FI19:FI28) -> 0 | FJ29: =SUM(FJ19:FJ28) -> 0 | FK29: =SUM(FK19:FK28) -> 0 | ... FQ29: =SUM(FQ19:FQ28) -> 0 | FS29: =FC29 -> 0 | FT29: =SUM(FT19:FT28) -> 0 | FU29: =SUM(FU19:FU28) -> 0 | FV29: =SUM(FV19:FV28) -> 0 | FW29: =SUM(FW19:FW28) -> 0 | FX29: =SUM(FX19:FX28) -> 0 | FY29: =SUM(FY19:FY28) -> 0 | FZ29: =SUM(FZ19:FZ28) -> 0 | GA29: =SUM(GA19:GA28) -> 0 | ... GG29: =SUM(GG19:GG28) -> 0 | GI29: =FS29 -> 0 | GJ29: =SUM(GJ19:GJ28) -> 0 | GK29: =SUM(GK19:GK28) -> 0 | GL29: =SUM(GL19:GL28) -> 0 | GM29: =SUM(GM19:GM28) -> 0 | GN29: =SUM(GN19:GN28) -> 0 | GO29: =SUM(GO19:GO28) -> 0 | GP29: =SUM(GP19:GP28) -> 0 | GQ29: =SUM(GQ19:GQ28) -> 0 | ... GW29: =SUM(GW19:GW28) -> 0 | GZ29: =GI29 -> 0 | HA29: =SUM(HA19:HA28) -> 0 | HB29: =SUM(HB19:HB28) -> 0 | HC29: =SUM(HC19:HC28) -> 0 | HD29: =SUM(HD19:HD28) -> 0 | HE29: =SUM(HE19:HE28) -> 0 | HF29: =SUM(HF19:HF28) -> 0 | HG29: =SUM(HG19:HG28) -> 0 | HH29: =SUM(HH19:HH28) -> 0 | ... HN29: =SUM(HN19:HN28) -> 0 | HQ29: =SUM(HQ19:HQ28) -> 0 | HR29: =SUM(HR19:HR28) -> 0 | HS29: =SUM(HS19:HS28) -> 0 | HT29: =SUM(HT19:HT28) -> 0 | HU29: =SUM(HU19:HU28) -> 0 | HV29: =SUM(HV19:HV28) -> 0 | HW29: =SUM(HW19:HW28) -> 0 | HX29: =SUM(HX19:HX28) -> 0 | ... IC29: =SUM(IC19:IC28) -> 0
CE30: =J30/Tabeller!$H$5 -> 0 | CF30: =K30/Tabeller!$H$5 -> 0 | CG30: =L30/Tabeller!$H$5 -> 0 | CH30: =M30/Tabeller!$H$5 -> 0 | CI30: =N30/Tabeller!$H$5 -> 0 | CJ30: =O30/Tabeller!$H$5 -> 0 | CK30: =P30/Tabeller!$H$5 -> 0 | CL30: =Q30/Tabeller!$H$5 -> 0 | ... CQ30: =V30/Tabeller!$H$5 -> 0
B31: Total arbeidsinnsats | C31: =C15+C29 -> 0 | D31: =D15+D29 -> 0 | E31: =E15+E29 -> 0 | F31: =F15+F29 -> 0 | J31: =J15+J29 -> 0 | K31: =K15+K29 -> 0 | L31: =L15+L29 -> 0 | M31: =M15+M29 -> 0 | N31: =N15+N29 -> 0 | O31: =O15+O29 -> 0 | P31: =P15+P29 -> 0 | Q31: =Q15+Q29 -> 0 | ... V31: =V15+V29 -> 0 | BC31: =+BC15++BC29 -> 0 | BD31: =+BD15++BD29 -> 0 | BE31: =+BE15++BE29 -> 0 | BF31: =+BF15++BF29 -> 0 | BG31: =+BG15++BG29 -> 0 | BH31: =+BH15++BH29 -> 0 | BI31: =+BI15++BI29 -> 0 | BJ31: =+BJ15++BJ29 -> 0 | ... BO31: =+BO15++BO29 -> 0 | BP31: =SUM(BC31:BO31) -> 0 | BQ31: =+BQ15++BQ29 -> 0 | BR31: =+BR15++BR29 -> 0 | BS31: =+BS15++BS29 -> 0 | BT31: =+BT15++BT29 -> 0 | BU31: =+BU15++BU29 -> 0 | BV31: =+BV15++BV29 -> 0 | BW31: =+BW15++BW29 -> 0 | BX31: =+BX15++BX29 -> 0 | ... CC31: =+CC15++CC29 -> 0 | CD31: =SUM(BQ31:CC31) -> 0 | CS31: =+CS15++CS29 -> 0 | CT31: =+CT15++CT29 -> 0 | CU31: =+CU15++CU29 -> 0 | CV31: =+CV15++CV29 -> 0 | CW31: =+CW15++CW29 -> 0 | CX31: =+CX15++CX29 -> 0 | CY31: =+CY15++CY29 -> 0 | CZ31: =+CZ15++CZ29 -> 0 | ... DE31: =+DE15++DE29 -> 0 | DF31: =SUM(CS31:DE31) -> 0 | DH31: =+DH15++DH29 -> 0 | DI31: =+DI15++DI29 -> 0 | DJ31: =+DJ15++DJ29 -> 0 | DK31: =+DK15++DK29 -> 0 | DL31: =+DL15++DL29 -> 0 | DM31: =+DM15++DM29 -> 0 | DN31: =+DN15++DN29 -> 0 | DO31: =+DO15++DO29 -> 0 | ... DT31: =+DT15++DT29 -> 0 | DW31: =+DW15++DW29 -> 0 | DX31: =+DX15++DX29 -> 0 | DY31: =+DY15++DY29 -> 0 | DZ31: =+DZ15++DZ29 -> 0 | EA31: =+EA15++EA29 -> 0 | EB31: =+EB15++EB29 -> 0 | EC31: =+EC15++EC29 -> 0 | ED31: =+ED15++ED29 -> 0 | ... EJ31: =+EJ15++EJ29 -> 0 | EN31: =+EN15++EN29 -> 0 | EO31: =+EO15++EO29 -> 0 | EP31: =+EP15++EP29 -> 0 | EQ31: =+EQ15++EQ29 -> 0 | ER31: =+ER15++ER29 -> 0 | ES31: =+ES15++ES29 -> 0 | ET31: =+ET15++ET29 -> 0 | EU31: =+EU15++EU29 -> 0 | ... FA31: =+FA15++FA29 -> 0 | FC31: =EM31 -> 0 | FD31: =+FD15++FD29 -> 0 | FE31: =+FE15++FE29 -> 0 | FF31: =+FF15++FF29 -> 0 | FG31: =+FG15++FG29 -> 0 | FH31: =+FH15++FH29 -> 0 | FI31: =+FI15++FI29 -> 0 | FJ31: =+FJ15++FJ29 -> 0 | FK31: =+FK15++FK29 -> 0 | ... FQ31: =+FQ15++FQ29 -> 0 | FS31: =FC31 -> 0 | FT31: =+FT15++FT29 -> 0 | FU31: =+FU15++FU29 -> 0 | FV31: =+FV15++FV29 -> 0 | FW31: =+FW15++FW29 -> 0 | FX31: =+FX15++FX29 -> 0 | FY31: =+FY15++FY29 -> 0 | FZ31: =+FZ15++FZ29 -> 0 | GA31: =+GA15++GA29 -> 0 | ... GG31: =+GG15++GG29 -> 0 | GI31: =FS31 -> 0 | GJ31: =+GJ15++GJ29 -> 0 | GK31: =+GK15++GK29 -> 0 | GL31: =+GL15++GL29 -> 0 | GM31: =+GM15++GM29 -> 0 | GN31: =+GN15++GN29 -> 0 | GO31: =+GO15++GO29 -> 0 | GP31: =+GP15++GP29 -> 0 | GQ31: =+GQ15++GQ29 -> 0 | ... GW31: =+GW15++GW29 -> 0 | GZ31: =GI31 -> 0 | HA31: =+HA15++HA29 -> 0 | HB31: =+HB15++HB29 -> 0 | HC31: =+HC15++HC29 -> 0 | HD31: =+HD15++HD29 -> 0 | HE31: =+HE15++HE29 -> 0 | HF31: =+HF15++HF29 -> 0 | HG31: =+HG15++HG29 -> 0 | HH31: =+HH15++HH29 -> 0 | ... HN31: =+HN15++HN29 -> 0 | HQ31: =HQ15+HQ29 -> 0 | HR31: =HR15+HR29 -> 0 | HS31: =HS15+HS29 -> 0 | HT31: =HT15+HT29 -> 0 | HU31: =HU15+HU29 -> 0 | HV31: =HV15+HV29 -> 0 | HW31: =HW15+HW29 -> 0 | HX31: =HX15+HX29 -> 0 | ... IC31: =IC15+IC29 -> 0
FC32: =EM32 -> 0 | FS32: =FC32 -> 0 | GI32: =FS32 -> 0 | GZ32: =GI32 -> 0
B33: Drift | E33: Totalt | G33: Finansiør | I33: Kommentarfelt | J33: =Tabeller!D1 -> 2025 | K33: =J33+1 -> 2026 | L33: =K33+1 -> 2027 | M33: =L33+1 -> 2028 | N33: =M33+1 -> 2029 | O33: =N33+1 -> 2030 | P33: =O33+1 -> 2031 | Q33: =P33+1 -> 2032 | R33: =Q33+1 -> 2033 | ... V33: =U33+1 -> 2037 | BC33: =J33 -> 2025 | BD33: =K33 -> 2026 | BE33: =L33 -> 2027 | BF33: =M33 -> 2028 | BG33: =N33 -> 2029 | BH33: =O33 -> 2030 | BI33: =P33 -> 2031 | BJ33: =Q33 -> 2032 | ... BO33: =V33 -> 2037 | DW33: =BC33 -> 2025 | DX33: =BD33 -> 2026 | DY33: =BE33 -> 2027 | DZ33: =BF33 -> 2028 | EA33: =BG33 -> 2029 | EB33: =BH33 -> 2030 | EC33: =BI33 -> 2031 | ED33: =BJ33 -> 2032 | ... EI33: =BO33 -> 2037 | EJ33: Totalt | EN33: =BC33 -> 2025 | EO33: =BD33 -> 2026 | EP33: =BE33 -> 2027 | EQ33: =BF33 -> 2028 | ER33: =BG33 -> 2029 | ES33: =BH33 -> 2030 | ET33: =BI33 -> 2031 | EU33: =BJ33 -> 2032 | ... EZ33: =BO33 -> 2037 | FA33: = | FC33: =EM33 -> 0 | FD33: = | FE33: = | FF33: = | FG33: = | FH33: = | FI33: = | FJ33: = | FK33: = | FL33: = | FM33: = | FN33: = | FO33: = | FP33: = | FQ33: = | FS33: =FC33 -> 0 | FT33: = | FU33: = | FV33: = | FW33: = | FX33: = | FY33: = | FZ33: = | GA33: = | GB33: = | GC33: = | GD33: = | GE33: = | GF33: = | GG33: = | GI33: =FS33 -> 0 | GJ33: = | GK33: = | GL33: = | GM33: = | GN33: = | GO33: = | GP33: = | GQ33: = | GR33: = | GS33: = | GT33: = | GU33: = | GV33: = | GW33: = | GZ33: =GI33 -> 0 | HA33: = | HB33: = | HC33: = | HD33: = | HE33: = | HF33: = | HG33: = | HH33: = | HI33: = | HJ33: = | HK33: = | HL33: = | HM33: = | HN33: =
E34: =SUM(J34:V34) -> 0 | BC34: =J34 -> 0 | BD34: =K34 -> 0 | BE34: =L34 -> 0 | BF34: =M34 -> 0 | BG34: =N34 -> 0 | BH34: =O34 -> 0 | BI34: =P34 -> 0 | BJ34: =Q34 -> 0 | ... BO34: =V34 -> 0 | BP34: =SUM(BC34:BO34) -> 0 | DV34: =B34 -> 0 | DW34: =IF($G34="Egenandel",0,-BC34) -> 0 | DX34: =IF($G34="Egenandel",0,-BD34) -> 0 | DY34: =IF($G34="Egenandel",0,-BE34) -> 0 | DZ34: =IF($G34="Egenandel",0,-BF34) -> 0 | EA34: =IF($G34="Egenandel",0,-BG34) -> 0 | EB34: =IF($G34="Egenandel",0,-BH34) -> 0 | EC34: =IF($G34="Egenandel",0,-BI34) -> 0 | ED34: =IF($G34="Egenandel",0,-BJ34) -> 0 | ... EI34: =IF($G34="Egenandel",0,-BO34) -> 0 | EJ34: =SUM(DW34:EI34) -> 0 | EM34: =DV34 -> 0 | EN34: =IF($G34="NFR",DW34,0) -> 0 | EO34: =IF($G34="NFR",DX34,0) -> 0 | EP34: =IF($G34="NFR",DY34,0) -> 0 | EQ34: =IF($G34="NFR",DZ34,0) -> 0 | ER34: =IF($G34="NFR",EA34,0) -> 0 | ES34: =IF($G34="NFR",EB34,0) -> 0 | ET34: =IF($G34="NFR",EC34,0) -> 0 | EU34: =IF($G34="NFR",ED34,0) -> 0 | ... EZ34: =IF($G34="NFR",EI34,0) -> 0 | FA34: =SUM(EN34:EZ34) -> 0 | FC34: =EM34 -> 0 | FD34: =IF($G34=$FC$1,DW34,0) -> 0 | FE34: =IF($G34=$FC$1,DX34,0) -> 0 | FF34: =IF($G34=$FC$1,DY34,0) -> 0 | FG34: =IF($G34=$FC$1,DZ34,0) -> 0 | FH34: =IF($G34=$FC$1,EA34,0) -> 0 | FI34: =IF($G34=$FC$1,EB34,0) -> 0 | FJ34: =IF($G34=$FC$1,EC34,0) -> 0 | FK34: =IF($G34=$FC$1,ED34,0) -> 0 | ... FP34: =IF($G34=$FC$1,EI34,0) -> 0 | FQ34: =SUM(FD34:FP34) -> 0 | FS34: =FC34 -> 0 | FT34: =IF($G34=$FS$1,DW34,0) -> 0 | FU34: =IF($G34=$FS$1,DX34,0) -> 0 | FV34: =IF($G34=$FS$1,DY34,0) -> 0 | FW34: =IF($G34=$FS$1,DZ34,0) -> 0 | FX34: =IF($G34=$FS$1,EA34,0) -> 0 | FY34: =IF($G34=$FS$1,EB34,0) -> 0 | FZ34: =IF($G34=$FS$1,EC34,0) -> 0 | GA34: =IF($G34=$FS$1,ED34,0) -> 0 | ... GF34: =IF($G34=$FS$1,EI34,0) -> 0 | GG34: =SUM(FT34:GF34) -> 0 | GI34: =FS34 -> 0 | GJ34: =IF($G34=$GI$1,DW34,0) -> 0 | GK34: =IF($G34=$GI$1,DX34,0) -> 0 | GL34: =IF($G34=$GI$1,DY34,0) -> 0 | GM34: =IF($G34=$GI$1,DZ34,0) -> 0 | GN34: =IF($G34=$GI$1,EA34,0) -> 0 | GO34: =IF($G34=$GI$1,EB34,0) -> 0 | GP34: =IF($G34=$GI$1,EC34,0) -> 0 | GQ34: =IF($G34=$GI$1,ED34,0) -> 0 | ... GV34: =IF($G34=$GI$1,EI34,0) -> 0 | GW34: =SUM(GJ34:GV34) -> 0 | GZ34: =GI34 -> 0 | HA34: =IF($G34=$GZ$1,BC34,0) -> 0 | HB34: =IF($G34=$GZ$1,-BD34,0) -> 0 | HC34: =IF($G34=$GZ$1,-BE34,0) -> 0 | HD34: =IF($G34=$GZ$1,-BF34,0) -> 0 | HE34: =IF($G34=$GZ$1,-BG34,0) -> 0 | HF34: =IF($G34=$GZ$1,-BH34,0) -> 0 | HG34: =IF($G34=$GZ$1,-BI34,0) -> 0 | HH34: =IF($G34=$GZ$1,-BJ34,0) -> 0 | HI34: =IF($G34=$GZ$1,-BK34,0) -> 0 | ... HM34: =IF($G34=$GZ$1,-BO34,0) -> 0 | HN34: =SUM(HA34:HM34) -> 0
